 Dungeon Crawl Stone Soup version 0.25.1-2-g60ff931df9 (webtiles) character file.

Game seed: 8367484037614456410

635024 gareth1b the Timeless (level 27, 0/219 HPs)
             Began as a Gnoll Fighter on Nov 19, 2020.
             Was a High Priest of Cheibriados.
             Slain by a death ooze (8 damage)
             ... created by the Royal Jelly
             ... on level 5 of the Pits of Slime.
             The game lasted 01:07:15 (81458 turns).

gareth1b the Timeless (Gnoll Fighter)              Turns: 81458, Time: 01:07:15

Health: 0/219      AC: 43    Str: 37    XL:     27
Magic:  0/49       EV: 29    Int: 42    God:    Cheibriados [*****.]
Gold:   2096       SH: 31    Dex: 30    Spells: 43/61 levels left

rFire    + . .     SeeInvis .   a - +9 broad axe (elec)
rCold    + + .     Gourm    .   z - +0 tower shield
rNeg     + . .     Faith    .   H - +10 plate armour {ponderous}
rPois    .         Spirit   +   k - +2 hat of the Bear Spirit {Spirit, +Rage rN+ MR++}
rElec    .         Reflect  +   q - +2 cloak
rCorr    +         Harm     .   v - +2 pair of gloves
MR       ++++.                  A - +2 pair of boots
Stlth    +++.......             i - amulet of reflection
HPRegen  0.46/turn              x - ring "Ylympe" {rF+ rCorr Int+4}
MPRegen  0.31/turn              n - ring of the Raven {rC+ EV+4 Str+3 Int+3}

@: corroded, studying Maces & Flails, very slow
A: distributed training, fangs 1, icy blue scales 1, molten scales 1, slimy
green scales 1, cold resistance 1, high mp 1, strong nose
}: 4/15 runes: barnacled, silver, abyssal, gossamer
a: Bend Time, Temporal Distortion, Slouch, Step From Time, Renounce Religion,
Evoke Berserk Rage


You were on level 5 of the Pits of Slime.
You worshipped Cheibriados.
Cheibriados was extremely pleased with you.
You were not hungry.

You visited 10 branches of the dungeon, and saw 52 of its levels.
You visited the Abyss 3 times.
You also visited: Ossuary.

You collected 7416 gold pieces.
You spent 5320 gold pieces at shops.


Innate Abilities, Weirdness & Mutations

Your experience applies equally to all skills.
You have very sharp teeth.
Your uncanny sense of smell can sniff out nearby items.
You are partially covered in icy blue scales. (AC +2)
You are partially covered in molten scales. (AC +2)
You are partially covered in slimy green scales. (AC +2)
Your flesh is cold resistant. (rC+)
You have an increased reservoir of magic. (+10% MP)


   Skills:
 + Level 18.6 Fighting
 + Level 17.7 Short Blades
 + Level 17.7 Long Blades
 + Level 18.2 Axes
 + Level 18.3 Maces & Flails
 + Level 17.7 Polearms
 + Level 17.7 Staves
 + Level 17.7 Slings
 + Level 17.7 Bows
 + Level 17.7 Crossbows
 + Level 17.7 Throwing
 + Level 18.6 Armour
 + Level 17.7 Dodging
 + Level 17.7 Stealth
 + Level 18.6 Shields
 + Level 17.7 Unarmed Combat
 + Level 17.7 Spellcasting
 + Level 15.3 Conjurations
 + Level 15.3 Hexes
 + Level 15.3 Charms
 + Level 15.3 Summonings
 + Level 15.3 Necromancy
 + Level 15.3 Translocations
 + Level 15.3 Transmutations
 + Level 15.3 Fire Magic
 + Level 15.3 Ice Magic
 + Level 15.3 Air Magic
 + Level 15.3 Earth Magic
 + Level 15.3 Poison Magic
 + Level 19.1 Invocations
 + Level 17.7 Evocations


You had 43 spell levels left.
You knew the following spells:

 Your Spells              Type           Power        Failure   Level  Hunger
a - Airstrike             Air            ########..   1%          4    None
b - Shadow Creatures      Summ           N/A          1%          6    None
c - Ignition              Fire           ########..   54%         8    ###....

Your spell library contained the following spells:

 Spells                   Type           Power        Failure   Level  Hunger
 Animate Skeleton         Necr           N/A          0%          1    None
 Beastly Appendage        Tmut           ######       0%          1    None
 Corona                   Hex            #######      0%          1    None
 Foxfire                  Conj/Fire      ####         0%          1    None
 Magic Dart               Conj           ####         0%          1    None
 Pain                     Necr           ####         0%          1    None
 Shock                    Conj/Air       ####         0%          1    None
 Sting                    Tmut/Pois      ####         0%          1    None
 Summon Butterflies       Summ           ########     0%          1    None
 Blink                    Tloc           N/A          0%          2    None
 Call Imp                 Summ           ########     0%          2    None
 Corpse Rot               Necr/Air       N/A          0%          2    None
 Ensorcelled Hibernation  Hex/Ice        ######       0%          2    None
 Passwall                 Tmut/Erth      ########     0%          2    None
 Poisonous Vapours        Pois/Air       ######       0%          2    None
 Slow                     Hex            ########     0%          2    None
 Sticks to Snakes         Tmut           ########     0%          2    None
 Swiftness                Chrm/Air       ########     0%          2    None
 Call Canine Familiar     Summ           ########     1%          3    None
 Conjure Flame            Conj/Fire      ########     1%          3    None
 Frozen Ramparts          Ice            ######       1%          3    None
 Ignite Poison            Fire/Tmut/Pois ########     1%          3    None
 Inner Flame              Hex/Fire       ########     1%          3    None
 Mephitic Cloud           Conj/Pois/Air  ########     1%          3    None
 Ozocubu's Armour         Chrm/Ice       ########     1%          3    None
 Portal Projectile        Hex/Tloc       ######       1%          3    None
 Recall                   Summ/Tloc      N/A          1%          3    None
 Spider Form              Tmut/Pois      ########..   1%          3    None
 Static Discharge         Conj/Air       ########     1%          3    None
 Stone Arrow              Conj/Erth      ######       1%          3    None
 Vampiric Draining        Necr           ########..   1%          3    None
 Animate Dead             Necr           N/A          1%          4    None
 Cause Fear               Hex            ########..   1%          4    None
 Dispel Undead            Necr           ########     1%          4    None
 Ice Form                 Ice/Tmut       ########     1%          4    None
 Leda's Liquefaction      Hex/Erth       ########..   1%          4    None
 Olgreb's Toxic Radiance  Pois           ########     1%          4    None
 Passage of Golubria      Tloc           N/A          1%          4    None
 Petrify                  Tmut/Erth      ########     1%          4    None
 Sticky Flame             Conj/Fire      ########     1%          4    None
 Summon Ice Beast         Ice/Summ       ########     1%          4    None
 Agony                    Necr           ########     1%          5    None
 Aura of Abjuration       Summ           ########..   1%          5    None
 Blade Hands              Tmut           ########..   1%          5    None
 Borgnjor's Vile Clutch   Necr/Erth      ########..   1%          5    None
 Lee's Rapid Deconstruct  Erth           ########..   1%          5    None
 Lightning Bolt           Conj/Air       ########..   1%          5    None
 Metabolic Englaciation   Hex/Ice        ########..   1%          5    None
 Silence                  Hex/Air        ########..   1%          5    None
 Summon Demon             Summ           ########..   1%          5    None
 Summon Forest            Summ/Tloc      ########..   1%          5    None
 Summon Mana Viper        Hex/Summ       ########     1%          5    None
 Darkness                 Hex            ########..   1%          6    None
 Death Channel            Necr           ########..   1%          6    None
 Eringya's Noxious Bog    Tmut/Pois      ########..   1%          6    None
 Freezing Cloud           Conj/Ice/Air   ########..   1%          6    None
 Hydra Form               Tmut           ########..   1%          6    None
 Invisibility             Hex            ########     1%          6    None
 Ozocubu's Refrigeration  Ice            ########..   1%          6    None
 Simulacrum               Ice/Necr       ########..   1%          6    None
 Starburst                Conj/Fire      ########..   1%          6    None
 Statue Form              Tmut/Erth      ########.    1%          6    None
 Ring of Flames           Chrm/Fire      ########..   9%          7    None
 Summon Hydra             Summ           ########..   9%          7    None
 Necromutation            Tmut/Necr      ########..   54%         8    ###....
 Shatter                  Erth           ########..   100%        9    #####..
 Tornado                  Air            ########..   100%        9    #####..

Inventory:

Hand Weapons
 a - a +9 broad axe of electrocution (weapon)
Armour
 h - +4 fire dragon scales {Xtahua}
 k - the +2 hat of the Bear Spirit (worn) {Spirit, +Rage rN+ MR++}
   (You found it on level 7 of the Dungeon)

   It protects you from negative energy.
   It affects your resistance to hostile enchantments.
   It lets you go berserk.
 q - a +2 cloak (worn)
 v - a +2 pair of gloves (worn)
 z - a +0 tower shield (worn)
 A - a +2 pair of boots (worn)
 C - the +1 pair of boots of the Swamp {rF+ SInv Stlth+}
   (You found it on level 1 of the Vaults)

   It protects you from fire.
   It lets you see invisible.
   It makes you more stealthy.
 G - +0 gold dragon scales
 H - a +10 plate armour of ponderousness (worn)
Magical Staves
 b - an uncursed staff of wizardry
 I - an uncursed staff of fire
Jewellery
 i - an amulet of reflection (around neck)
 m - the ring of Hen Its {rPois rC+}
   (You acquired it on level 2 of the Elven Halls)

   [ring of protection from cold]

   It protects you from cold.
   It protects you from poison.
 n - the ring of the Raven (right hand) {rC+ EV+4 Str+3 Int+3}
   (You bought it in a shop on level 1 of the Elven Halls)

   [ring of evasion]

   It affects your evasion (+4).
   It affects your strength (+3).
   It affects your intelligence (+3).
   It protects you from cold.
 t - the ring "Tephou Doufo" {rF+ rC+ Dex+2 SInv}
   (You took it off a deep elf mage on level 2 of the Elven Halls)

   [ring of protection from cold]

   It affects your dexterity (+2).
   It protects you from fire.
   It protects you from cold.
   It lets you see invisible.
 w - the ring "Fyuffoer" {rElec rF+ Int+4 Stlth-}
   (You bought it in a shop on level 1 of the Elven Halls)

   [ring of protection from fire]

   It affects your intelligence (+4).
   It protects you from fire.
   It insulates you from electricity.
   It makes you less stealthy.
 x - the ring "Ylympe" (left hand) {rF+ rCorr Int+4}
   (You took it off a yaktaur captain on level 5 of the Vaults)

   [ring of resist corrosion]

   It affects your intelligence (+4).
   It protects you from fire.
   It provides partial protection from all sources of acid and corrosion.
 F - an uncursed ring of resist corrosion
 Y - a +4 ring of slaying {mikee}
Wands
 o - a wand of iceblast (3)
Scrolls
 f - a scroll of brand weapon
 j - 2 scrolls of enchant armour
 p - 16 scrolls of remove curse
 u - 5 scrolls of enchant weapon
 B - 36 scrolls of identify
Potions
 d - 6 potions of might
 g - 13 potions of curing
 l - 7 potions of cancellation
 r - 7 potions of haste
 D - 7 potions of mutation
Books
 c - a manual of Maces & Flails
Comestibles
 e - 50 rations

Dungeon Overview and Level Annotations

Branches:
Dungeon (15/15)            Temple (0/1) D:5            Lair (6/6) D:9
 Shoals (4/4) Lair:2       Spider (4/4) Lair:2        Slime (5/5) Lair:6
    Orc (2/2) D:11            Elf (3/3) Orc:2        Vaults (5/5) D:13
  Crypt (3/3) Vaults:2       Tomb (0/3) Crypt:3      Depths (5/5) D:15
    Zot (0/5) Depths:5    Ossuary (visited)

Altars:
Ashenzari
Cheibriados
Fedhas
Hepliaklqana
Kikubaaqudgha
Nemelex Xobeh
Okawaru
Qazlal
Sif Muna
Trog
Vehumet
Jiyva

Shops:
D:7 [   D:15 (   Orc:2 ([}!   Elf:1 =   Elf:2 ?   Elf:3 [   Shoals:1 [
Shoals:2 !   Shoals:3 :   Vaults:2 (   Depths:2 *

Portals:
Hell: Depths:1 Depths:2 Depths:3 Depths:5
Abyss: Depths:2 Depths:4
Pandemonium: Depths:3
Ziggurat: Depths:4

Annotations:
D:6 1 runed translucent door, Crazy Yiuf
D:12 2 transporters, Mryle's ghost, journeyman SpWn
Shoals:2 3 runed translucent doors, kamnev's ghost, journeyman GrFi
Spider:2 3 runed translucent doors, Menwosug's ghost, adept FoFi
Elf:2 3 runed translucent doors
Depths:4 exclusion: downstairs


Message History

You block the azure jelly's attack. x2; The azure jelly completely misses you.
The azure jelly misses you.
You slice the Royal Jelly!!
You kill the Royal Jelly!
Cheibriados thoroughly appreciates the change of pace.
You feel a strange vibration for a moment.
With an infernal noise, the power ruling this place vanishes!
You slash the azure jelly!
One of the Royal Jelly's fragments survives.
You hit the azure jelly. You slice the death ooze!! You slice the acid blob!!
Lightning courses through the acid blob!
Your hands burn!
You block the azure jelly's attack.
The azure jelly hits you but does no damage.
You block the azure jelly's attack. x2
The acid blob spits acid at you.
The splash of acid hits you but does no damage.
The acid corrodes you!
You are splashed with acid!
You resist. The death ooze completely misses you. The death ooze hits you!
You die...

{{ #.................
{{{
#................. {{
#.................
###.................
#...................
#.................
#..JJ............. {{
#.JJJJ............
{{{
#.J@JJ............
{{{
#................# {{
#.................. {
#..................#
#...................#
#..................
..................
...............


You could see 2 acid blobs, 5 azure jellies and 2 death oozes.

Vanquished Creatures
  the Royal Jelly (Slime:5)
  Khufu (Crypt:1)
  Mennas (Vaults:2)
  2 ancient liches
  2 juggernauts
  Sojobo (Crypt:1)
  Frederick (Crypt:2)
  Margery (Crypt:1)
  Saint Roka (Orc:2)
  Xtahua (Crypt:2)
  5 caustic shrikes (Depths:5)
  2 bone dragons
  3 golden dragons
  Jory (Crypt:1)
  Arachne (Spider:2)
  A shard shrike skeleton (Crypt:1)
  A tentacled monstrosity (Depths:5)
  15 acid blobs
  3 deep elf blademasters
  A quicksilver dragon (Vaults:5)
  6 titans (Vaults:5)
  2 deep elf master archers (Elf:3)
  Polyphemus (Shoals:3)
  6 sphinxes
  6 liches
  6 tentacled starspawn
  3 shadow dragons
  3 ancient champions
  Kirke (Spider:1)
  4 storm dragons
  8 tengu reavers
  Ilsuiw (Shoals:3)
  3 revenants
  9 azure jellies
  2 daevas (Abyss:3)
  16 vault wardens
  6 fire giants
  6 iron dragons
  3 deep elf sorcerers
  A draconian knight (Abyss:1)
  9 ghost moths
  10 frost giants
  4 emperor scorpions
  A spriggan defender (Depths:1)
  A cacodemon (Abyss:3)
  Louise (Spider:4)
  An orc warlord (Orc:2)
  2 curse skulls
  2 draconian shifters
  A draconian stormcaller (Depths:5)
  7 deep elf elementalists
  An angel (Abyss:3)
  6 ghouls
  2 ophanim (Abyss:3)
  A draconian annihilator (Depths:5)
  7 ironheart preservers
  7 vampire knights
  24 very ugly things
  26 stone giants
  3 green draconians (Depths:5)
  A reaper (Crypt:1)
  6 war gargoyles
  6 deep elf demonologists
  A lorocyproca (Abyss:2)
  2 entropy weavers
  A dire elephant (D:15)
  12 deep elf annihilators
  9 spark wasps
  A minotaur (Depths:1)
  A yellow draconian (Depths:5)
  2 eidola
  14 ettins
  5 deep elf death magi
  8 merfolk javelineers
  A quicksilver dragon zombie (Crypt:3)
  11 death oozes
  3 crystal guardians
  8 fire dragons
  8 jiangshi
  7 deep elf high priests
  An ettin (shapeshifter) (Vaults:5)
  23 great orbs of eyes
  8 merfolk impalers
  14 yaktaur captains
  5 hydras
  13 ice dragons
  Fannar (D:11)
  6 rakshasas
  32 vault guards
  A hell beast (Depths:2)
  A naga warrior (Abyss:3)
  3 alligator snapping turtles (Shoals:4)
  A monstrous demonspawn (Depths:3)
  3 spriggan air magi
  16 ogre magi
  Harold (D:10)
  A catoblepas (Shoals:3)
  5 merfolk aquamancers
  A two-headed ogre (shapeshifter) (Depths:1)
  11 centaur warriors
  A satyr (Shoals:3)
  46 two-headed ogres
  3 death yaks (Shoals:3)
  7 merfolk avatars
  5 death knights
  9 deep troll earth magi
  8 deep troll shamans
  A queen ant (shapeshifter) (Depths:3)
  6 tengu warriors
  22 dancing weapons
  3 spriggan berserkers
  6 orc high priests (Orc:2)
  18 hell knights
  9 deep elf knights
  8 vampire magi
  11 thrashing horrors
  Sonja (D:10)
  3 sun demons (Depths:2)
  8 wretched stars
  2 soul eaters
  A sixfirhy (Abyss:2)
  A titan skeleton (Crypt:1)
  2 golden dragon zombies (Crypt:3)
  4 shadow wraiths
  33 skeletal warriors
  18 large abominations
  18 sea snakes
  5 unseen horrors
  6 glowing orange brains
  2 cherubim (Abyss:3)
  4 flayed ghosts
  6 spatial maelstroms
  An iron troll (Depths:3)
  A deep troll (shapeshifter) (Vaults:5)
  32 deep trolls
  13 deep elf archers
  5 wizards
  2 obsidian statues
  A tengu zombie (Depths:4)
  A golden dragon skeleton (Depths:4)
  8 harpies
  14 ironbrand convokers
  A sphinx zombie (Depths:4)
  11 necromancers
  Pikel (D:7)
  42 wolf spiders
  11 phantasmal warriors
  16 orb spiders
  16 orc knights
  An anaconda skeleton (Crypt:3)
  49 ugly things
  13 cyclopes
  12 manticores
  3 worldbinders
  50 deep elf magi
  3 orc sorcerers
  A frost giant skeleton (Crypt:3)
  5 fauns
  A manticore (shapeshifter) (Depths:1)
  2 frost giant zombies
  5 moths of wrath
  9 water nymphs
  3 guardian serpents
  8 merfolk sirens
  8 black mambas
  A dire elephant zombie (Crypt:3)
  2 naga magi (Abyss:2)
  8 torpor snails
  2 black mambas (shapeshifter)
  20 vault sentinels
  2 eyes of devastation
  10 elephants (Lair:6)
  8 smoke demons
  3 apocalypse crabs
  A water nymph (shapeshifter) (Depths:2)
  A guardian serpent (shapeshifter) (Vaults:5)
  4 gargoyles
  An alligator snapping turtle zombie (Crypt:2)
  An eye of devastation (shapeshifter) (Vaults:4)
  11 spiny frogs
  A hellion (Abyss:2)
  5 orange demons
  5 freezing wraiths
  A dire elephant skeleton (Crypt:1)
  27 demonic crawlers
  39 yaktaurs
  A rime drake (shapeshifter) (Depths:3)
  2 efreet
  8 komodo dragons
  A harpy zombie (D:15)
  2 tengu conjurers
  11 ancient zymes
  5 ice devils
  A red draconian skeleton (Crypt:1)
  A hydra zombie (Crypt:3)
  4 red devils
  3 hellwings
  41 merfolk
  5 trolls
  10 wind drakes
  A hornet (shapeshifter) (Vaults:5)
  3 polar bears
  38 jumping spiders
  An ice dragon zombie (Crypt:3)
  A blink frog (shapeshifter) (Depths:1)
  6 nameless horrors
  2 raiju (shapeshifter)
  20 raiju
  19 dream sheep
  Grinder (D:5)
  2 bog bodies (Crypt:1)
  An iron dragon simulacrum (Depths:4)
  15 hornets
  67 slime creatures
  A fire giant simulacrum (Abyss:2)
  A meliai zombie (D:15)
  15 snapping turtles
  9 hippogriffs
  5 air elementals
  67 redbacks
  2 spriggans (Depths:3)
  2 shadows
  33 flying skulls
  A frost giant simulacrum (Depths:4)
  16 wraiths
  A spriggan (shapeshifter) (Depths:5)
  16 water elementals
  4 vampires
  42 tarantellas
  13 wyverns
  5 ynoxinuls
  3 fire bats (Depths:2)
  11 humans (D:13)
  62 yaks
  17 small abominations
  3 fire elementals
  A hog (shapeshifter) (Depths:2)
  A tyrant leech zombie (Crypt:2)
  A fire bat (shapeshifter) (Vaults:5)
  A basilisk (shapeshifter) (Elf:2)
  2 vampire mosquitoes (D:12)
  4 basilisks
  6 chaos spawn
  5 hogs (Spider:1)
  A hungry ghost (D:12)
  7 neqoxecs
  Menkaure (D:7)
  A naga (Depths:2)
  8 spatial vortices
  7 wargs
  2 wargs (shapeshifter) (Vaults:5)
  5 acid dragons
  Edmund (D:6)
  An insubstantial wisp (Abyss:2)
  A floating eye (Depths:3)
  22 water moccasins
  A water moccasin (shapeshifter) (Vaults:5)
  An infernal demonspawn skeleton (Crypt:1)
  A monstrous demonspawn skeleton (Crypt:1)
  A spiny frog zombie (Crypt:1)
  4 porcupines (Lair:1)
  A hydra simulacrum (Crypt:2)
  A merfolk skeleton (Crypt:2)
  5 sky beasts
  41 orc warriors
  An ice beast (D:15)
  A snapping turtle zombie (Crypt:3)
  9 eyes of draining
  44 starcursed masses
  A manticore zombie (Crypt:1)
  A phantom (D:6)
  8 necrophages
  37 ogres
  11 boggarts
  6 crocodiles
  A snapping turtle skeleton (Crypt:1)
  13 centaurs
  A gnoll sergeant (D:9)
  7 big kobolds
  17 bullfrogs
  A glowing shapeshifter simulacrum (Vaults:2)
  3 earth elementals
  A wyvern skeleton (Crypt:2)
  A scorpion (D:6)
  19 wights
  7 killer bees
  A troll skeleton (Crypt:2)
  4 howler monkeys
  A vampire bat (Lair:3)
  An electric eel (Spider:3)
  A wolf skeleton (Crypt:2)
  4 bullfrog zombies
  9 crimson imps
  4 centaur zombies
  5 quasits
  A soldier ant zombie (Crypt:1)
  4 hounds
  4 jellies
  32 orc priests
  18 orc wizards
  3 bullfrog skeletons
  4 centaur skeletons
  8 iron imps
  A human skeleton (Crypt:2)
  2 iguanas
  7 worker ants
  2 big kobold zombies (Ossuary)
  A big kobold skeleton (Crypt:2)
  2 hound skeletons
  5 mummies
  3 gnolls (D:9)
  12 adders
  7 shadow imps
  9 white imps
  An ufetubus (Abyss:3)
  An ooze (D:2)
  An adder skeleton (D:6)
  4 dart slugs
  A worm (D:3)
  7 leopard geckos
  104 orcs
  15 bats
  8 giant cockroaches
  7 goblins
  5 hobgoblins
  13 jackals
  33 kobolds
  A ball python (D:3)
  A ball python zombie (D:6)
  5 frilled lizards
  2 gnoll zombies (Ossuary)
  A hobgoblin zombie (Ossuary)
  A jackal skeleton (D:4)
  2 jackal zombies
  A kobold simulacrum (Abyss:2)
  2 kobold zombies (Ossuary)
  A leopard gecko zombie (D:5)
  An orc skeleton (Crypt:2)
  A quokka skeleton (D:7)
  2 quokka zombies (D:7)
  5 rats
  A bush (D:7)
  3 crawling corpses (Elf:3)
  4 fungi
  10 plants
  2 starspawn tentacles
2613 creatures vanquished.

Vanquished Creatures (collateral kills)
  A juggernaut (Depths:5)
  A deep elf death mage (Elf:3)
  A crystal guardian (Crypt:3)
  A skeletal warrior (Crypt:3)
  A golden dragon zombie (Crypt:3)
  A phantasmal warrior (Crypt:2)
  A wolf spider zombie (Crypt:3)
  2 deep elf magi (Elf:2)
  A death drake skeleton (Crypt:1)
  2 water elementals
  11 flying skulls
  A necrophage (Crypt:3)
  2 wights (Crypt:1)
  A demigod zombie (Crypt:1)
  A mummy (Crypt:1)
  A crawling corpse (Elf:3)
29 creatures vanquished.

Vanquished Creatures (others)
  Nikola (Vaults:1)
  A fire giant (Depths:5)
  A shadow wraith (Vaults:5)
  A manticore (Shoals:1)
  2 deep elf magi
  A merfolk (Shoals:1)
  A jumping spider (Spider:4)
  A snapping turtle (Shoals:1)
  A neqoxec (Abyss:2)
  3 slaves (D:7)
  2 boggarts
  An ogre (Depths:1)
  A small abomination (Abyss:2)
  A bush (D:7)
  2 fungi (Lair:6)
  A lurking horror (Abyss:2)
  19 plants
  11 starspawn tentacles
51 creatures vanquished.

Grand Total: 2693 creatures vanquished

Notes
Turn   | Place    | Note
-------+----------+-------------------------------------------
     0 | D:1      | gareth1b the Gnoll Fighter began the quest for the Orb.
     0 | D:1      | Reached XP level 1. HP: 23/23 MP: 1/1
     0 | D:1      | 0 ||| counter = 21
   168 | D:1      | Reached XP level 2. HP: 28/29 MP: 2/2
   300 | D:1      | 300 ||| DROPPING cursed -1 club.
   689 | D:1      | 689 ||| READING 2 scrolls labeled ZEFIZA QEOSUSI.
   690 | D:1      | 690 ||| READING scroll labeled MYDARIPT USTOL.
   691 | D:1      | 691 ||| DRINKING 2 viscous yellow potions.
   691 | D:1      | Gained mutation: You are resistant to hostile enchantments.
                  | (MR+) [potion of mutation]
   691 | D:1      | Gained mutation: You are dopey. (Int -2) [potion of
                  | mutation]
   691 | D:1      | Gained mutation: You are frail. (-10% HP) [potion of
                  | mutation]
   691 | D:1      | Gained mutation: You expend magic power (3 MP) to
                  | strengthen your wands. [potion of mutation]
   692 | D:1      | 692 ||| DRINKING potion of mutation.
   692 | D:1      | Lost mutation: You are dopey. (Int -2) [potion of mutation]
   692 | D:1      | Lost mutation: You are resistant to hostile enchantments.
                  | (MR+) [potion of mutation]
   692 | D:1      | Gained mutation: You are partially covered in molten
                  | scales. (AC +2) [potion of mutation]
   692 | D:1      | Gained mutation: You are partially covered in large bone
                  | plates. (SH +4) [potion of mutation]
   693 | D:1      | 693 ||| READING scroll of identify.
   693 | D:1      | 693 ||| IDENTIFYING onyx ring
   694 | D:1      | 694 ||| UPGRADING to +4 ring of protection.
   816 | D:2      | Reached skill level 1 in Invocations
   816 | D:2      | Reached XP level 3. HP: 31/31 MP: 2/4
   917 | D:2      | Reached skill level 1 in Short Blades
   917 | D:2      | Reached skill level 1 in Long Blades
   917 | D:2      | Reached skill level 1 in Maces & Flails
   917 | D:2      | Reached skill level 1 in Polearms
   917 | D:2      | Reached skill level 1 in Staves
   917 | D:2      | Reached skill level 1 in Slings
   917 | D:2      | Reached skill level 1 in Bows
   917 | D:2      | Reached skill level 1 in Crossbows
   917 | D:2      | Reached skill level 1 in Throwing
   917 | D:2      | Reached skill level 1 in Dodging
   917 | D:2      | Reached skill level 1 in Stealth
   917 | D:2      | Reached skill level 1 in Unarmed Combat
   917 | D:2      | Reached skill level 1 in Spellcasting
   917 | D:2      | Reached skill level 1 in Evocations
  1010 | D:2      | Reached XP level 4. HP: 36/36 MP: 5/5
  1011 | D:2      | Found a snail-covered altar of Cheibriados.
  1016 | D:2      | Became a worshipper of Cheibriados the Contemplative
  1180 | D:2      | Found a radiant altar of Vehumet.
  1186 | D:2      | You fall into a shaft and drop 2 floors!
  1187 | D:4      | 1187 ||| Shafted from D:2 to D:4.
  1468 | D:3      | Reached * piety under Cheibriados
  1503 | D:3      | Reached skill level 1 in Conjurations
  1503 | D:3      | Reached skill level 1 in Hexes
  1503 | D:3      | Reached skill level 1 in Charms
  1503 | D:3      | Reached skill level 1 in Summonings
  1503 | D:3      | Reached skill level 1 in Necromancy
  1503 | D:3      | Reached skill level 1 in Translocations
  1503 | D:3      | Reached skill level 1 in Transmutations
  1503 | D:3      | Reached skill level 1 in Fire Magic
  1503 | D:3      | Reached skill level 1 in Ice Magic
  1503 | D:3      | Reached skill level 1 in Air Magic
  1503 | D:3      | Reached skill level 1 in Earth Magic
  1503 | D:3      | Reached skill level 1 in Poison Magic
  1652 | D:3      | Reached XP level 5. HP: 42/42 MP: 6/6
  1710 | D:2      | 1710 ||| Successfully unshafted to D:2.
  1757 | D:2      | 1757 ||| DROPPING +0 club.
  1995 | D:2      | 1995 ||| UPGRADING to cloak.
  2000 | D:2      | 2000 ||| UPGRADING to runed helmet.
  2005 | D:2      | 2005 ||| READING 2 scrolls labeled FOREATTYVEC.
  2009 | D:2      | 2009 ||| READING scroll labeled QAP DYOQASOCKU.
  2010 | D:2      | 2010 ||| READING scroll labeled ESIOXUF TIOVVE.
  2011 | D:2      | 2011 ||| READING scroll labeled TOCIENLOFY.
  2012 | D:2      | 2012 ||| DRINKING 4 fizzy puce potions.
  2050 | D:2      | 2050 ||| DRINKING 2 golden potions.
  2051 | D:2      | 2051 ||| DROPPING 3 potions of lignification.
  2128 | D:3      | Noticed an ogre
  2138 | D:3      | Killed an ogre
  2148 | D:3      | Reached skill level 2 in Invocations
  2148 | D:3      | Reached XP level 6. HP: 38/47 MP: 8/8
  2298 | D:3      | Found a shimmering blue altar of Sif Muna.
  2524 | D:3      | 2524 ||| DROPPING mace.
  2547 | D:3      | 2547 ||| READING scroll of identify.
  2547 | D:3      | 2547 ||| IDENTIFYING brass ring
  2548 | D:3      | 2548 ||| DROPPING ring of flight.
  2672 | D:4      | 2672 ||| UPGRADING to flail.
  2673 | D:4      | 2673 ||| SWAPPING to +1 war axe.
  3082 | D:4      | Found a sparkling altar of Nemelex Xobeh.
  3136 | D:4      | 3136 ||| UPGRADING to pair of gloves.
  3141 | D:4      | 3141 ||| UPGRADING to +0 chain mail.
  3151 | D:4      | 3151 ||| DROPPING +0 scale mail.
  3152 | D:4      | 3152 ||| READING scroll labeled WEUL ZAXEGH.
  3153 | D:4      | 3153 ||| DRINKING 2 murky inky potions.
  3181 | D:5      | Entered Level 5 of the Dungeon
  3240 | D:5      | Found a staircase to the Ecumenical Temple.
  3382 | D:5      | Reached ** piety under Cheibriados
  3391 | D:5      | Noticed Grinder
  3399 | D:5      | Paralysed by Grinder for 2 turns
  3412 | D:5      | Paralysed by Grinder for 4 turns
  3424 | D:5      | Paralysed by Grinder for 6 turns
  3429 | D:5      | HP: 11/47 [Grinder (2)]
  3430 | D:5      | 3430 ||| READING 2 scrolls of teleportation.
  3432 | D:5      | Killed Grinder
  3432 | D:5      | Reached XP level 7. HP: 9/54 MP: 10/10
  3877 | D:5      | 3877 ||| READING scroll of enchant weapon.
  3877 | D:5      | 3877 ||| ENCHANTING +1 war axe.
  3888 | D:5      | 3888 ||| READING scroll labeled DYAFAANLOV.
  3889 | D:5      | 3889 ||| READING scroll labeled VEK WU VERAO.
  3890 | D:5      | 3890 ||| READING scroll labeled OBBOUSM OKENAY.
  3891 | D:5      | 3891 ||| READING scroll of identify.
  3891 | D:5      | 3891 ||| IDENTIFYING moonstone ring
  3892 | D:5      | 3892 ||| DROPPING cursed -4 ring of intelligence.
  4180 | D:6      | Reached skill level 3 in Invocations
  4188 | D:6      | Reached XP level 8. HP: 47/60 MP: 12/12
  4375 | D:6      | Reached skill level 3 in Short Blades
  4375 | D:6      | Reached skill level 3 in Long Blades
  4375 | D:6      | Reached skill level 3 in Maces & Flails
  4375 | D:6      | Reached skill level 3 in Polearms
  4375 | D:6      | Reached skill level 3 in Staves
  4375 | D:6      | Reached skill level 3 in Slings
  4375 | D:6      | Reached skill level 3 in Bows
  4375 | D:6      | Reached skill level 3 in Crossbows
  4375 | D:6      | Reached skill level 3 in Throwing
  4375 | D:6      | Reached skill level 3 in Dodging
  4375 | D:6      | Reached skill level 3 in Stealth
  4375 | D:6      | Reached skill level 3 in Unarmed Combat
  4375 | D:6      | Reached skill level 3 in Spellcasting
  4375 | D:6      | Reached skill level 3 in Evocations
  4521 | D:6      | Noticed Edmund
  4537 | D:6      | Killed Edmund
  4567 | D:6      | 4567 ||| DROPPING +0 flail.
  4649 | D:6      | Found a runed translucent door.
  4650 | D:6      | Noticed Crazy Yiuf
  4781 | D:6      | 4781 ||| UPGRADING to pair of boots.
  4786 | D:6      | 4786 ||| READING scroll of identify.
  4786 | D:6      | 4786 ||| IDENTIFYING small cabochon ring
  4787 | D:6      | 4787 ||| UPGRADING to ring of poison resistance.
  4834 | D:7      | Found Pugoysed's Antique Armour Shoppe.
  4839 | D:7      | Bought a shiny ring mail for 210 gold pieces
  4907 | D:7      | Found a sand-covered staircase.
  4908 | D:7      | 4908 ||| Found Ossuary.
  4912 | Ossuary  | Entered an ossuary
  4913 | Ossuary  | 4913 ||| Entered Ossuary.
  4948 | Ossuary  | 4948 ||| DRINKING potion of mutation.
  4948 | Ossuary  | Lost mutation: You are frail. (-10% HP) [potion of
                  | mutation]
  4948 | Ossuary  | Lost mutation: You expend magic power (3 MP) to strengthen
                  | your wands. [potion of mutation]
  4948 | Ossuary  | Gained mutation: You have a pair of small horns on your
                  | head. [potion of mutation]
  4948 | Ossuary  | Gained mutation: Your spells are a little harder to cast,
                  | but a little more powerful. [potion of mutation]
  5186 | Ossuary  | 5186 ||| UPGRADING to shiny ring mail.
  5196 | Ossuary  | 5196 ||| DROPPING +2 helmet.
  5197 | Ossuary  | 5197 ||| UPGRADING to +0 chain mail.
  5207 | Ossuary  | 5207 ||| DROPPING +2 ring mail of positive energy.
  5208 | Ossuary  | 5208 ||| UPGRADING to dented blue amulet.
  5209 | Ossuary  | 5209 ||| REMOVING amulet of magic regeneration.
  5210 | Ossuary  | 5210 ||| DROPPING amulet of magic regeneration.
  5211 | Ossuary  | 5211 ||| READING 2 scrolls labeled IPPAXZ PAUMIUC.
  5212 | Ossuary  | 5212 ||| DRINKING 2 viscous cyan potions.
  5213 | Ossuary  | 5213 ||| DRINKING 2 purple potions.
  5214 | Ossuary  | 5214 ||| DRINKING 2 orange potions.
  5218 | Ossuary  | 5218 ||| DRINKING 6 sedimented dark potions.
  5219 | Ossuary  | 5219 ||| DRINKING 2 pink potions.
  5220 | Ossuary  | 5220 ||| DROPPING potion of stabbing.
  5221 | Ossuary  | 5221 ||| DROPPING scroll of immolation.
  5222 | Ossuary  | 5222 ||| DROPPING potion of ambrosia.
  5223 | Ossuary  | 5223 ||| DROPPING 5 potions of degeneration.
  5224 | Ossuary  | 5224 ||| DROPPING potion of magic.
  5276 | D:7      | Reached *** piety under Cheibriados
  5310 | D:7      | Noticed Pikel
  5325 | D:7      | Killed Pikel
  5325 | D:7      | Reached skill level 6 in Axes
  5325 | D:7      | Reached skill level 3 in Conjurations
  5325 | D:7      | Reached skill level 3 in Hexes
  5325 | D:7      | Reached skill level 3 in Charms
  5325 | D:7      | Reached skill level 3 in Summonings
  5325 | D:7      | Reached skill level 3 in Necromancy
  5325 | D:7      | Reached skill level 3 in Translocations
  5325 | D:7      | Reached skill level 3 in Transmutations
  5325 | D:7      | Reached skill level 3 in Fire Magic
  5325 | D:7      | Reached skill level 3 in Ice Magic
  5325 | D:7      | Reached skill level 3 in Air Magic
  5325 | D:7      | Reached skill level 3 in Earth Magic
  5325 | D:7      | Reached skill level 3 in Poison Magic
  5325 | D:7      | Reached skill level 4 in Invocations
  5325 | D:7      | Reached XP level 9. HP: 73/73 MP: 14/14
  5415 | D:7      | Noticed a purple ugly thing
  5415 | D:7      | Noticed a red ugly thing
  5416 | D:7      | Found the +2 hat of the Bear Spirit {Spirit, +Rage rN+
                  | MR++}
  5435 | D:7      | Killed a cyan ugly thing
  5437 | D:7      | Noticed a purple ugly thing
  5439 | D:7      | Killed a purple ugly thing
  5439 | D:7      | Reached skill level 5 in Invocations
  5445 | D:7      | 5445 ||| DRINKING 4 potions of curing.
  5445 | D:7      | 5445 ||| (to cure confusion)
  5447 | D:7      | Killed a purple ugly thing
  5447 | D:7      | Reached XP level 10. HP: 67/80 MP: 15/17
  5625 | D:7      | Noticed Menkaure
  5634 | D:7      | Killed Menkaure
  5912 | D:7      | 5912 ||| EATING 10 rations.
  5930 | D:7      | Found a blossoming altar of Fedhas.
  5955 | D:7      | Reached **** piety under Cheibriados
  6292 | D:7      | 6292 ||| UPGRADING to +2 hat of the Bear Spirit {Spirit,
                  | +Rage rN+ MR++}.
  6454 | D:7      | 6454 ||| READING scroll labeled HYRIRE QAGEARCHIOJI.
  6672 | D:8      | Reached ***** piety under Cheibriados
  6876 | D:8      | 6876 ||| DROPPING +2 flail of holy wrath.
  7001 | D:8      | Reached skill level 6 in Invocations
  7026 | D:8      | Found the +5 scythe "Finisher" {speed, eviscerate}
  7194 | D:8      | Found an iron altar of Okawaru.
  7194 | D:8      | Found a stormy altar of Qazlal.
  7195 | D:8      | Found a snail-covered altar of Cheibriados.
  7197 | D:8      | Found a hazy altar of Hepliaklqana.
  7250 | D:8      | 7250 ||| UPGRADING to +0 plate armour.
  7260 | D:8      | 7260 ||| DROPPING +0 chain mail.
  7365 | D:9      | Reached XP level 11. HP: 78/86 MP: 16/19
  7501 | D:9      | Found a staircase to the Lair.
  7520 | D:9      | Reached skill level 9 in Fighting
  7520 | D:9      | Reached skill level 9 in Armour
  7520 | D:9      | Reached skill level 9 in Shields
  7582 | D:9      | Reached skill level 6 in Short Blades
  7582 | D:9      | Reached skill level 6 in Long Blades
  7582 | D:9      | Reached skill level 6 in Maces & Flails
  7582 | D:9      | Reached skill level 6 in Polearms
  7582 | D:9      | Reached skill level 6 in Staves
  7582 | D:9      | Reached skill level 6 in Slings
  7582 | D:9      | Reached skill level 6 in Bows
  7582 | D:9      | Reached skill level 6 in Crossbows
  7582 | D:9      | Reached skill level 6 in Throwing
  7582 | D:9      | Reached skill level 6 in Dodging
  7582 | D:9      | Reached skill level 6 in Stealth
  7582 | D:9      | Reached skill level 6 in Unarmed Combat
  7582 | D:9      | Reached skill level 6 in Spellcasting
  7582 | D:9      | Reached skill level 6 in Evocations
  7680 | D:9      | Found a shattered altar of Ashenzari.
  8002 | D:9      | 8002 ||| READING 2 scrolls of identify.
  8002 | D:9      | 8002 ||| IDENTIFYING bubbling emerald potion
  8029 | Lair:1   | Entered Level 1 of the Lair of Beasts
  8030 | Lair:1   | 8030 ||| Entered L.
  8042 | Lair:1   | Noticed an eight-headed hydra
  8045 | Lair:1   | 8045 ||| SWAPPING to +0 morningstar.
  8052 | Lair:1   | Killed an eight-headed hydra
  8053 | Lair:1   | 8053 ||| SWAPPING to +2 war axe.
  8684 | Lair:1   | Reached skill level 7 in Invocations
  8874 | Lair:1   | 8874 ||| READING scroll labeled OKHUNO ZIERO.
  8875 | Lair:1   | 8875 ||| READING 2 scrolls of identify.
  8875 | Lair:1   | 8875 ||| IDENTIFYING sapphire potion
  8876 | Lair:1   | 8876 ||| DROPPING potion of invisibility.
  8953 | Lair:2   | Found a hole to the Spider Nest.
  9003 | Lair:2   | Reached ****** piety under Cheibriados
  9533 | Lair:2   | Noticed a manticore
  9534 | Lair:2   | Found a staircase to the Shoals.
  9543 | Lair:2   | Killed a manticore
  9543 | Lair:2   | Reached XP level 12. HP: 62/95 MP: 14/22
  9907 | Lair:2   | 9907 ||| UPGRADING to golden ring.
  9909 | Lair:2   | 9909 ||| UPGRADING to +4 ring of protection.
 10841 | Lair:3   | 10841 ||| READING 2 scrolls of identify.
 10841 | Lair:3   | 10841 ||| IDENTIFYING coppery potion
 10842 | Lair:3   | 10842 ||| DROPPING potion of berserk rage.
 11080 | Lair:4   | Got a scorched chain mail
 11314 | Lair:4   | Noticed a five-headed hydra
 11315 | Lair:4   | 11315 ||| Stepping ~*~*~tactically~*~*~ (water).
 11316 | Lair:4   | 11316 ||| SWAPPING to +0 morningstar.
 11321 | Lair:4   | Killed a five-headed hydra
 11322 | Lair:4   | 11322 ||| SWAPPING to +2 war axe.
 11358 | Lair:4   | Reached skill level 6 in Conjurations
 11358 | Lair:4   | Reached skill level 6 in Hexes
 11358 | Lair:4   | Reached skill level 6 in Charms
 11358 | Lair:4   | Reached skill level 6 in Summonings
 11358 | Lair:4   | Reached skill level 6 in Necromancy
 11358 | Lair:4   | Reached skill level 6 in Translocations
 11358 | Lair:4   | Reached skill level 6 in Transmutations
 11358 | Lair:4   | Reached skill level 6 in Fire Magic
 11358 | Lair:4   | Reached skill level 6 in Ice Magic
 11358 | Lair:4   | Reached skill level 6 in Air Magic
 11358 | Lair:4   | Reached skill level 6 in Earth Magic
 11358 | Lair:4   | Reached skill level 6 in Poison Magic
 11926 | Lair:4   | 11926 ||| UPGRADING to scorched chain mail.
 11936 | Lair:4   | Identified the +3 chain mail "Rukaerch" {+Inv rN+} (You
                  | found it on level 4 of the Lair of Beasts)
 11936 | Lair:4   | 11936 ||| UPGRADING to +0 plate armour.
 11946 | Lair:4   | 11946 ||| DROPPING +3 chain mail "Rukaerch" {+Inv rN+}.
 11947 | Lair:4   | 11947 ||| READING 2 scrolls of identify.
 11947 | Lair:4   | 11947 ||| IDENTIFYING smoky emerald potion
 11948 | Lair:4   | 11948 ||| DROPPING potion of flight.
 12001 | Lair:5   | 12001 ||| EATING 26 rations.
 12114 | Lair:5   | 12114 ||| STAIRDANCE
 12128 | Lair:4   | 12128 ||| READING 2 scrolls of identify.
 12128 | Lair:4   | 12128 ||| IDENTIFYING fizzy blue potion
 12137 | Lair:5   | Reached skill level 8 in Invocations
 12674 | Lair:5   | 12674 ||| READING 5 scrolls of identify.
 12674 | Lair:5   | 12674 ||| IDENTIFYING bubbling ruby potion
 12675 | Lair:5   | 12675 ||| DROPPING potion of brilliance.
 12707 | Lair:6   | Entered Level 6 of the Lair of Beasts
 12715 | Lair:6   | 12715 ||| INVOKING Slouch.
 12717 | Lair:6   | 12717 ||| INVOKING Slouch.
 12721 | Lair:6   | 12721 ||| INVOKING Slouch.
 12740 | Lair:6   | Reached skill level 9 in Axes
 12741 | Lair:6   | 12741 ||| INVOKING Slouch.
 12749 | Lair:6   | Reached XP level 13. HP: 88/102 MP: 7/24
 13038 | Lair:4   | Identified the Disquisition on the Sinister Birds
 13289 | Lair:5   | Learned a level 2 spell: Poisonous Vapours
 13291 | Lair:6   | 13291 ||| STAIRDANCE
 13298 | Lair:5   | 13298 ||| UPGRADING to glowing chain mail.
 13308 | Lair:5   | 13308 ||| READING 10 scrolls of remove curse.
 13309 | Lair:5   | 13309 ||| UPGRADING to +0 plate armour.
 13319 | Lair:5   | 13319 ||| DROPPING -1 chain mail.
 13322 | Lair:6   | 13322 ||| STAIRDANCE
 13345 | Lair:6   | 13345 ||| STAIRDANCE
 13347 | Lair:5   | 13347 ||| SWAPPING to +0 morningstar.
 13354 | Lair:5   | 13354 ||| SWAPPING to +2 war axe.
 13425 | Lair:6   | 13425 ||| STAIRDANCE
 13434 | Lair:6   | 13434 ||| STAIRDANCE
 13482 | Lair:6   | 13482 ||| CASTING Poisonous Vapours
 13483 | Lair:6   | 13483 ||| CASTING Poisonous Vapours
 13487 | Lair:6   | 13487 ||| CASTING Poisonous Vapours
 13488 | Lair:6   | 13488 ||| CASTING Poisonous Vapours
 13489 | Lair:6   | 13489 ||| CASTING Poisonous Vapours
 13552 | Lair:6   | 13552 ||| CASTING Poisonous Vapours
 13557 | Lair:6   | 13557 ||| CASTING Poisonous Vapours
 13558 | Lair:6   | 13558 ||| CASTING Poisonous Vapours
 13579 | Lair:6   | 13579 ||| CASTING Poisonous Vapours
 13581 | Lair:6   | 13581 ||| CASTING Poisonous Vapours
 13603 | Lair:6   | Found a staircase to the Slime Pits.
 13604 | Lair:6   | Found a viscous altar of Jiyva.
 13605 | Lair:6   | 13605 ||| CASTING Poisonous Vapours
 13606 | Lair:6   | 13606 ||| CASTING Poisonous Vapours
 13607 | Lair:6   | 13607 ||| CASTING Poisonous Vapours
 13612 | Lair:6   | 13612 ||| CASTING Poisonous Vapours
 13613 | Lair:6   | 13613 ||| CASTING Poisonous Vapours
 13614 | Lair:6   | 13614 ||| CASTING Poisonous Vapours
 13615 | Lair:6   | 13615 ||| CASTING Poisonous Vapours
 13618 | Lair:6   | 13618 ||| INVOKING Slouch.
 13619 | Lair:6   | 13619 ||| CASTING Poisonous Vapours
 13620 | Lair:6   | 13620 ||| CASTING Poisonous Vapours
 13622 | Lair:6   | 13622 ||| CASTING Poisonous Vapours
 13631 | Lair:6   | 13631 ||| CASTING Poisonous Vapours
 13632 | Lair:6   | 13632 ||| CASTING Poisonous Vapours
 13637 | Lair:6   | Reached skill level 9 in Invocations
 13767 | Lair:6   | 13767 ||| CASTING Poisonous Vapours
 13768 | Lair:6   | 13768 ||| CASTING Poisonous Vapours
 13769 | Lair:6   | 13769 ||| CASTING Poisonous Vapours
 13808 | Lair:6   | 13808 ||| CASTING Poisonous Vapours
 13809 | Lair:6   | 13809 ||| CASTING Poisonous Vapours
 13810 | Lair:6   | 13810 ||| CASTING Poisonous Vapours
 13811 | Lair:6   | 13811 ||| CASTING Poisonous Vapours
 13812 | Lair:6   | 13812 ||| CASTING Poisonous Vapours
 13815 | Lair:6   | 13815 ||| CASTING Poisonous Vapours
 13816 | Lair:6   | 13816 ||| CASTING Poisonous Vapours
 13817 | Lair:6   | 13817 ||| CASTING Poisonous Vapours
 13818 | Lair:6   | 13818 ||| CASTING Poisonous Vapours
 14094 | Lair:6   | 14094 ||| INVOKING Slouch.
 14122 | Lair:6   | 14122 ||| CASTING Poisonous Vapours
 14123 | Lair:6   | 14123 ||| CASTING Poisonous Vapours
 14154 | Lair:6   | 14154 ||| CASTING Poisonous Vapours
 14167 | Lair:6   | 14167 ||| CASTING Poisonous Vapours
 14168 | Lair:6   | 14168 ||| CASTING Poisonous Vapours
 14231 | Lair:6   | 14231 ||| CASTING Poisonous Vapours
 14232 | Lair:6   | 14232 ||| CASTING Poisonous Vapours
 14233 | Lair:6   | 14233 ||| CASTING Poisonous Vapours
 14270 | Lair:6   | 14270 ||| CASTING Poisonous Vapours
 14271 | Lair:6   | 14271 ||| CASTING Poisonous Vapours
 14275 | Lair:6   | 14275 ||| CASTING Poisonous Vapours
 14276 | Lair:6   | 14276 ||| CASTING Poisonous Vapours
 14289 | Lair:6   | 14289 ||| CASTING Poisonous Vapours
 14321 | Lair:6   | 14321 ||| CASTING Poisonous Vapours
 14408 | Lair:6   | 14408 ||| CASTING Poisonous Vapours
 14409 | Lair:6   | 14409 ||| CASTING Poisonous Vapours
 14410 | Lair:6   | 14410 ||| CASTING Poisonous Vapours
 14486 | Lair:6   | 14486 ||| CASTING Poisonous Vapours
 14487 | Lair:6   | 14487 ||| CASTING Poisonous Vapours
 14488 | Lair:6   | 14488 ||| CASTING Poisonous Vapours
 14489 | Lair:6   | 14489 ||| CASTING Poisonous Vapours
 14490 | Lair:6   | 14490 ||| CASTING Poisonous Vapours
 14491 | Lair:6   | 14491 ||| CASTING Poisonous Vapours
 14541 | Lair:6   | 14541 ||| CASTING Poisonous Vapours
 14542 | Lair:6   | 14542 ||| CASTING Poisonous Vapours
 14546 | Lair:6   | 14546 ||| CASTING Poisonous Vapours
 14547 | Lair:6   | 14547 ||| CASTING Poisonous Vapours
 14617 | Lair:6   | 14617 ||| CASTING Poisonous Vapours
 14725 | Lair:6   | 14725 ||| READING scroll of enchant weapon.
 14725 | Lair:6   | 14725 ||| ENCHANTING +2 war axe.
 14729 | Lair:6   | 14729 ||| CASTING Poisonous Vapours
 14730 | Lair:6   | 14730 ||| CASTING Poisonous Vapours
 14739 | Lair:6   | 14739 ||| CASTING Poisonous Vapours
 14740 | Lair:6   | 14740 ||| CASTING Poisonous Vapours
 14741 | Lair:6   | 14741 ||| CASTING Poisonous Vapours
 14747 | Lair:6   | 14747 ||| CASTING Poisonous Vapours
 14748 | Lair:6   | 14748 ||| CASTING Poisonous Vapours
 14804 | Lair:6   | 14804 ||| CASTING Poisonous Vapours
 14805 | Lair:6   | 14805 ||| CASTING Poisonous Vapours
 14808 | Lair:6   | 14808 ||| CASTING Poisonous Vapours
 14811 | Lair:6   | 14811 ||| CASTING Poisonous Vapours
 14812 | Lair:6   | 14812 ||| CASTING Poisonous Vapours
 14813 | Lair:6   | 14813 ||| CASTING Poisonous Vapours
 14814 | Lair:6   | 14814 ||| CASTING Poisonous Vapours
 15418 | Lair:6   | 15418 ||| READING scroll labeled NIJAKHL ZUTOF.
 15418 | Lair:6   | Identified a scroll of acquirement
 15418 | Lair:6   | 15418 ||| ACQUIRING +2 broad axe of freezing
 15418 | Lair:6   | Acquired a +2 broad axe of freezing
 15420 | Lair:6   | 15420 ||| SWAPPING to +2 broad axe of freezing.
 15421 | Lair:6   | 15421 ||| DROPPING +3 war axe.
 15516 | D:10     | Entered Level 10 of the Dungeon
 15516 | D:10     | Noticed Sonja
 15517 | D:10     | 15517 ||| STAIRDANCE
 15527 | D:10     | 15527 ||| STAIRDANCE
 15531 | D:9      | Reached XP level 14. HP: 103/110 MP: 22/26
 15572 | D:10     | Killed Sonja
 15731 | D:10     | Noticed Harold
 15746 | D:10     | Killed Harold
 15801 | D:10     | 15801 ||| CASTING Poisonous Vapours
 15802 | D:10     | 15802 ||| CASTING Poisonous Vapours
 15939 | D:10     | 15939 ||| CASTING Poisonous Vapours
 15940 | D:10     | 15940 ||| CASTING Poisonous Vapours
 15941 | D:10     | 15941 ||| CASTING Poisonous Vapours
 15942 | D:10     | 15942 ||| CASTING Poisonous Vapours
 15943 | D:10     | 15943 ||| CASTING Poisonous Vapours
 15995 | D:10     | 15995 ||| CASTING Poisonous Vapours
 15996 | D:10     | 15996 ||| CASTING Poisonous Vapours
 15997 | D:10     | 15997 ||| CASTING Poisonous Vapours
 16131 | D:10     | 16131 ||| CASTING Poisonous Vapours
 16132 | D:10     | 16132 ||| CASTING Poisonous Vapours
 16171 | D:10     | 16171 ||| CASTING Poisonous Vapours
 16246 | D:10     | 16246 ||| CASTING Poisonous Vapours
 16257 | D:10     | 16257 ||| STAIRDANCE
 16260 | D:9      | 16260 ||| UPGRADING to tiny bronze amulet.
 16261 | D:9      | 16261 ||| REMOVING amulet of faith.
 16262 | D:9      | 16262 ||| DROPPING amulet of faith.
 16267 | D:10     | 16267 ||| STAIRDANCE
 16303 | D:10     | 16303 ||| CASTING Poisonous Vapours
 16331 | D:10     | 16331 ||| CASTING Poisonous Vapours
 16332 | D:10     | 16332 ||| CASTING Poisonous Vapours
 16333 | D:10     | 16333 ||| CASTING Poisonous Vapours
 16334 | D:10     | 16334 ||| CASTING Poisonous Vapours
 16339 | D:10     | 16339 ||| READING scroll of enchant weapon.
 16339 | D:10     | 16339 ||| ENCHANTING +2 broad axe of freezing.
 16429 | D:10     | 16429 ||| READING scroll labeled QUXESK OTEL.
 16430 | D:10     | 16430 ||| READING scroll labeled WEICZI MULOWN.
 16453 | D:11     | 16453 ||| CASTING Poisonous Vapours
 16454 | D:11     | 16454 ||| CASTING Poisonous Vapours
 16455 | D:11     | 16455 ||| CASTING Poisonous Vapours
 16462 | D:11     | 16462 ||| CASTING Poisonous Vapours
 16464 | D:11     | 16464 ||| STAIRDANCE
 16480 | D:11     | 16480 ||| STAIRDANCE
 16692 | D:11     | 16692 ||| CASTING Poisonous Vapours
 16725 | D:11     | 16725 ||| CASTING Poisonous Vapours
 16726 | D:11     | 16726 ||| CASTING Poisonous Vapours
 16743 | D:11     | 16743 ||| CASTING Poisonous Vapours
 16744 | D:11     | 16744 ||| CASTING Poisonous Vapours
 16745 | D:11     | 16745 ||| CASTING Poisonous Vapours
 16746 | D:11     | 16746 ||| CASTING Poisonous Vapours
 16836 | D:11     | 16836 ||| CASTING Poisonous Vapours
 16837 | D:11     | 16837 ||| CASTING Poisonous Vapours
 16838 | D:11     | 16838 ||| CASTING Poisonous Vapours
 16839 | D:11     | 16839 ||| CASTING Poisonous Vapours
 16840 | D:11     | 16840 ||| CASTING Poisonous Vapours
 16909 | D:11     | Noticed Fannar
 16929 | D:11     | Killed Fannar
 16929 | D:11     | Reached skill level 9 in Short Blades
 16929 | D:11     | Reached skill level 9 in Long Blades
 16929 | D:11     | Reached skill level 9 in Maces & Flails
 16929 | D:11     | Reached skill level 9 in Polearms
 16929 | D:11     | Reached skill level 9 in Staves
 16929 | D:11     | Reached skill level 9 in Slings
 16929 | D:11     | Reached skill level 9 in Bows
 16929 | D:11     | Reached skill level 9 in Crossbows
 16929 | D:11     | Reached skill level 9 in Throwing
 16929 | D:11     | Reached skill level 9 in Dodging
 16929 | D:11     | Reached skill level 9 in Stealth
 16929 | D:11     | Reached skill level 9 in Unarmed Combat
 16929 | D:11     | Reached skill level 9 in Spellcasting
 16929 | D:11     | Reached skill level 9 in Evocations
 16954 | D:11     | 16954 ||| CASTING Poisonous Vapours
 16955 | D:11     | 16955 ||| CASTING Poisonous Vapours
 16956 | D:11     | 16956 ||| CASTING Poisonous Vapours
 16989 | D:11     | 16989 ||| UPGRADING to glowing flail.
 16990 | D:11     | 16990 ||| SWAPPING to +3 broad axe of venom.
 16991 | D:11     | 16991 ||| DROPPING +2 flail of draining.
 17022 | D:11     | 17022 ||| CASTING Poisonous Vapours
 17023 | D:11     | 17023 ||| CASTING Poisonous Vapours
 17024 | D:11     | 17024 ||| CASTING Poisonous Vapours
 17025 | D:11     | 17025 ||| CASTING Poisonous Vapours
 17034 | D:11     | 17034 ||| CASTING Poisonous Vapours
 17036 | D:11     | 17036 ||| CASTING Poisonous Vapours
 17046 | D:11     | 17046 ||| CASTING Poisonous Vapours
 17047 | D:11     | 17047 ||| CASTING Poisonous Vapours
 17048 | D:11     | 17048 ||| CASTING Poisonous Vapours
 17051 | D:11     | 17051 ||| CASTING Poisonous Vapours
 17052 | D:11     | 17052 ||| CASTING Poisonous Vapours
 17053 | D:11     | 17053 ||| CASTING Poisonous Vapours
 17077 | D:11     | Found a staircase to the Orcish Mines.
 17183 | D:11     | 17183 ||| CASTING Poisonous Vapours
 17184 | D:11     | 17184 ||| CASTING Poisonous Vapours
 17209 | D:11     | 17209 ||| CASTING Poisonous Vapours
 17210 | D:11     | 17210 ||| CASTING Poisonous Vapours
 17290 | D:11     | 17290 ||| STAIRDANCE
 17424 | D:11     | 17424 ||| STAIRDANCE
 17491 | D:11     | 17491 ||| CASTING Poisonous Vapours
 17492 | D:11     | 17492 ||| CASTING Poisonous Vapours
 17493 | D:11     | 17493 ||| CASTING Poisonous Vapours
 17775 | D:11     | 17775 ||| UPGRADING to notched peridot ring.
 17777 | D:11     | 17777 ||| UPGRADING to ring of protection from fire.
 17779 | D:11     | 17779 ||| UPGRADING to +4 ring of protection.
 17828 | D:12     | 17828 ||| CASTING Poisonous Vapours
 17829 | D:12     | 17829 ||| CASTING Poisonous Vapours
 17830 | D:12     | 17830 ||| CASTING Poisonous Vapours
 17886 | D:12     | Found a bloodstained altar of Trog.
 17886 | D:12     | Noticed Mryle's ghost (journeyman SpWn)
 17892 | D:12     | 17892 ||| CASTING Poisonous Vapours
 17913 | D:12     | Found a transporter.
 17917 | D:12     | Identified the +8 scimitar "Ciabb" {flame, *Drain +Rage
                  | MP+9 Int+9}
 17925 | D:12     | 17925 ||| CASTING Poisonous Vapours
 17926 | D:12     | 17926 ||| CASTING Poisonous Vapours
 17927 | D:12     | 17927 ||| CASTING Poisonous Vapours
 18117 | D:12     | 18117 ||| EATING 29 rations.
 18157 | D:12     | 18157 ||| CASTING Poisonous Vapours
 18158 | D:12     | 18158 ||| CASTING Poisonous Vapours
 18195 | D:12     | 18195 ||| READING scroll of enchant armour.
 18195 | D:12     | 18195 ||| ENCHANTING +0 pair of gloves.
 18200 | D:12     | 18200 ||| CASTING Poisonous Vapours
 18227 | D:12     | 18227 ||| CASTING Poisonous Vapours
 18230 | D:12     | 18230 ||| CASTING Poisonous Vapours
 18231 | D:12     | 18231 ||| CASTING Poisonous Vapours
 18232 | D:12     | 18232 ||| CASTING Poisonous Vapours
 18233 | D:12     | 18233 ||| CASTING Poisonous Vapours
 18234 | D:12     | 18234 ||| CASTING Poisonous Vapours
 18236 | D:12     | 18236 ||| CASTING Poisonous Vapours
 18237 | D:12     | 18237 ||| CASTING Poisonous Vapours
 18350 | D:12     | 18350 ||| CASTING Poisonous Vapours
 18398 | D:12     | 18398 ||| CASTING Poisonous Vapours
 18399 | D:12     | 18399 ||| CASTING Poisonous Vapours
 18400 | D:12     | 18400 ||| CASTING Poisonous Vapours
 18401 | D:12     | 18401 ||| CASTING Poisonous Vapours
 18405 | D:12     | 18405 ||| CASTING Poisonous Vapours
 18418 | D:12     | 18418 ||| CASTING Poisonous Vapours
 18419 | D:12     | 18419 ||| CASTING Poisonous Vapours
 18420 | D:12     | 18420 ||| CASTING Poisonous Vapours
 18465 | D:12     | 18465 ||| CASTING Poisonous Vapours
 18480 | D:12     | 18480 ||| CASTING Poisonous Vapours
 18517 | D:12     | 18517 ||| CASTING Poisonous Vapours
 18618 | D:12     | Found a transporter.
 18664 | D:12     | 18664 ||| CASTING Poisonous Vapours
 18665 | D:12     | 18665 ||| CASTING Poisonous Vapours
 18666 | D:12     | 18666 ||| CASTING Poisonous Vapours
 18737 | D:12     | 18737 ||| CASTING Poisonous Vapours
 18747 | D:12     | 18747 ||| CASTING Poisonous Vapours
 18748 | D:12     | 18748 ||| CASTING Poisonous Vapours
 18819 | D:12     | 18819 ||| CASTING Poisonous Vapours
 18820 | D:12     | 18820 ||| CASTING Poisonous Vapours
 18821 | D:12     | 18821 ||| CASTING Poisonous Vapours
 18824 | D:12     | 18824 ||| CASTING Poisonous Vapours
 18825 | D:12     | 18825 ||| CASTING Poisonous Vapours
 18826 | D:12     | 18826 ||| CASTING Poisonous Vapours
 18889 | D:12     | 18889 ||| CASTING Poisonous Vapours
 18890 | D:12     | 18890 ||| CASTING Poisonous Vapours
 19027 | D:12     | 19027 ||| CASTING Poisonous Vapours
 19028 | D:12     | 19028 ||| CASTING Poisonous Vapours
 19178 | D:12     | 19178 ||| UPGRADING to +0 plate armour of magic resistance.
 19188 | D:12     | 19188 ||| DROPPING +0 plate armour.
 19189 | D:12     | 19189 ||| UPGRADING to pair of glowing boots.
 19199 | D:12     | 19199 ||| DROPPING +0 pair of boots.
 19200 | D:12     | 19200 ||| UPGRADING to pair of runed boots.
 19210 | D:12     | 19210 ||| DROPPING +2 pair of boots.
 19352 | D:13     | 19352 ||| Stepping ~*~*~tactically~*~*~ (water).
 19403 | D:13     | 19403 ||| CASTING Poisonous Vapours
 19404 | D:13     | 19404 ||| CASTING Poisonous Vapours
 19405 | D:13     | 19405 ||| CASTING Poisonous Vapours
 19406 | D:13     | 19406 ||| CASTING Poisonous Vapours
 19422 | D:13     | 19422 ||| CASTING Poisonous Vapours
 19423 | D:13     | 19423 ||| CASTING Poisonous Vapours
 19424 | D:13     | 19424 ||| CASTING Poisonous Vapours
 19425 | D:13     | 19425 ||| CASTING Poisonous Vapours
 19427 | D:13     | 19427 ||| CASTING Poisonous Vapours
 19430 | D:13     | 19430 ||| CASTING Poisonous Vapours
 19524 | D:13     | Reached skill level 10 in Invocations
 19614 | D:13     | 19614 ||| CASTING Poisonous Vapours
 19615 | D:13     | 19615 ||| CASTING Poisonous Vapours
 19621 | D:13     | 19621 ||| CASTING Poisonous Vapours
 19622 | D:13     | 19622 ||| CASTING Poisonous Vapours
 19623 | D:13     | 19623 ||| CASTING Poisonous Vapours
 19818 | D:13     | 19818 ||| CASTING Poisonous Vapours
 19879 | D:13     | 19879 ||| SWAPPING to glowing broad axe.
 19880 | D:13     | 19880 ||| DROPPING +3 broad axe of venom.
 19885 | D:13     | Found a gate to the Vaults.
 19889 | D:13     | Got a steaming kite shield
 19925 | D:13     | 19925 ||| CASTING Poisonous Vapours
 19926 | D:13     | 19926 ||| CASTING Poisonous Vapours
 19971 | D:13     | 19971 ||| CASTING Poisonous Vapours
 19972 | D:13     | 19972 ||| CASTING Poisonous Vapours
 19973 | D:13     | 19973 ||| CASTING Poisonous Vapours
 20036 | D:13     | 20036 ||| CASTING Poisonous Vapours
 20055 | D:13     | 20055 ||| CASTING Poisonous Vapours
 20118 | D:13     | 20118 ||| UPGRADING to steaming kite shield.
 20128 | D:13     | Identified the +0 kite shield of the Apprentice {Harm
                  | *Drain Str+2 SInv} (You found it on level 13 of the
                  | Dungeon)
 20128 | D:13     | 20128 ||| DROPPING +0 kite shield.
 20129 | D:13     | 20129 ||| UPGRADING to runed plate armour.
 20139 | D:13     | 20139 ||| DROPPING +0 plate armour of magic resistance.
 20140 | D:13     | 20140 ||| DROPPING +0 chain mail of cold resistance.
 20141 | D:13     | 20141 ||| UPGRADING to glowing plate armour.
 20151 | D:13     | 20151 ||| READING 11 scrolls of remove curse.
 20152 | D:13     | 20152 ||| UPGRADING to +2 plate armour of positive energy.
 20162 | D:13     | 20162 ||| DROPPING +0 plate armour.
 20163 | D:13     | 20163 ||| UPGRADING to ring of protection.
 20165 | D:13     | 20165 ||| DROPPING +6 ring of dexterity.
 20166 | D:13     | 20166 ||| UPGRADING to tubular brass ring.
 20168 | D:13     | 20168 ||| READING 10 scrolls of remove curse.
 20169 | D:13     | 20169 ||| REMOVING -4 ring of evasion.
 20170 | D:13     | 20170 ||| UPGRADING to ring of protection from fire.
 20171 | D:13     | 20171 ||| UPGRADING to +4 ring of protection.
 20173 | D:13     | 20173 ||| DROPPING -4 ring of evasion.
 20224 | D:14     | 20224 ||| CASTING Poisonous Vapours
 20225 | D:14     | 20225 ||| CASTING Poisonous Vapours
 20227 | D:14     | 20227 ||| CASTING Poisonous Vapours
 20228 | D:14     | 20228 ||| CASTING Poisonous Vapours
 20229 | D:14     | 20229 ||| CASTING Poisonous Vapours
 20230 | D:14     | 20230 ||| CASTING Poisonous Vapours
 20378 | D:14     | 20378 ||| CASTING Poisonous Vapours
 20379 | D:14     | 20379 ||| CASTING Poisonous Vapours
 20380 | D:14     | 20380 ||| CASTING Poisonous Vapours
 20470 | D:14     | 20470 ||| CASTING Poisonous Vapours
 20471 | D:14     | 20471 ||| CASTING Poisonous Vapours
 20472 | D:14     | 20472 ||| CASTING Poisonous Vapours
 20473 | D:14     | 20473 ||| CASTING Poisonous Vapours
 20528 | D:14     | 20528 ||| CASTING Poisonous Vapours
 20529 | D:14     | 20529 ||| CASTING Poisonous Vapours
 20530 | D:14     | 20530 ||| CASTING Poisonous Vapours
 20531 | D:14     | 20531 ||| CASTING Poisonous Vapours
 20578 | D:14     | 20578 ||| CASTING Poisonous Vapours
 20604 | D:14     | 20604 ||| CASTING Poisonous Vapours
 20605 | D:14     | 20605 ||| CASTING Poisonous Vapours
 20606 | D:14     | 20606 ||| CASTING Poisonous Vapours
 20716 | D:14     | 20716 ||| CASTING Poisonous Vapours
 20717 | D:14     | 20717 ||| CASTING Poisonous Vapours
 21011 | D:15     | Entered Level 15 of the Dungeon
 21015 | D:15     | 21015 ||| STAIRDANCE
 21025 | D:15     | 21025 ||| STAIRDANCE
 21121 | D:15     | 21121 ||| CASTING Poisonous Vapours
 21123 | D:15     | 21123 ||| CASTING Poisonous Vapours
 21129 | D:15     | Reached XP level 15. HP: 118/118 MP: 24/28
 21269 | D:15     | Found a frozen archway.
 21270 | D:15     | 21270 ||| CASTING Poisonous Vapours
 21271 | D:15     | 21271 ||| CASTING Poisonous Vapours
 21289 | D:15     | 21289 ||| SWAPPING to runed war axe.
 21290 | D:15     | 21290 ||| SWAPPING to +4 broad axe of draining.
 21291 | D:15     | 21291 ||| DROPPING +0 vorpal war axe.
 21346 | D:15     | 21346 ||| CASTING Poisonous Vapours
 21347 | D:15     | 21347 ||| CASTING Poisonous Vapours
 21378 | D:15     | 21378 ||| CASTING Poisonous Vapours
 21429 | D:15     | Found Ceihue's Weapon Shoppe.
 21457 | D:15     | 21457 ||| CASTING Poisonous Vapours
 21458 | D:15     | 21458 ||| CASTING Poisonous Vapours
 21459 | D:15     | 21459 ||| CASTING Poisonous Vapours
 21514 | D:15     | 21514 ||| CASTING Poisonous Vapours
 21515 | D:15     | 21515 ||| CASTING Poisonous Vapours
 21516 | D:15     | 21516 ||| SWAPPING to +0 morningstar.
 21517 | D:15     | 21517 ||| CASTING Poisonous Vapours
 21518 | D:15     | 21518 ||| CASTING Poisonous Vapours
 21524 | D:15     | 21524 ||| SWAPPING to +4 broad axe of draining.
 21558 | D:15     | 21558 ||| CASTING Poisonous Vapours
 21572 | D:15     | 21572 ||| CASTING Poisonous Vapours
 21577 | D:15     | 21577 ||| CASTING Poisonous Vapours
 21601 | D:15     | Found a staircase to the Depths.
 21606 | D:15     | 21606 ||| SWAPPING to +0 morningstar.
 21621 | D:15     | 21621 ||| SWAPPING to +4 broad axe of draining.
 21814 | D:15     | 21814 ||| CASTING Poisonous Vapours
 21815 | D:15     | 21815 ||| CASTING Poisonous Vapours
 21816 | D:15     | 21816 ||| CASTING Poisonous Vapours
 21817 | D:15     | 21817 ||| CASTING Poisonous Vapours
 21818 | D:15     | 21818 ||| CASTING Poisonous Vapours
 21819 | D:15     | 21819 ||| CASTING Poisonous Vapours
 21820 | D:15     | 21820 ||| CASTING Poisonous Vapours
 21827 | D:15     | 21827 ||| CASTING Poisonous Vapours
 21831 | D:15     | 21831 ||| CASTING Poisonous Vapours
 21832 | D:15     | 21832 ||| CASTING Poisonous Vapours
 21833 | D:15     | 21833 ||| CASTING Poisonous Vapours
 21834 | D:15     | 21834 ||| CASTING Poisonous Vapours
 21836 | D:15     | 21836 ||| CASTING Poisonous Vapours
 21837 | D:15     | 21837 ||| CASTING Poisonous Vapours
 21838 | D:15     | 21838 ||| CASTING Poisonous Vapours
 22065 | D:15     | 22065 ||| UPGRADING to runed amethyst amulet.
 22182 | Orc:1    | Entered Level 1 of the Orcish Mines
 22183 | Orc:1    | 22183 ||| Entered O.
 22227 | Orc:1    | 22227 ||| CASTING Poisonous Vapours
 22228 | Orc:1    | 22228 ||| CASTING Poisonous Vapours
 22247 | Orc:1    | 22247 ||| CASTING Poisonous Vapours
 22248 | Orc:1    | 22248 ||| CASTING Poisonous Vapours
 22266 | Orc:1    | 22266 ||| CASTING Poisonous Vapours
 22267 | Orc:1    | 22267 ||| CASTING Poisonous Vapours
 22286 | Orc:1    | 22286 ||| CASTING Poisonous Vapours
 22287 | Orc:1    | 22287 ||| CASTING Poisonous Vapours
 22288 | Orc:1    | 22288 ||| CASTING Poisonous Vapours
 22289 | Orc:1    | 22289 ||| CASTING Poisonous Vapours
 22290 | Orc:1    | 22290 ||| CASTING Poisonous Vapours
 22454 | Orc:2    | Entered Level 2 of the Orcish Mines
 22455 | Orc:2    | 22455 ||| CASTING Poisonous Vapours
 22456 | Orc:2    | 22456 ||| STAIRDANCE
 22466 | Orc:2    | 22466 ||| STAIRDANCE
 22543 | Orc:2    | 22543 ||| CASTING Poisonous Vapours
 22549 | Orc:2    | 22549 ||| CASTING Poisonous Vapours
 22550 | Orc:2    | 22550 ||| CASTING Poisonous Vapours
 22551 | Orc:2    | 22551 ||| CASTING Poisonous Vapours
 22552 | Orc:2    | 22552 ||| CASTING Poisonous Vapours
 22553 | Orc:2    | 22553 ||| CASTING Poisonous Vapours
 22728 | Orc:2    | Found a staircase to the Elven Halls.
 22733 | Orc:2    | Noticed an orc warlord
 22750 | Orc:2    | Killed an orc warlord
 22830 | Orc:2    | 22830 ||| CASTING Poisonous Vapours
 22832 | Orc:2    | 22832 ||| CASTING Poisonous Vapours
 22836 | Orc:2    | 22836 ||| STAIRDANCE
 22841 | Orc:1    | 22841 ||| CASTING Poisonous Vapours
 22857 | Orc:1    | 22857 ||| CASTING Poisonous Vapours
 22858 | Orc:1    | 22858 ||| CASTING Poisonous Vapours
 22994 | Orc:2    | Noticed Saint Roka
 22995 | Orc:2    | 22995 ||| INVOKING Slouch.
 23013 | Orc:2    | Killed Saint Roka
 23032 | Orc:2    | 23032 ||| CASTING Poisonous Vapours
 23033 | Orc:2    | 23033 ||| CASTING Poisonous Vapours
 23034 | Orc:2    | 23034 ||| CASTING Poisonous Vapours
 23035 | Orc:2    | 23035 ||| CASTING Poisonous Vapours
 23036 | Orc:2    | 23036 ||| CASTING Poisonous Vapours
 23523 | Orc:2    | 23523 ||| CASTING Poisonous Vapours
 23524 | Orc:2    | 23524 ||| CASTING Poisonous Vapours
 23525 | Orc:2    | 23525 ||| CASTING Poisonous Vapours
 23554 | Orc:2    | 23554 ||| CASTING Poisonous Vapours
 23580 | Orc:2    | 23580 ||| INVOKING Slouch.
 23584 | Orc:2    | HP: 24/119 [orc knight/+0 dire flail (36)]
 23585 | Orc:2    | 23585 ||| READING 11 scrolls of teleportation.
 23586 | Orc:2    | 23586 ||| DRINKING 2 potions of heal wounds.
 23925 | Orc:2    | 23925 ||| CASTING Poisonous Vapours
 23926 | Orc:2    | 23926 ||| CASTING Poisonous Vapours
 23927 | Orc:2    | 23927 ||| CASTING Poisonous Vapours
 23995 | Orc:2    | 23995 ||| CASTING Poisonous Vapours
 23996 | Orc:2    | 23996 ||| CASTING Poisonous Vapours
 23997 | Orc:2    | 23997 ||| CASTING Poisonous Vapours
 23998 | Orc:2    | 23998 ||| CASTING Poisonous Vapours
 23999 | Orc:2    | 23999 ||| CASTING Poisonous Vapours
 24012 | Orc:2    | 24012 ||| CASTING Poisonous Vapours
 24013 | Orc:2    | 24013 ||| CASTING Poisonous Vapours
 24190 | D:11     | Learned a level 4 spell: Airstrike
 24266 | Orc:2    | 24266 ||| INVOKING Slouch.
 24268 | Orc:2    | 24268 ||| INVOKING Slouch.
 24269 | Orc:2    | 24269 ||| INVOKING Slouch.
 24272 | Orc:2    | 24272 ||| INVOKING Slouch.
 24272 | Orc:2    | Reached skill level 11 in Invocations
 24535 | Orc:2    | 24535 ||| EATING 33 rations.
 24575 | Orc:2    | Found Qoholut's Distillery.
 24576 | Orc:2    | Found Ridowucvi's Gadget Shoppe.
 24580 | Orc:2    | Found Buehayw's Armour Emporium.
 24581 | Orc:2    | Found Forix's Antique Weapon Shoppe.
 24586 | Orc:2    | Bought a potion of heal wounds for 75 gold pieces
 24586 | Orc:2    | Bought a potion of curing for 45 gold pieces
 24586 | Orc:2    | Bought a potion of heal wounds for 75 gold pieces
 24586 | Orc:2    | Bought a potion of curing for 45 gold pieces
 24586 | Orc:2    | Bought a potion of curing for 45 gold pieces
 24589 | Orc:2    | Bought a +3 plate armour of cold resistance for 495 gold
                  | pieces
 24590 | Orc:2    | Bought a runed flail for 169 gold pieces
 24590 | Orc:2    | 24590 ||| UPGRADING to runed flail.
 24591 | Orc:2    | 24591 ||| SWAPPING to +4 broad axe of draining.
 24592 | Orc:2    | 24592 ||| DROPPING +6 vorpal flail.
 24711 | Orc:2    | 24711 ||| UPGRADING to +3 plate armour.
 24721 | Orc:2    | 24721 ||| DROPPING +2 chain mail of cold resistance.
 24722 | Orc:2    | 24722 ||| UPGRADING to +3 plate armour of cold resistance.
 24732 | Orc:2    | 24732 ||| DROPPING +3 plate armour.
 24733 | Orc:2    | 24733 ||| DROPPING +2 plate armour of positive energy.
 25060 | Spider:1 | Entered Level 1 of the Spider Nest
 25061 | Spider:1 | 25061 ||| Entered N.
 25061 | Spider:1 | 25061 ||| CASTING Airstrike
 25062 | Spider:1 | 25062 ||| STAIRDANCE
 25081 | Spider:1 | 25081 ||| STAIRDANCE
 25095 | Spider:1 | 25095 ||| STAIRDANCE
 25161 | Spider:1 | 25161 ||| CASTING Airstrike
 25162 | Spider:1 | 25162 ||| CASTING Airstrike
 25175 | Spider:1 | 25175 ||| CASTING Airstrike
 25176 | Spider:1 | 25176 ||| CASTING Airstrike
 25184 | Spider:1 | 25184 ||| STAIRDANCE
 25238 | Spider:1 | 25238 ||| CASTING Airstrike
 25242 | Spider:1 | 25242 ||| STAIRDANCE
 25266 | Spider:1 | 25266 ||| CASTING Airstrike
 25267 | Spider:1 | 25267 ||| CASTING Airstrike
 25268 | Spider:1 | 25268 ||| CASTING Airstrike
 25269 | Spider:1 | 25269 ||| CASTING Airstrike
 25275 | Spider:1 | Noticed a ghost moth
 25278 | Spider:1 | 25278 ||| CASTING Airstrike
 25279 | Spider:1 | 25279 ||| CASTING Airstrike
 25285 | Spider:1 | Killed a ghost moth
 25285 | Spider:1 | Reached skill level 12 in Fighting
 25285 | Spider:1 | Reached skill level 12 in Armour
 25285 | Spider:1 | Reached skill level 12 in Shields
 25441 | Spider:1 | Noticed Kirke
 25442 | Spider:1 | 25442 ||| INVOKING Slouch.
 25442 | Spider:1 | Reached XP level 16. HP: 121/127 MP: 28/30
 25443 | Spider:1 | 25443 ||| INVOKING Slouch.
 25444 | Spider:1 | 25444 ||| CASTING Airstrike
 25445 | Spider:1 | 25445 ||| CASTING Airstrike
 25446 | Spider:1 | 25446 ||| CASTING Airstrike
 25450 | Spider:1 | Killed Kirke
 25482 | Spider:1 | 25482 ||| CASTING Airstrike
 25483 | Spider:1 | 25483 ||| CASTING Airstrike
 25827 | Spider:1 | 25827 ||| UPGRADING to glowing morningstar.
 25828 | Spider:1 | 25828 ||| SWAPPING to +4 broad axe of draining.
 25829 | Spider:1 | 25829 ||| DROPPING +0 morningstar.
 25873 | Spider:1 | 25873 ||| CASTING Airstrike
 25905 | Spider:1 | 25905 ||| READING scroll of enchant weapon.
 25905 | Spider:1 | 25905 ||| ENCHANTING +4 broad axe of draining.
 25944 | Spider:1 | 25944 ||| READING scroll of enchant armour.
 25944 | Spider:1 | 25944 ||| ENCHANTING +1 pair of gloves.
 26162 | Spider:1 | 26162 ||| CASTING Airstrike
 26163 | Spider:1 | 26163 ||| CASTING Airstrike
 26205 | Spider:1 | 26205 ||| CASTING Airstrike
 26206 | Spider:1 | 26206 ||| CASTING Airstrike
 26207 | Spider:1 | 26207 ||| CASTING Airstrike
 26266 | Spider:1 | 26266 ||| CASTING Airstrike
 26267 | Spider:1 | 26267 ||| CASTING Airstrike
 26330 | Spider:1 | 26330 ||| CASTING Airstrike
 26331 | Spider:1 | 26331 ||| CASTING Airstrike
 26333 | Spider:1 | 26333 ||| CASTING Airstrike
 26334 | Spider:1 | 26334 ||| CASTING Airstrike
 26335 | Spider:1 | 26335 ||| CASTING Airstrike
 26436 | Spider:1 | 26436 ||| CASTING Airstrike
 26437 | Spider:1 | 26437 ||| CASTING Airstrike
 26544 | Spider:1 | 26544 ||| UPGRADING to scratched glass ring.
 26546 | Spider:1 | 26546 ||| REMOVING ring of fire.
 26547 | Spider:1 | 26547 ||| UPGRADING to +4 ring of protection.
 26562 | Spider:2 | 26562 ||| CASTING Airstrike
 26563 | Spider:2 | 26563 ||| STAIRDANCE
 26582 | Spider:2 | 26582 ||| STAIRDANCE
 26587 | Spider:1 | 26587 ||| CASTING Airstrike
 26620 | Spider:2 | 26620 ||| CASTING Airstrike
 26621 | Spider:2 | 26621 ||| STAIRDANCE
 26641 | Spider:2 | 26641 ||| STAIRDANCE
 26646 | Spider:2 | 26646 ||| CASTING Airstrike
 26648 | Spider:2 | 26648 ||| STAIRDANCE
 26668 | Spider:2 | 26668 ||| CASTING Airstrike
 26710 | Spider:2 | 26710 ||| CASTING Airstrike
 26743 | Spider:2 | 26743 ||| CASTING Airstrike
 26747 | Spider:2 | 26747 ||| CASTING Airstrike
 26747 | Spider:2 | Reached skill level 9 in Conjurations
 26747 | Spider:2 | Reached skill level 9 in Hexes
 26747 | Spider:2 | Reached skill level 9 in Charms
 26747 | Spider:2 | Reached skill level 9 in Summonings
 26747 | Spider:2 | Reached skill level 9 in Necromancy
 26747 | Spider:2 | Reached skill level 9 in Translocations
 26747 | Spider:2 | Reached skill level 9 in Transmutations
 26747 | Spider:2 | Reached skill level 9 in Fire Magic
 26747 | Spider:2 | Reached skill level 9 in Ice Magic
 26747 | Spider:2 | Reached skill level 9 in Air Magic
 26747 | Spider:2 | Reached skill level 9 in Earth Magic
 26747 | Spider:2 | Reached skill level 9 in Poison Magic
 26748 | Spider:2 | 26748 ||| CASTING Airstrike
 26749 | Spider:2 | 26749 ||| CASTING Airstrike
 26759 | Spider:2 | 26759 ||| INVOKING Slouch.
 26760 | Spider:2 | 26760 ||| CASTING Airstrike
 26761 | Spider:2 | 26761 ||| INVOKING Slouch.
 26767 | Spider:2 | 26767 ||| CASTING Airstrike
 26781 | Spider:2 | 26781 ||| CASTING Airstrike
 26852 | Spider:2 | 26852 ||| CASTING Airstrike
 26853 | Spider:2 | 26853 ||| CASTING Airstrike
 26898 | Spider:2 | 26898 ||| CASTING Airstrike
 26899 | Spider:2 | 26899 ||| CASTING Airstrike
 26900 | Spider:2 | 26900 ||| CASTING Airstrike
 26959 | Spider:2 | 26959 ||| CASTING Airstrike
 26960 | Spider:2 | 26960 ||| CASTING Airstrike
 26961 | Spider:2 | 26961 ||| CASTING Airstrike
 26962 | Spider:2 | 26962 ||| CASTING Airstrike
 27056 | Spider:2 | 27056 ||| EATING 33 rations.
 27063 | Spider:2 | 27063 ||| CASTING Airstrike
 27064 | Spider:2 | 27064 ||| CASTING Airstrike
 27068 | Spider:2 | 27068 ||| CASTING Airstrike
 27069 | Spider:2 | 27069 ||| CASTING Airstrike
 27070 | Spider:2 | 27070 ||| CASTING Airstrike
 27071 | Spider:2 | 27071 ||| CASTING Airstrike
 27073 | Spider:2 | 27073 ||| CASTING Airstrike
 27261 | Spider:2 | 27261 ||| CASTING Airstrike
 27262 | Spider:2 | 27262 ||| CASTING Airstrike
 27263 | Spider:2 | 27263 ||| CASTING Airstrike
 27319 | Spider:2 | 27319 ||| CASTING Airstrike
 27320 | Spider:2 | 27320 ||| CASTING Airstrike
 27322 | Spider:2 | 27322 ||| CASTING Airstrike
 27323 | Spider:2 | 27323 ||| CASTING Airstrike
 27324 | Spider:2 | 27324 ||| CASTING Airstrike
 27329 | Spider:2 | 27329 ||| CASTING Airstrike
 27330 | Spider:2 | 27330 ||| CASTING Airstrike
 27331 | Spider:2 | 27331 ||| CASTING Airstrike
 27355 | Spider:2 | 27355 ||| CASTING Airstrike
 27486 | Spider:2 | 27486 ||| CASTING Airstrike
 27487 | Spider:2 | 27487 ||| CASTING Airstrike
 27541 | Spider:2 | 27541 ||| CASTING Airstrike
 27557 | Spider:2 | 27557 ||| CASTING Airstrike
 27558 | Spider:2 | 27558 ||| CASTING Airstrike
 27560 | Spider:2 | 27560 ||| CASTING Airstrike
 27561 | Spider:2 | 27561 ||| CASTING Airstrike
 27562 | Spider:2 | 27562 ||| CASTING Airstrike
 27563 | Spider:2 | 27563 ||| CASTING Airstrike
 27587 | Spider:2 | 27587 ||| INVOKING Slouch.
 27595 | Spider:2 | 27595 ||| Stepping ~*~*~tactically~*~*~ (water).
 27763 | Spider:2 | 27763 ||| CASTING Airstrike
 27764 | Spider:2 | 27764 ||| CASTING Airstrike
 27788 | Spider:2 | 27788 ||| CASTING Airstrike
 27792 | Spider:2 | 27792 ||| CASTING Airstrike
 27795 | Spider:2 | 27795 ||| CASTING Airstrike
 28085 | Spider:2 | 28085 ||| CASTING Airstrike
 28086 | Spider:2 | 28086 ||| CASTING Airstrike
 28087 | Spider:2 | Noticed Arachne
 28105 | Spider:2 | Killed Arachne
 28269 | Spider:2 | Found a runed translucent gate.
 28269 | Spider:2 | Found a runed translucent gate.
 28269 | Spider:2 | Found a runed translucent gate.
 28270 | Spider:2 | Noticed Menwosug's ghost (adept FoFi)
 28396 | Spider:3 | 28396 ||| STAIRDANCE
 28432 | Spider:3 | 28432 ||| STAIRDANCE
 28440 | Spider:3 | 28440 ||| STAIRDANCE
 28492 | Spider:3 | 28492 ||| STAIRDANCE
 28499 | Spider:3 | 28499 ||| STAIRDANCE
 28548 | Spider:3 | 28548 ||| STAIRDANCE
 28550 | Spider:2 | 28550 ||| DRINKING 22 potions of curing.
 28550 | Spider:2 | 28550 ||| (to cure confusion)
 28574 | Spider:3 | 28574 ||| STAIRDANCE
 28613 | Spider:3 | 28613 ||| STAIRDANCE
 28644 | Spider:3 | 28644 ||| CASTING Airstrike
 28657 | Spider:3 | 28657 ||| CASTING Airstrike
 28677 | Spider:3 | 28677 ||| CASTING Airstrike
 28678 | Spider:3 | 28678 ||| CASTING Airstrike
 28720 | Spider:3 | 28720 ||| CASTING Airstrike
 28729 | Spider:3 | 28729 ||| STAIRDANCE
 28751 | Spider:3 | 28751 ||| CASTING Airstrike
 28752 | Spider:3 | 28752 ||| CASTING Airstrike
 28813 | Spider:3 | 28813 ||| CASTING Airstrike
 28819 | Spider:3 | Reached XP level 17. HP: 135/135 MP: 11/32
 28923 | Spider:3 | 28923 ||| CASTING Airstrike
 28960 | Spider:3 | 28960 ||| CASTING Airstrike
 28961 | Spider:3 | 28961 ||| CASTING Airstrike
 28963 | Spider:3 | 28963 ||| CASTING Airstrike
 29183 | Spider:3 | 29183 ||| CASTING Airstrike
 29190 | Spider:3 | Paralysed by a hornet for 2 turns
 29199 | Spider:3 | Reached skill level 12 in Invocations
 29219 | Spider:3 | 29219 ||| READING scroll of enchant weapon.
 29219 | Spider:3 | 29219 ||| ENCHANTING +5 broad axe of draining.
 29230 | Spider:3 | Got a transparent marble ring
 29241 | Spider:3 | 29241 ||| CASTING Airstrike
 29260 | Spider:3 | 29260 ||| READING scroll of brand weapon.
 29260 | Spider:3 | 29260 ||| BRANDING +6 broad axe of draining.
 29438 | Spider:3 | 29438 ||| EATING 33 rations.
 29533 | Spider:3 | 29533 ||| CASTING Airstrike
 29653 | Spider:3 | 29653 ||| UPGRADING to transparent marble ring.
 29654 | Spider:3 | Identified the cursed ring of Vaock {rN+ EV-4} (You found
                  | it on level 3 of the Spider Nest)
 29655 | Spider:3 | 29655 ||| READING 10 scrolls of remove curse.
 29656 | Spider:3 | 29656 ||| REMOVING ring of Vaock {rN+ EV-4}.
 29657 | Spider:3 | 29657 ||| UPGRADING to +4 ring of protection.
 29658 | Spider:3 | 29658 ||| DROPPING ring of Vaock {rN+ EV-4}.
 29659 | Spider:3 | 29659 ||| READING 2 scrolls labeled VAURHYS ICUISY.
 29832 | Spider:3 | 29832 ||| DROPPING scroll of torment.
 29856 | Spider:4 | Entered Level 4 of the Spider Nest
 29857 | Spider:4 | 29857 ||| CASTING Airstrike
 29858 | Spider:4 | 29858 ||| STAIRDANCE
 29877 | Spider:4 | 29877 ||| STAIRDANCE
 30007 | Spider:4 | 30007 ||| CASTING Airstrike
 30073 | Spider:4 | 30073 ||| CASTING Airstrike
 30079 | Spider:4 | 30079 ||| CASTING Airstrike
 30080 | Spider:4 | 30080 ||| CASTING Airstrike
 30171 | Spider:4 | 30171 ||| CASTING Airstrike
 30176 | Spider:4 | 30176 ||| CASTING Airstrike
 30181 | Spider:4 | 30181 ||| CASTING Airstrike
 30242 | Spider:4 | 30242 ||| CASTING Airstrike
 30243 | Spider:4 | 30243 ||| CASTING Airstrike
 30246 | Spider:4 | 30246 ||| CASTING Airstrike
 30251 | Spider:4 | Reached skill level 12 in Axes
 30253 | Spider:4 | 30253 ||| CASTING Airstrike
 30254 | Spider:4 | 30254 ||| CASTING Airstrike
 30260 | Spider:4 | 30260 ||| STAIRDANCE
 30475 | Spider:4 | 30475 ||| CASTING Airstrike
 30476 | Spider:4 | 30476 ||| CASTING Airstrike
 30477 | Spider:4 | 30477 ||| CASTING Airstrike
 30478 | Spider:4 | 30478 ||| CASTING Airstrike
 30479 | Spider:4 | 30479 ||| CASTING Airstrike
 30566 | Spider:4 | Noticed Louise
 30572 | Spider:4 | 30572 ||| CASTING Airstrike
 30599 | Spider:4 | Killed Louise
 30709 | Spider:4 | 30709 ||| Stepping ~*~*~tactically~*~*~ (water).
 30729 | Spider:4 | 30729 ||| Stepping ~*~*~tactically~*~*~ (water).
 30789 | Spider:4 | 30789 ||| CASTING Airstrike
 30791 | Spider:4 | 30791 ||| CASTING Airstrike
 30792 | Spider:4 | 30792 ||| CASTING Airstrike
 30843 | Spider:4 | 30843 ||| CASTING Airstrike
 30846 | Spider:4 | 30846 ||| CASTING Airstrike
 30847 | Spider:4 | 30847 ||| CASTING Airstrike
 30849 | Spider:4 | 30849 ||| CASTING Airstrike
 30850 | Spider:4 | 30850 ||| CASTING Airstrike
 30918 | Spider:4 | 30918 ||| CASTING Airstrike
 30919 | Spider:4 | 30919 ||| CASTING Airstrike
 30920 | Spider:4 | 30920 ||| CASTING Airstrike
 30921 | Spider:4 | 30921 ||| CASTING Airstrike
 30993 | Spider:4 | 30993 ||| CASTING Airstrike
 30994 | Spider:4 | 30994 ||| CASTING Airstrike
 31038 | Spider:4 | 31038 ||| CASTING Airstrike
 31039 | Spider:4 | 31039 ||| CASTING Airstrike
 31091 | Spider:4 | 31091 ||| CASTING Airstrike
 31092 | Spider:4 | 31092 ||| CASTING Airstrike
 31093 | Spider:4 | 31093 ||| CASTING Airstrike
 31094 | Spider:4 | 31094 ||| CASTING Airstrike
 31099 | Spider:4 | 31099 ||| INVOKING Slouch.
 31101 | Spider:4 | 31101 ||| DRINKING potion of resistance.
 31102 | Spider:4 | 31102 ||| INVOKING Slouch.
 31103 | Spider:4 | 31103 ||| INVOKING Slouch.
 31295 | Spider:4 | Got a gossamer rune of Zot
 31301 | Spider:4 | 31301 ||| CASTING Airstrike
 31302 | Spider:4 | 31302 ||| CASTING Airstrike
 31307 | Spider:4 | 31307 ||| CASTING Airstrike
 31308 | Spider:4 | 31308 ||| CASTING Airstrike
 31309 | Spider:4 | 31309 ||| CASTING Airstrike
 31346 | Spider:4 | 31346 ||| CASTING Airstrike
 31611 | Spider:4 | 31611 ||| CASTING Airstrike
 31612 | Spider:4 | 31612 ||| CASTING Airstrike
 31613 | Spider:4 | 31613 ||| CASTING Airstrike
 31672 | Spider:4 | 31672 ||| CASTING Airstrike
 31678 | Spider:4 | 31678 ||| CASTING Airstrike
 31679 | Spider:4 | 31679 ||| CASTING Airstrike
 31680 | Spider:4 | 31680 ||| CASTING Airstrike
 31681 | Spider:4 | 31681 ||| CASTING Airstrike
 31685 | Spider:4 | 31685 ||| CASTING Airstrike
 31686 | Spider:4 | 31686 ||| CASTING Airstrike
 32063 | Spider:4 | 32063 ||| UPGRADING to +0 tower shield.
 32073 | Spider:4 | 32073 ||| DROPPING +0 kite shield of the Apprentice {Harm
                  | *Drain Str+2 SInv}.
 32335 | Vaults:1 | Entered Level 1 of the Vaults
 32336 | Vaults:1 | 32336 ||| Entered V.
 32341 | Vaults:1 | 32341 ||| STAIRDANCE
 32347 | Vaults:1 | 32347 ||| STAIRDANCE
 32353 | Vaults:1 | 32353 ||| STAIRDANCE
 32464 | Vaults:1 | 32464 ||| CASTING Airstrike
 32483 | Vaults:1 | 32483 ||| CASTING Airstrike
 32505 | Vaults:1 | 32505 ||| CASTING Airstrike
 32527 | Vaults:1 | Got a pair of steaming boots
 32597 | Vaults:1 | 32597 ||| CASTING Airstrike
 32601 | Vaults:1 | 32601 ||| INVOKING Slouch.
 32650 | Vaults:1 | 32650 ||| CASTING Airstrike
 32687 | Vaults:1 | 32687 ||| CASTING Airstrike
 32757 | Vaults:1 | Reached XP level 18. HP: 138/143 MP: 31/33
 32777 | Vaults:1 | 32777 ||| DROPPING +2 morningstar of protection.
 33020 | Vaults:1 | 33020 ||| CASTING Airstrike
 33022 | Vaults:1 | 33022 ||| CASTING Airstrike
 33023 | Vaults:1 | 33023 ||| CASTING Airstrike
 33024 | Vaults:1 | 33024 ||| CASTING Airstrike
 33025 | Vaults:1 | 33025 ||| CASTING Airstrike
 33026 | Vaults:1 | 33026 ||| CASTING Airstrike
 33027 | Vaults:1 | 33027 ||| CASTING Airstrike
 33028 | Vaults:1 | 33028 ||| CASTING Airstrike
 33288 | Vaults:1 | You fall into a shaft and drop 1 floor!
 33295 | Vaults:2 | 33295 ||| Shafted from Vaults:1 to Vaults:2.
 33301 | Vaults:2 | Noticed Mennas
 33302 | Vaults:2 | 33302 ||| INVOKING Slouch.
 33303 | Vaults:2 | 33303 ||| INVOKING Slouch.
 33332 | Vaults:2 | Killed Mennas
 33528 | Vaults:2 | 33528 ||| CASTING Airstrike
 33609 | Vaults:2 | 33609 ||| CASTING Airstrike
 33610 | Vaults:2 | 33610 ||| CASTING Airstrike
 33611 | Vaults:2 | 33611 ||| CASTING Airstrike
 33612 | Vaults:2 | 33612 ||| CASTING Airstrike
 33613 | Vaults:2 | 33613 ||| CASTING Airstrike
 33614 | Vaults:2 | 33614 ||| CASTING Airstrike
 33615 | Vaults:2 | 33615 ||| CASTING Airstrike
 33616 | Vaults:2 | 33616 ||| CASTING Airstrike
 33630 | Vaults:2 | 33630 ||| INVOKING Slouch.
 33639 | Vaults:2 | Reached skill level 12 in Short Blades
 33639 | Vaults:2 | Reached skill level 12 in Long Blades
 33639 | Vaults:2 | Reached skill level 12 in Maces & Flails
 33639 | Vaults:2 | Reached skill level 12 in Polearms
 33639 | Vaults:2 | Reached skill level 12 in Staves
 33639 | Vaults:2 | Reached skill level 12 in Slings
 33639 | Vaults:2 | Reached skill level 12 in Bows
 33639 | Vaults:2 | Reached skill level 12 in Crossbows
 33639 | Vaults:2 | Reached skill level 12 in Throwing
 33639 | Vaults:2 | Reached skill level 12 in Dodging
 33639 | Vaults:2 | Reached skill level 12 in Stealth
 33639 | Vaults:2 | Reached skill level 12 in Unarmed Combat
 33639 | Vaults:2 | Reached skill level 12 in Spellcasting
 33639 | Vaults:2 | Reached skill level 12 in Evocations
 33698 | Vaults:2 | 33698 ||| CASTING Airstrike
 33699 | Vaults:2 | 33699 ||| CASTING Airstrike
 33700 | Vaults:2 | 33700 ||| CASTING Airstrike
 33701 | Vaults:2 | 33701 ||| CASTING Airstrike
 33867 | Vaults:2 | 33867 ||| CASTING Airstrike
 33876 | Vaults:2 | 33876 ||| INVOKING Slouch.
 33877 | Vaults:2 | 33877 ||| INVOKING Slouch.
 33882 | Vaults:2 | Reached skill level 13 in Invocations
 33971 | Vaults:2 | Found Yfief's Weapon Boutique.
 34043 | Vaults:2 | 34043 ||| CASTING Airstrike
 34044 | Vaults:2 | 34044 ||| CASTING Airstrike
 34045 | Vaults:2 | 34045 ||| CASTING Airstrike
 34046 | Vaults:2 | 34046 ||| CASTING Airstrike
 34159 | Vaults:1 | 34159 ||| Successfully unshafted to Vaults:1.
 34358 | Vaults:1 | 34358 ||| EATING 37 rations.
 34683 | Vaults:1 | 34683 ||| CASTING Airstrike
 34757 | Vaults:1 | Noticed Nikola
 34785 | Vaults:1 | Killed Nikola
 35514 | Vaults:1 | 35514 ||| UPGRADING to pair of steaming boots.
 35524 | Vaults:1 | Identified the +1 pair of boots of the Swamp {rF+ SInv
                  | Stlth+} (You found it on level 1 of the Vaults)
 35594 | Vaults:2 | 35594 ||| CASTING Airstrike
 35595 | Vaults:2 | 35595 ||| CASTING Airstrike
 35596 | Vaults:2 | 35596 ||| CASTING Airstrike
 35597 | Vaults:2 | 35597 ||| INVOKING Slouch.
 35600 | Vaults:2 | 35600 ||| CASTING Airstrike
 35601 | Vaults:2 | Reached XP level 19. HP: 147/151 MP: 14/35
 35635 | Vaults:2 | 35635 ||| CASTING Airstrike
 35636 | Vaults:2 | 35636 ||| CASTING Airstrike
 35637 | Vaults:2 | 35637 ||| CASTING Airstrike
 35638 | Vaults:2 | 35638 ||| CASTING Airstrike
 35641 | Vaults:2 | 35641 ||| CASTING Airstrike
 35642 | Vaults:2 | 35642 ||| CASTING Airstrike
 35754 | Vaults:2 | 35754 ||| CASTING Airstrike
 35756 | Vaults:2 | 35756 ||| CASTING Airstrike
 35757 | Vaults:2 | 35757 ||| CASTING Airstrike
 35951 | Vaults:2 | 35951 ||| CASTING Airstrike
 35954 | Vaults:2 | 35954 ||| CASTING Airstrike
 35955 | Vaults:2 | 35955 ||| CASTING Airstrike
 35956 | Vaults:2 | 35956 ||| CASTING Airstrike
 35957 | Vaults:2 | 35957 ||| CASTING Airstrike
 35958 | Vaults:2 | 35958 ||| CASTING Airstrike
 36070 | Vaults:2 | 36070 ||| READING scroll of enchant armour.
 36070 | Vaults:2 | 36070 ||| ENCHANTING +0 cloak.
 36086 | Vaults:2 | 36086 ||| CASTING Airstrike
 36088 | Vaults:2 | 36088 ||| INVOKING Slouch.
 36090 | Vaults:2 | 36090 ||| CASTING Airstrike
 36094 | Vaults:2 | 36094 ||| CASTING Airstrike
 36117 | Vaults:2 | 36117 ||| CASTING Airstrike
 36340 | Vaults:2 | 36340 ||| INVOKING Slouch.
 36376 | Vaults:2 | 36376 ||| CASTING Airstrike
 36377 | Vaults:2 | 36377 ||| CASTING Airstrike
 36378 | Vaults:2 | 36378 ||| CASTING Airstrike
 36379 | Vaults:2 | 36379 ||| CASTING Airstrike
 36461 | Vaults:2 | 36461 ||| CASTING Airstrike
 36462 | Vaults:2 | 36462 ||| CASTING Airstrike
 36497 | Vaults:2 | 36497 ||| CASTING Airstrike
 36498 | Vaults:2 | 36498 ||| CASTING Airstrike
 36499 | Vaults:2 | 36499 ||| CASTING Airstrike
 36500 | Vaults:2 | 36500 ||| CASTING Airstrike
 36501 | Vaults:2 | 36501 ||| CASTING Airstrike
 36502 | Vaults:2 | 36502 ||| CASTING Airstrike
 36503 | Vaults:2 | 36503 ||| CASTING Airstrike
 36504 | Vaults:2 | 36504 ||| CASTING Airstrike
 36505 | Vaults:2 | 36505 ||| CASTING Airstrike
 36670 | Vaults:2 | 36670 ||| CASTING Airstrike
 36987 | Vaults:2 | Found a staircase to the Crypt.
 37073 | Vaults:2 | 37073 ||| CASTING Airstrike
 37074 | Vaults:2 | 37074 ||| CASTING Airstrike
 37275 | Vaults:2 | 37275 ||| READING scroll labeled QACUHU VUIDDEETUSCH.
 37376 | Vaults:3 | 37376 ||| CASTING Airstrike
 37377 | Vaults:3 | 37377 ||| CASTING Airstrike
 37378 | Vaults:3 | 37378 ||| CASTING Airstrike
 37469 | Vaults:3 | 37469 ||| CASTING Airstrike
 37489 | Vaults:3 | 37489 ||| EATING 37 rations.
 37773 | Vaults:3 | 37773 ||| INVOKING Slouch.
 37780 | Vaults:3 | 37780 ||| CASTING Airstrike
 37928 | Vaults:3 | 37928 ||| CASTING Airstrike
 37929 | Vaults:3 | 37929 ||| CASTING Airstrike
 38019 | Vaults:3 | 38019 ||| INVOKING Slouch.
 38020 | Vaults:3 | 38020 ||| INVOKING Slouch.
 38112 | Vaults:3 | 38112 ||| CASTING Airstrike
 38129 | Vaults:3 | 38129 ||| INVOKING Slouch.
 38150 | Vaults:3 | 38150 ||| CASTING Airstrike
 38151 | Vaults:3 | 38151 ||| CASTING Airstrike
 38152 | Vaults:3 | 38152 ||| CASTING Airstrike
 38155 | Vaults:3 | 38155 ||| CASTING Airstrike
 39049 | Vaults:3 | 39049 ||| CASTING Airstrike
 39082 | Vaults:3 | 39082 ||| CASTING Airstrike
 39083 | Vaults:3 | 39083 ||| CASTING Airstrike
 39084 | Vaults:3 | 39084 ||| CASTING Airstrike
 39085 | Vaults:3 | 39085 ||| CASTING Airstrike
 39086 | Vaults:3 | 39086 ||| CASTING Airstrike
 39232 | Vaults:4 | 39232 ||| CASTING Airstrike
 39233 | Vaults:4 | 39233 ||| CASTING Airstrike
 39234 | Vaults:4 | 39234 ||| CASTING Airstrike
 39235 | Vaults:4 | 39235 ||| CASTING Airstrike
 39236 | Vaults:4 | 39236 ||| CASTING Airstrike
 39237 | Vaults:4 | 39237 ||| CASTING Airstrike
 39238 | Vaults:4 | 39238 ||| CASTING Airstrike
 39239 | Vaults:4 | 39239 ||| CASTING Airstrike
 39240 | Vaults:4 | 39240 ||| CASTING Airstrike
 39241 | Vaults:4 | 39241 ||| CASTING Airstrike
 39258 | Vaults:4 | 39258 ||| EATING 36 rations.
 39283 | Vaults:4 | 39283 ||| CASTING Airstrike
 39284 | Vaults:4 | 39284 ||| CASTING Airstrike
 39285 | Vaults:4 | 39285 ||| CASTING Airstrike
 39287 | Vaults:4 | 39287 ||| CASTING Airstrike
 39288 | Vaults:4 | 39288 ||| CASTING Airstrike
 39289 | Vaults:4 | 39289 ||| CASTING Airstrike
 39454 | Vaults:4 | 39454 ||| CASTING Airstrike
 39597 | Vaults:4 | 39597 ||| CASTING Airstrike
 39598 | Vaults:4 | 39598 ||| CASTING Airstrike
 39599 | Vaults:4 | 39599 ||| CASTING Airstrike
 39600 | Vaults:4 | 39600 ||| CASTING Airstrike
 39601 | Vaults:4 | 39601 ||| CASTING Airstrike
 39624 | Vaults:4 | 39624 ||| CASTING Airstrike
 39625 | Vaults:4 | 39625 ||| CASTING Airstrike
 39626 | Vaults:4 | 39626 ||| CASTING Airstrike
 39766 | Vaults:4 | Reached XP level 20. HP: 159/159 MP: 36/36
 39828 | Vaults:4 | 39828 ||| CASTING Airstrike
 39829 | Vaults:4 | 39829 ||| CASTING Airstrike
 39830 | Vaults:4 | 39830 ||| CASTING Airstrike
 39832 | Vaults:4 | 39832 ||| CASTING Airstrike
 39833 | Vaults:4 | 39833 ||| CASTING Airstrike
 39834 | Vaults:4 | 39834 ||| CASTING Airstrike
 39985 | Vaults:4 | 39985 ||| CASTING Airstrike
 39986 | Vaults:4 | 39986 ||| CASTING Airstrike
 39987 | Vaults:4 | 39987 ||| CASTING Airstrike
 39988 | Vaults:4 | 39988 ||| CASTING Airstrike
 40188 | Vaults:4 | Reached skill level 14 in Invocations
 40238 | Vaults:4 | 40238 ||| CASTING Airstrike
 40239 | Vaults:4 | 40239 ||| CASTING Airstrike
 40240 | Vaults:4 | 40240 ||| CASTING Airstrike
 40241 | Vaults:4 | 40241 ||| CASTING Airstrike
 40242 | Vaults:4 | 40242 ||| CASTING Airstrike
 40243 | Vaults:4 | 40243 ||| CASTING Airstrike
 40244 | Vaults:4 | 40244 ||| CASTING Airstrike
 40255 | Vaults:4 | 40255 ||| INVOKING Slouch.
 40256 | Vaults:4 | 40256 ||| INVOKING Slouch.
 40546 | Vaults:4 | 40546 ||| CASTING Airstrike
 40857 | Vaults:4 | 40857 ||| UPGRADING to square citrine amulet.
 40859 | Vaults:4 | 40859 ||| REMOVING amulet of guardian spirit.
 40860 | Vaults:4 | 40860 ||| UPGRADING to amulet of reflection.
 41058 | D:15     | 41058 ||| EATING 36 rations.
 41286 | Shoals:1 | Entered Level 1 of the Shoals
 41287 | Shoals:1 | 41287 ||| Entered A.
 41290 | Shoals:1 | 41290 ||| CASTING Airstrike
 41291 | Shoals:1 | 41291 ||| CASTING Airstrike
 41292 | Shoals:1 | 41292 ||| CASTING Airstrike
 41298 | Shoals:1 | 41298 ||| INVOKING Slouch.
 41304 | Shoals:1 | 41304 ||| Stepping ~*~*~tactically~*~*~ (water).
 41306 | Shoals:1 | 41306 ||| Stepping ~*~*~tactically~*~*~ (water).
 41313 | Shoals:1 | 41313 ||| Stepping ~*~*~tactically~*~*~ (water).
 41314 | Shoals:1 | 41314 ||| Stepping ~*~*~tactically~*~*~ (water).
 41333 | Shoals:1 | 41333 ||| Stepping ~*~*~tactically~*~*~ (water).
 41340 | Shoals:1 | HP: 40/160 [snapping turtle (9)]
 41341 | Shoals:1 | 41341 ||| READING 11 scrolls of teleportation.
 41342 | Shoals:1 | 41342 ||| DRINKING 5 potions of heal wounds.
 41343 | Shoals:1 | 41343 ||| STAIRDANCE
 41653 | Shoals:1 | 41653 ||| STAIRDANCE
 41667 | Shoals:1 | 41667 ||| STAIRDANCE
 41684 | Shoals:1 | 41684 ||| Stepping ~*~*~tactically~*~*~ (water).
 41784 | Shoals:1 | 41784 ||| READING scroll of enchant weapon.
 41784 | Shoals:1 | 41784 ||| ENCHANTING +6 broad axe of electrocution.
 41806 | Shoals:1 | Found Ilah's Armour Shoppe.
 42172 | Shoals:1 | 42172 ||| UPGRADING to tubular peridot ring.
 42174 | Shoals:1 | 42174 ||| REMOVING ring of magical power.
 42175 | Shoals:1 | 42175 ||| UPGRADING to ring of protection from fire.
 42176 | Shoals:1 | 42176 ||| UPGRADING to +4 ring of protection.
 42178 | Shoals:1 | 42178 ||| DROPPING ring of magical power.
 42179 | Shoals:1 | 42179 ||| READING scroll labeled QYMUOPN XOESH.
 42432 | Shoals:2 | 42432 ||| Stepping ~*~*~tactically~*~*~ (water).
 42437 | Shoals:2 | 42437 ||| Stepping ~*~*~tactically~*~*~ (water).
 42466 | Shoals:2 | 42466 ||| CASTING Airstrike
 42467 | Shoals:2 | 42467 ||| CASTING Airstrike
 42468 | Shoals:2 | 42468 ||| CASTING Airstrike
 42526 | Shoals:2 | 42526 ||| Stepping ~*~*~tactically~*~*~ (water).
 42534 | Shoals:2 | 42534 ||| Stepping ~*~*~tactically~*~*~ (water).
 42539 | Shoals:2 | 42539 ||| Stepping ~*~*~tactically~*~*~ (water).
 42603 | Shoals:2 | 42603 ||| Stepping ~*~*~tactically~*~*~ (water).
 42766 | Shoals:2 | Found a runed translucent gate.
 42767 | Shoals:2 | Found a runed translucent gate.
 42767 | Shoals:2 | Found a runed translucent gate.
 42789 | Shoals:2 | Noticed kamnev's ghost (journeyman GrFi)
 42813 | Shoals:2 | 42813 ||| Stepping ~*~*~tactically~*~*~ (water).
 42813 | Shoals:2 | Found Wynwiur's Distillery.
 42815 | Shoals:2 | 42815 ||| Stepping ~*~*~tactically~*~*~ (water).
 42817 | Shoals:2 | 42817 ||| Stepping ~*~*~tactically~*~*~ (water).
 42818 | Shoals:2 | 42818 ||| Stepping ~*~*~tactically~*~*~ (water).
 42966 | Shoals:2 | Bought a potion of curing for 48 gold pieces
 42966 | Shoals:2 | Bought 2 potions of resistance for 320 gold pieces
 42966 | Shoals:2 | Bought a potion of heal wounds for 80 gold pieces
 42966 | Shoals:2 | Bought 2 potions of cancellation for 256 gold pieces
 42966 | Shoals:2 | Bought a potion of might for 64 gold pieces
 42966 | Shoals:2 | Bought a potion of haste for 160 gold pieces
 43026 | Shoals:2 | 43026 ||| Stepping ~*~*~tactically~*~*~ (water).
 43114 | Shoals:2 | 43114 ||| Stepping ~*~*~tactically~*~*~ (water).
 43116 | Shoals:2 | 43116 ||| Stepping ~*~*~tactically~*~*~ (water).
 43154 | Shoals:2 | 43154 ||| Stepping ~*~*~tactically~*~*~ (water).
 43380 | Shoals:2 | 43380 ||| Stepping ~*~*~tactically~*~*~ (water).
 43387 | Shoals:2 | 43387 ||| Stepping ~*~*~tactically~*~*~ (water).
 43826 | Shoals:2 | 43826 ||| DROPPING ring of fire.
 43877 | Shoals:3 | 43877 ||| Stepping ~*~*~tactically~*~*~ (water).
 43878 | Shoals:3 | 43878 ||| Stepping ~*~*~tactically~*~*~ (water).
 43906 | Shoals:3 | 43906 ||| Stepping ~*~*~tactically~*~*~ (water).
 43911 | Shoals:3 | 43911 ||| Stepping ~*~*~tactically~*~*~ (water).
 44054 | Shoals:3 | 44054 ||| Stepping ~*~*~tactically~*~*~ (water).
 44059 | Shoals:3 | 44059 ||| Stepping ~*~*~tactically~*~*~ (water).
 44059 | Shoals:3 | Noticed Polyphemus
 44060 | Shoals:3 | 44060 ||| Stepping ~*~*~tactically~*~*~ (water).
 44061 | Shoals:3 | 44061 ||| Stepping ~*~*~tactically~*~*~ (water).
 44065 | Shoals:3 | 44065 ||| Stepping ~*~*~tactically~*~*~ (water).
 44071 | Shoals:3 | Killed Polyphemus
 44125 | Shoals:3 | 44125 ||| CASTING Airstrike
 44127 | Shoals:3 | 44127 ||| CASTING Airstrike
 44157 | Shoals:3 | 44157 ||| CASTING Airstrike
 44158 | Shoals:3 | 44158 ||| CASTING Airstrike
 44159 | Shoals:3 | 44159 ||| CASTING Airstrike
 44161 | Shoals:3 | 44161 ||| CASTING Airstrike
 44168 | Shoals:3 | 44168 ||| CASTING Airstrike
 44169 | Shoals:3 | 44169 ||| CASTING Airstrike
 44175 | Shoals:3 | 44175 ||| CASTING Airstrike
 44185 | Shoals:3 | 44185 ||| CASTING Airstrike
 44187 | Shoals:3 | 44187 ||| CASTING Airstrike
 44195 | Shoals:3 | 44195 ||| Stepping ~*~*~tactically~*~*~ (cloud).
 44196 | Shoals:3 | 44196 ||| Stepping ~*~*~tactically~*~*~ (cloud).
 44199 | Shoals:3 | 44199 ||| Stepping ~*~*~tactically~*~*~ (cloud).
 44200 | Shoals:3 | 44200 ||| Stepping ~*~*~tactically~*~*~ (water).
 44201 | Shoals:3 | 44201 ||| Stepping ~*~*~tactically~*~*~ (cloud).
 44202 | Shoals:3 | 44202 ||| Stepping ~*~*~tactically~*~*~ (cloud).
 44269 | Shoals:3 | 44269 ||| Stepping ~*~*~tactically~*~*~ (water).
 44278 | Shoals:3 | Found Byulyo Yzye's Book Shoppe.
 44282 | Shoals:3 | 44282 ||| CASTING Airstrike
 44283 | Shoals:3 | 44283 ||| CASTING Airstrike
 44284 | Shoals:3 | 44284 ||| CASTING Airstrike
 44285 | Shoals:3 | 44285 ||| CASTING Airstrike
 44286 | Shoals:3 | 44286 ||| CASTING Airstrike
 44317 | Shoals:3 | 44317 ||| Stepping ~*~*~tactically~*~*~ (water).
 44371 | Shoals:3 | Noticed Ilsuiw
 44420 | Shoals:3 | Killed Ilsuiw
 44697 | Shoals:3 | 44697 ||| Stepping ~*~*~tactically~*~*~ (water).
 44794 | Shoals:3 | 44794 ||| CASTING Airstrike
 44795 | Shoals:3 | 44795 ||| CASTING Airstrike
 44830 | Shoals:3 | 44830 ||| Stepping ~*~*~tactically~*~*~ (water).
 44831 | Shoals:3 | 44831 ||| Stepping ~*~*~tactically~*~*~ (water).
 44832 | Shoals:3 | 44832 ||| Stepping ~*~*~tactically~*~*~ (water).
 44833 | Shoals:3 | 44833 ||| Stepping ~*~*~tactically~*~*~ (water).
 44834 | Shoals:3 | 44834 ||| Stepping ~*~*~tactically~*~*~ (water).
 44835 | Shoals:3 | 44835 ||| Stepping ~*~*~tactically~*~*~ (water).
 44836 | Shoals:3 | 44836 ||| Stepping ~*~*~tactically~*~*~ (water).
 44930 | Shoals:3 | 44930 ||| Stepping ~*~*~tactically~*~*~ (water).
 44931 | Shoals:3 | 44931 ||| Stepping ~*~*~tactically~*~*~ (water).
 44983 | Shoals:3 | 44983 ||| UPGRADING to marble ring.
 44985 | Shoals:3 | 44985 ||| REMOVING ring of see invisible.
 44986 | Shoals:3 | 44986 ||| DROPPING ring of see invisible.
 44987 | Shoals:3 | 44987 ||| UPGRADING to +4 ring of protection.
 45005 | Shoals:4 | Entered Level 4 of the Shoals
 45009 | Shoals:4 | 45009 ||| CASTING Airstrike
 45010 | Shoals:4 | 45010 ||| CASTING Airstrike
 45011 | Shoals:4 | 45011 ||| CASTING Airstrike
 45072 | Shoals:4 | 45072 ||| Stepping ~*~*~tactically~*~*~ (water).
 45074 | Shoals:4 | 45074 ||| Stepping ~*~*~tactically~*~*~ (water).
 45089 | Shoals:4 | 45089 ||| Stepping ~*~*~tactically~*~*~ (water).
 45090 | Shoals:4 | 45090 ||| Stepping ~*~*~tactically~*~*~ (water).
 45091 | Shoals:4 | HP: 16/160 [water nymph/the raging water (28)]
 45092 | Shoals:4 | 45092 ||| READING 11 scrolls of teleportation.
 45093 | Shoals:4 | 45093 ||| DRINKING 6 potions of heal wounds.
 45094 | Shoals:4 | 45094 ||| DRINKING 5 potions of heal wounds.
 45121 | Shoals:4 | 45121 ||| Stepping ~*~*~tactically~*~*~ (water).
 45125 | Shoals:4 | 45125 ||| Stepping ~*~*~tactically~*~*~ (water).
 45160 | Shoals:4 | 45160 ||| STAIRDANCE
 45386 | Shoals:4 | 45386 ||| Stepping ~*~*~tactically~*~*~ (water).
 45498 | Shoals:4 | 45498 ||| Stepping ~*~*~tactically~*~*~ (water).
 45499 | Shoals:4 | 45499 ||| CASTING Airstrike
 45642 | Shoals:4 | 45642 ||| Stepping ~*~*~tactically~*~*~ (water).
 45643 | Shoals:4 | 45643 ||| Stepping ~*~*~tactically~*~*~ (water).
 45651 | Shoals:4 | 45651 ||| Stepping ~*~*~tactically~*~*~ (water).
 45655 | Shoals:4 | 45655 ||| Stepping ~*~*~tactically~*~*~ (water).
 45657 | Shoals:4 | 45657 ||| Stepping ~*~*~tactically~*~*~ (water).
 45721 | Shoals:4 | 45721 ||| Stepping ~*~*~tactically~*~*~ (water).
 45728 | Shoals:4 | 45728 ||| Stepping ~*~*~tactically~*~*~ (water).
 45926 | Shoals:4 | 45926 ||| Stepping ~*~*~tactically~*~*~ (water).
 45928 | Shoals:4 | 45928 ||| Stepping ~*~*~tactically~*~*~ (water).
 45931 | Shoals:4 | 45931 ||| Stepping ~*~*~tactically~*~*~ (water).
 45936 | Shoals:4 | 45936 ||| Stepping ~*~*~tactically~*~*~ (water).
 46088 | Shoals:4 | 46088 ||| Stepping ~*~*~tactically~*~*~ (water).
 46159 | Shoals:4 | 46159 ||| READING 3 scrolls of enchant weapon.
 46159 | Shoals:4 | 46159 ||| ENCHANTING +7 broad axe of electrocution.
 46160 | Shoals:4 | 46160 ||| READING 2 scrolls of enchant weapon.
 46160 | Shoals:4 | 46160 ||| ENCHANTING +8 broad axe of electrocution.
 46200 | Shoals:4 | 46200 ||| Stepping ~*~*~tactically~*~*~ (water).
 46203 | Shoals:4 | 46203 ||| Stepping ~*~*~tactically~*~*~ (water).
 46226 | Shoals:4 | 46226 ||| CASTING Airstrike
 46227 | Shoals:4 | 46227 ||| CASTING Airstrike
 46228 | Shoals:4 | 46228 ||| CASTING Airstrike
 46287 | Shoals:4 | 46287 ||| Stepping ~*~*~tactically~*~*~ (water).
 46292 | Shoals:4 | Reached XP level 21. HP: 166/166 MP: 38/38
 46310 | Shoals:4 | 46310 ||| Stepping ~*~*~tactically~*~*~ (water).
 46312 | Shoals:4 | 46312 ||| Stepping ~*~*~tactically~*~*~ (water).
 46369 | Shoals:4 | 46369 ||| Stepping ~*~*~tactically~*~*~ (water).
 46371 | Shoals:4 | 46371 ||| Stepping ~*~*~tactically~*~*~ (water).
 46401 | Shoals:4 | 46401 ||| CASTING Airstrike
 46403 | Shoals:4 | 46403 ||| CASTING Airstrike
 46406 | Shoals:4 | 46406 ||| CASTING Airstrike
 46408 | Shoals:4 | 46408 ||| CASTING Airstrike
 46409 | Shoals:4 | 46409 ||| CASTING Airstrike
 46864 | Shoals:4 | 46864 ||| Stepping ~*~*~tactically~*~*~ (water).
 46868 | Shoals:4 | 46868 ||| Stepping ~*~*~tactically~*~*~ (water).
 46921 | Shoals:4 | 46921 ||| Stepping ~*~*~tactically~*~*~ (water).
 46929 | Shoals:4 | 46929 ||| Stepping ~*~*~tactically~*~*~ (water).
 46939 | Shoals:4 | 46939 ||| Stepping ~*~*~tactically~*~*~ (water).
 46940 | Shoals:4 | 46940 ||| Stepping ~*~*~tactically~*~*~ (water).
 46948 | Shoals:4 | 46948 ||| Stepping ~*~*~tactically~*~*~ (water).
 46964 | Shoals:4 | 46964 ||| Stepping ~*~*~tactically~*~*~ (water).
 47288 | Shoals:4 | 47288 ||| INVOKING Slouch.
 47289 | Shoals:4 | 47289 ||| INVOKING Slouch.
 47290 | Shoals:4 | 47290 ||| INVOKING Slouch.
 47291 | Shoals:4 | 47291 ||| INVOKING Slouch.
 47296 | Shoals:4 | 47296 ||| Stepping ~*~*~tactically~*~*~ (water).
 47432 | Shoals:4 | Got a barnacled rune of Zot
 47433 | Shoals:4 | 47433 ||| EATING 40 rations.
 47492 | Shoals:4 | 47492 ||| Stepping ~*~*~tactically~*~*~ (water).
 47550 | Shoals:4 | 47550 ||| Stepping ~*~*~tactically~*~*~ (water).
 47559 | Shoals:4 | 47559 ||| Stepping ~*~*~tactically~*~*~ (water).
 47811 | Shoals:4 | 47811 ||| UPGRADING to runed chain mail.
 47821 | Shoals:4 | 47821 ||| UPGRADING to +3 plate armour of cold resistance.
 47831 | Shoals:4 | 47831 ||| DROPPING +1 chain mail of magic resistance.
 47832 | Shoals:4 | 47832 ||| DROPPING amulet of guardian spirit.
 47833 | Shoals:4 | 47833 ||| UPGRADING to amulet of reflection.
 47835 | Shoals:4 | 47835 ||| DROPPING amulet of reflection.
 47836 | Shoals:4 | 47836 ||| UPGRADING to +4 ring of protection.
 47838 | Shoals:4 | 47838 ||| DROPPING ring of poison resistance.
 47839 | Shoals:4 | 47839 ||| DROPPING 8 javelins.
 47840 | Shoals:4 | 47840 ||| DROPPING 54 silver javelins.
 48099 | Depths:1 | Entered Level 1 of the Depths
 48100 | Depths:1 | 48100 ||| Entered U.
 48100 | Depths:1 | 48100 ||| INVOKING Slouch.
 48101 | Depths:1 | 48101 ||| INVOKING Slouch.
 48102 | Depths:1 | 48102 ||| STAIRDANCE
 48107 | Depths:1 | 48107 ||| STAIRDANCE
 48113 | Depths:1 | 48113 ||| STAIRDANCE
 48139 | Depths:1 | 48139 ||| STAIRDANCE
 48209 | Depths:1 | 48209 ||| STAIRDANCE
 48263 | Depths:1 | 48263 ||| STAIRDANCE
 48275 | Depths:1 | 48275 ||| STAIRDANCE
 48294 | D:15     | Reached skill level 15 in Fighting
 48294 | D:15     | Reached skill level 15 in Armour
 48294 | D:15     | Reached skill level 15 in Shields
 48348 | Depths:1 | 48348 ||| INVOKING Slouch.
 48349 | Depths:1 | 48349 ||| Stepping ~*~*~tactically~*~*~ (water).
 48356 | Depths:1 | 48356 ||| INVOKING Slouch.
 48378 | Depths:1 | Reached skill level 15 in Invocations
 48383 | Depths:1 | Reached skill level 12 in Conjurations
 48383 | Depths:1 | Reached skill level 12 in Hexes
 48383 | Depths:1 | Reached skill level 12 in Charms
 48383 | Depths:1 | Reached skill level 12 in Summonings
 48383 | Depths:1 | Reached skill level 12 in Necromancy
 48383 | Depths:1 | Reached skill level 12 in Translocations
 48383 | Depths:1 | Reached skill level 12 in Transmutations
 48383 | Depths:1 | Reached skill level 12 in Fire Magic
 48383 | Depths:1 | Reached skill level 12 in Ice Magic
 48383 | Depths:1 | Reached skill level 12 in Air Magic
 48383 | Depths:1 | Reached skill level 12 in Earth Magic
 48383 | Depths:1 | Reached skill level 12 in Poison Magic
 48470 | Depths:1 | 48470 ||| STAIRDANCE
 49096 | Depths:1 | Found a gateway to Hell.
 49318 | Depths:1 | 49318 ||| CASTING Airstrike
 49597 | Depths:2 | 49597 ||| INVOKING Slouch.
 49668 | Depths:2 | 49668 ||| CASTING Airstrike
 49670 | Depths:2 | 49670 ||| CASTING Airstrike
 49678 | Depths:2 | 49678 ||| CASTING Airstrike
 49747 | Depths:2 | 49747 ||| INVOKING Slouch.
 49762 | Depths:2 | 49762 ||| Stepping ~*~*~tactically~*~*~ (water).
 49763 | Depths:2 | 49763 ||| Stepping ~*~*~tactically~*~*~ (water).
 49764 | Depths:2 | 49764 ||| Stepping ~*~*~tactically~*~*~ (water).
 49929 | Depths:2 | 49929 ||| CASTING Airstrike
 49930 | Depths:2 | 49930 ||| CASTING Airstrike
 49932 | Depths:2 | 49932 ||| CASTING Airstrike
 49993 | Depths:2 | 49993 ||| CASTING Airstrike
 49998 | Depths:2 | Reached XP level 22. HP: 175/175 MP: 36/40
 50020 | Depths:2 | 50020 ||| CASTING Airstrike
 50021 | Depths:2 | 50021 ||| CASTING Airstrike
 50022 | Depths:2 | 50022 ||| CASTING Airstrike
 50023 | Depths:2 | 50023 ||| CASTING Airstrike
 50082 | Depths:2 | Found a one-way gate to the infinite horrors of the Abyss.
 50123 | Depths:2 | 50123 ||| CASTING Airstrike
 50124 | Depths:2 | 50124 ||| CASTING Airstrike
 50125 | Depths:2 | 50125 ||| CASTING Airstrike
 50126 | Depths:2 | 50126 ||| CASTING Airstrike
 50127 | Depths:2 | 50127 ||| CASTING Airstrike
 50128 | Depths:2 | 50128 ||| CASTING Airstrike
 50129 | Depths:2 | 50129 ||| CASTING Airstrike
 50373 | Depths:2 | 50373 ||| INVOKING Slouch.
 50443 | Depths:2 | 50443 ||| CASTING Airstrike
 50529 | Depths:2 | 50529 ||| CASTING Airstrike
 50530 | Depths:2 | 50530 ||| CASTING Airstrike
 50580 | Depths:2 | Found Kyj Muarch's General Store.
 50593 | Depths:2 | Bought a potion of heal wounds for 65 gold pieces
 51373 | Depths:3 | 51373 ||| CASTING Airstrike
 51374 | Depths:3 | 51374 ||| CASTING Airstrike
 51375 | Depths:3 | 51375 ||| CASTING Airstrike
 51376 | Depths:3 | 51376 ||| CASTING Airstrike
 51377 | Depths:3 | 51377 ||| CASTING Airstrike
 51378 | Depths:3 | 51378 ||| CASTING Airstrike
 51379 | Depths:3 | 51379 ||| CASTING Airstrike
 51380 | Depths:3 | 51380 ||| CASTING Airstrike
 51381 | Depths:3 | 51381 ||| CASTING Airstrike
 51382 | Depths:3 | 51382 ||| CASTING Airstrike
 51536 | Depths:3 | 51536 ||| CASTING Airstrike
 51537 | Depths:3 | 51537 ||| CASTING Airstrike
 51538 | Depths:3 | 51538 ||| CASTING Airstrike
 51540 | Depths:3 | 51540 ||| CASTING Airstrike
 51721 | Depths:3 | Paralysed by a floating eye for 4 turns
 51786 | Depths:3 | 51786 ||| DRINKING 4 potions of resistance.
 51807 | Depths:3 | Got a heavily runed plate armour
 51881 | Depths:3 | 51881 ||| CASTING Airstrike
 51882 | Depths:3 | 51882 ||| CASTING Airstrike
 51946 | Depths:3 | 51946 ||| CASTING Airstrike
 51947 | Depths:3 | 51947 ||| CASTING Airstrike
 52020 | Depths:3 | 52020 ||| CASTING Airstrike
 52041 | Depths:3 | Found a one-way gate leading to the halls of Pandemonium.
 52125 | Depths:3 | 52125 ||| CASTING Airstrike
 52126 | Depths:3 | 52126 ||| CASTING Airstrike
 52127 | Depths:3 | 52127 ||| CASTING Airstrike
 52213 | Depths:3 | 52213 ||| CASTING Airstrike
 52214 | Depths:3 | 52214 ||| CASTING Airstrike
 52372 | Depths:3 | 52372 ||| CASTING Airstrike
 52472 | Depths:3 | 52472 ||| CASTING Airstrike
 52473 | Depths:3 | 52473 ||| CASTING Airstrike
 52474 | Depths:3 | 52474 ||| CASTING Airstrike
 52476 | Depths:3 | 52476 ||| CASTING Airstrike
 52477 | Depths:3 | 52477 ||| CASTING Airstrike
 52543 | Depths:3 | 52543 ||| CASTING Airstrike
 52544 | Depths:3 | 52544 ||| CASTING Airstrike
 52545 | Depths:3 | 52545 ||| CASTING Airstrike
 52546 | Depths:3 | 52546 ||| CASTING Airstrike
 52547 | Depths:3 | 52547 ||| CASTING Airstrike
 52548 | Depths:3 | 52548 ||| CASTING Airstrike
 52549 | Depths:3 | 52549 ||| CASTING Airstrike
 52556 | Depths:3 | Reached skill level 15 in Axes
 52866 | Depths:3 | 52866 ||| DRINKING 3 potions of resistance.
 52883 | Depths:3 | 52883 ||| CASTING Airstrike
 52884 | Depths:3 | 52884 ||| CASTING Airstrike
 52885 | Depths:3 | 52885 ||| CASTING Airstrike
 52924 | Depths:3 | 52924 ||| EATING 43 rations.
 53034 | Depths:3 | 53034 ||| CASTING Airstrike
 53035 | Depths:3 | 53035 ||| CASTING Airstrike
 53036 | Depths:3 | 53036 ||| CASTING Airstrike
 53037 | Depths:3 | 53037 ||| CASTING Airstrike
 53043 | Depths:3 | 53043 ||| CASTING Airstrike
 53054 | Depths:3 | 53054 ||| CASTING Airstrike
 53055 | Depths:3 | 53055 ||| CASTING Airstrike
 53060 | Depths:3 | 53060 ||| DRINKING 2 potions of resistance.
 53062 | Depths:3 | 53062 ||| INVOKING Slouch.
 53064 | Depths:3 | 53064 ||| INVOKING Slouch.
 53071 | Depths:3 | Noticed a juggernaut
 53092 | Depths:3 | Killed a juggernaut
 53183 | Depths:3 | 53183 ||| CASTING Airstrike
 53184 | Depths:3 | 53184 ||| CASTING Airstrike
 53185 | Depths:3 | 53185 ||| CASTING Airstrike
 53186 | Depths:3 | 53186 ||| CASTING Airstrike
 53187 | Depths:3 | 53187 ||| CASTING Airstrike
 53302 | Depths:3 | Identified the +10 war axe of the Inferno {speed, Str+3}
 53309 | Depths:3 | 53309 ||| INVOKING Slouch.
 53318 | Depths:3 | 53318 ||| INVOKING Slouch.
 53319 | Depths:3 | 53319 ||| INVOKING Slouch.
 53320 | Depths:3 | 53320 ||| INVOKING Slouch.
 53436 | Depths:3 | Found a snail-covered altar of Cheibriados.
 53602 | Depths:3 | Reached XP level 23. HP: 183/183 MP: 41/41
 53631 | Depths:3 | 53631 ||| UPGRADING to heavily runed plate armour.
 53641 | Depths:3 | Identified the cursed +1 plate armour of Hedge Wizardry
                  | {rN++ Regen+ Int-5 Dex+3} (You found it on level 3 of the
                  | Depths)
 53641 | Depths:3 | 53641 ||| READING 15 scrolls of remove curse.
 53642 | Depths:3 | 53642 ||| UPGRADING to +3 plate armour of cold resistance.
 53652 | Depths:3 | 53652 ||| UPGRADING to glowing plate armour.
 53662 | Depths:3 | 53662 ||| DROPPING +0 fire dragon scales.
 53663 | Depths:3 | 53663 ||| DROPPING +1 plate armour of Hedge Wizardry {rN++
                  | Regen+ Int-5 Dex+3}.
 53664 | Depths:3 | 53664 ||| DROPPING +3 plate armour of cold resistance.
 53665 | Depths:3 | 53665 ||| DROPPING +2 plate armour of poison resistance.
 53666 | Depths:3 | 53666 ||| UPGRADING to bone ring.
 53668 | Depths:3 | 53668 ||| READING 14 scrolls of remove curse.
 53669 | Depths:3 | 53669 ||| REMOVING ring of attention.
 53670 | Depths:3 | 53670 ||| DROPPING ring of attention.
 53671 | Depths:3 | 53671 ||| UPGRADING to +4 ring of protection.
 53717 | Depths:4 | Found a gateway to a ziggurat.
 53924 | Depths:4 | 53924 ||| CASTING Airstrike
 53925 | Depths:4 | 53925 ||| CASTING Airstrike
 54001 | Depths:4 | 54001 ||| STAIRDANCE
 54228 | Depths:4 | 54228 ||| STAIRDANCE
 54287 | Depths:4 | 54287 ||| STAIRDANCE
 54360 | Depths:4 | 54360 ||| STAIRDANCE
 54418 | Depths:4 | 54418 ||| STAIRDANCE
 54524 | Depths:4 | 54524 ||| STAIRDANCE
 54567 | Depths:4 | 54567 ||| STAIRDANCE
 54789 | Depths:4 | 54789 ||| STAIRDANCE
 54836 | Depths:4 | 54836 ||| STAIRDANCE
 54854 | Depths:4 | 54854 ||| STAIRDANCE
 54931 | Depths:4 | 54931 ||| STAIRDANCE
 54970 | Depths:4 | 54970 ||| STAIRDANCE
 55044 | Depths:4 | 55044 ||| STAIRDANCE
 55070 | Depths:4 | 55070 ||| STAIRDANCE
 55089 | Depths:4 | 55089 ||| STAIRDANCE
 55136 | Depths:4 | 55136 ||| STAIRDANCE
 55266 | Depths:4 | 55266 ||| STAIRDANCE
 55358 | Depths:4 | 55358 ||| STAIRDANCE
 55411 | Depths:4 | 55411 ||| STAIRDANCE
 55433 | Depths:4 | 55433 ||| STAIRDANCE
 55463 | Depths:4 | 55463 ||| EATING 43 rations.
 55503 | Depths:4 | HP: 42/183 [daeva/divine providence (7)]
 55504 | Depths:4 | 55504 ||| READING 12 scrolls of teleportation.
 55505 | Depths:4 | 55505 ||| DRINKING 6 potions of heal wounds.
 55860 | Depths:4 | 55860 ||| CASTING Airstrike
 55868 | Depths:4 | 55868 ||| CASTING Airstrike
 55945 | Depths:4 | 55945 ||| READING scroll of enchant armour.
 55945 | Depths:4 | 55945 ||| ENCHANTING +1 cloak.
 56530 | Depths:4 | 56530 ||| Stepping ~*~*~tactically~*~*~ (water).
 56534 | Depths:4 | Reached skill level 16 in Invocations
 56669 | Depths:4 | HP: 42/183 [daeva/divine providence (8)]
 56670 | Depths:4 | 56670 ||| READING 11 scrolls of teleportation.
 56671 | Depths:4 | 56671 ||| DRINKING 5 potions of heal wounds.
 57119 | Depths:4 | 57119 ||| CASTING Airstrike
 57120 | Depths:4 | 57120 ||| CASTING Airstrike
 57252 | Depths:4 | HP: 40/183 [daeva/divine providence (7)]
 57253 | Depths:4 | 57253 ||| READING 10 scrolls of teleportation.
 57254 | Depths:4 | 57254 ||| DRINKING 4 potions of heal wounds.
 57598 | Depths:4 | 57598 ||| UPGRADING to ring of ice.
 57600 | Depths:4 | 57600 ||| REMOVING ring of ice.
 57601 | Depths:4 | 57601 ||| UPGRADING to +4 ring of protection.
 57619 | Depths:5 | Entered Level 5 of the Depths
 57630 | Depths:5 | 57630 ||| DRINKING potion of resistance.
 57633 | Depths:5 | 57633 ||| INVOKING Slouch.
 57693 | Depths:5 | 57693 ||| EATING 43 rations.
 57827 | Depths:5 | 57827 ||| CASTING Airstrike
 57828 | Depths:5 | 57828 ||| CASTING Airstrike
 57832 | Depths:5 | Reached skill level 15 in Short Blades
 57832 | Depths:5 | Reached skill level 15 in Long Blades
 57832 | Depths:5 | Reached skill level 15 in Maces & Flails
 57832 | Depths:5 | Reached skill level 15 in Polearms
 57832 | Depths:5 | Reached skill level 15 in Staves
 57832 | Depths:5 | Reached skill level 15 in Slings
 57832 | Depths:5 | Reached skill level 15 in Bows
 57832 | Depths:5 | Reached skill level 15 in Crossbows
 57832 | Depths:5 | Reached skill level 15 in Throwing
 57832 | Depths:5 | Reached skill level 15 in Dodging
 57832 | Depths:5 | Reached skill level 15 in Stealth
 57832 | Depths:5 | Reached skill level 15 in Unarmed Combat
 57832 | Depths:5 | Reached skill level 15 in Spellcasting
 57832 | Depths:5 | Reached skill level 15 in Evocations
 58042 | Depths:5 | Noticed a caustic shrike
 58042 | Depths:5 | Noticed a caustic shrike
 58044 | Depths:5 | Noticed a caustic shrike
 58046 | Depths:5 | 58046 ||| INVOKING Slouch.
 58047 | Depths:5 | Killed a caustic shrike
 58047 | Depths:5 | Noticed a caustic shrike
 58048 | Depths:5 | 58048 ||| INVOKING Slouch.
 58048 | Depths:5 | Killed a caustic shrike
 58048 | Depths:5 | Killed a caustic shrike
 58049 | Depths:5 | 58049 ||| CASTING Airstrike
 58049 | Depths:5 | Noticed a caustic shrike
 58050 | Depths:5 | 58050 ||| CASTING Airstrike
 58050 | Depths:5 | Killed a caustic shrike
 58051 | Depths:5 | 58051 ||| CASTING Airstrike
 58055 | Depths:5 | Killed a caustic shrike
 58401 | Depths:5 | 58401 ||| Stepping randomly (cloudy).
 58402 | Depths:5 | 58402 ||| Stepping ~*~*~tactically~*~*~ (cloud).
 58413 | Depths:5 | 58413 ||| DRINKING 28 potions of curing.
 58413 | Depths:5 | 58413 ||| (to cure confusion)
 58646 | Depths:5 | 58646 ||| CASTING Airstrike
 58651 | Depths:5 | 58651 ||| CASTING Airstrike
 59200 | Depths:5 | Noticed a golden dragon
 59216 | Depths:5 | 59216 ||| Stepping ~*~*~tactically~*~*~ (cloud).
 59217 | Depths:5 | 59217 ||| Stepping ~*~*~tactically~*~*~ (cloud).
 59231 | Depths:5 | Killed a golden dragon
 59231 | Depths:5 | Reached XP level 24. HP: 49/191 MP: 24/42
 59232 | Depths:5 | HP: 47/191 [poisoned by a green draconian (blast of
                  | poison)]
 59237 | Depths:5 | HP: 41/191 [poisoned by a green draconian (blast of
                  | poison)]
 59242 | Depths:5 | HP: 37/191 [poisoned by a green draconian (blast of
                  | poison)]
 59248 | Depths:5 | HP: 35/191 [poisoned by a green draconian (blast of
                  | poison)]
 59253 | Depths:5 | HP: 33/191 [poisoned by a green draconian (blast of
                  | poison)]
 59258 | Depths:5 | HP: 32/191 [poisoned by a green draconian (blast of
                  | poison)]
 59263 | Depths:5 | HP: 32/191 [poisoned by a green draconian (blast of
                  | poison)]
 59268 | Depths:5 | HP: 32/191 [poisoned by a green draconian (blast of
                  | poison)]
 59275 | Depths:5 | HP: 33/191 [poisoned by a green draconian (blast of
                  | poison)]
 59280 | Depths:5 | HP: 34/191 [poisoned by a green draconian (blast of
                  | poison)]
 59286 | Depths:5 | HP: 35/191 [poisoned by a green draconian (blast of
                  | poison)]
 59292 | Depths:5 | HP: 37/191 [poisoned by a green draconian (blast of
                  | poison)]
 59298 | Depths:5 | HP: 38/191 [poisoned by a green draconian (blast of
                  | poison)]
 59674 | Depths:5 | Found a gate to the Realm of Zot.
 59747 | Depths:5 | Found a runed translucent door.
 59747 | Depths:5 | Noticed a juggernaut
 59801 | Depths:5 | 59801 ||| EATING 44 rations.
 60175 | Vaults:5 | Entered Level 5 of the Vaults
 60176 | Vaults:5 | 60176 ||| INVOKING Slouch.
 60177 | Vaults:5 | 60177 ||| STAIRDANCE
 60177 | Vaults:5 | Noticed an ancient lich
 60207 | Vaults:5 | 60207 ||| STAIRDANCE
 60283 | Vaults:5 | 60283 ||| STAIRDANCE
 60285 | Vaults:4 | 60285 ||| INVOKING Slouch.
 60329 | Vaults:5 | 60329 ||| STAIRDANCE
 60451 | Vaults:5 | HP: 43/193 [iron dragon (8)]
 60452 | Vaults:5 | 60452 ||| READING 9 scrolls of teleportation.
 60453 | Vaults:5 | 60453 ||| DRINKING 4 potions of heal wounds.
 60455 | Vaults:5 | 60455 ||| DRINKING 3 potions of heal wounds.
 60458 | Vaults:5 | 60458 ||| INVOKING Slouch.
 60463 | Vaults:5 | HP: 29/193 [???[an ancient lich] (20)]
 60464 | Vaults:5 | 60464 ||| READING 8 scrolls of teleportation.
 60465 | Vaults:5 | 60465 ||| DRINKING 2 potions of heal wounds.
 60467 | Vaults:5 | 60467 ||| DRINKING potion of heal wounds.
 60479 | Vaults:5 | HP: 46/193 [golden dragon/bolt of fire (11)]
 60480 | Vaults:5 | 60480 ||| READING 7 scrolls of teleportation.
 60484 | Vaults:5 | 60484 ||| READING 6 scrolls of teleportation.
 60485 | Vaults:5 | HP: 47/193 [poisoned by a vault warden]
 60510 | Vaults:5 | HP: 42/193 [stone giant (15)]
 60570 | Vaults:5 | Identified the cursed +1 scythe of Disarray {vorpal, rN+
                  | SInv}
 60597 | Vaults:5 | HP: 43/193 [???[an ancient lich] (22)]
 60602 | Vaults:5 | Killed an ancient lich
 60609 | Vaults:5 | HP: 9/193 [tengu reaver/bolt of magma (24)]
 60620 | Vaults:5 | HP: 26/193 [shadow dragon/bolt of negative energy (15)]
 60729 | Vaults:5 | Identified the ring "Ytuor" {+Fly rN+ Str+3 Dex+4}
 60746 | Vaults:5 | HP: 39/193 [deep elf high priest/damnation (24)]
 60751 | Vaults:5 | HP: 35/193 [deep elf high priest/divine providence (8)]
 60761 | Vaults:5 | HP: 44/193 [deep elf mage/bolt of magma (3)]
 60773 | Vaults:5 | HP: 46/193 [deep elf high priest/divine providence (10)]
 61158 | Vaults:5 | 61158 ||| CASTING Airstrike
 61159 | Vaults:5 | 61159 ||| CASTING Airstrike
 61272 | Vaults:5 | 61272 ||| CASTING Airstrike
 61331 | Vaults:5 | 61331 ||| CASTING Airstrike
 61332 | Vaults:5 | 61332 ||| CASTING Airstrike
 61333 | Vaults:5 | 61333 ||| CASTING Airstrike
 61334 | Vaults:5 | 61334 ||| CASTING Airstrike
 61384 | Vaults:5 | 61384 ||| STAIRDANCE
 61544 | Vaults:4 | 61544 ||| UPGRADING to pair of runed boots.
 61554 | Vaults:4 | 61554 ||| UPGRADING to +2 pair of boots.
 61564 | Vaults:4 | 61564 ||| DROPPING +0 pair of boots of stealth.
 61565 | Vaults:4 | 61565 ||| UPGRADING to +1 pair of boots of the Swamp {rF+
                  | SInv Stlth+}.
 61575 | Vaults:4 | 61575 ||| DROPPING bolt.
 61578 | Vaults:5 | 61578 ||| STAIRDANCE
 61908 | Vaults:5 | Reached skill level 17 in Invocations
 61933 | Vaults:5 | Identified the +6 scale mail of Goli {rC- rN+++ Regen+}
 61974 | Vaults:5 | Got a pair of encrusted gloves
 61997 | Vaults:5 | Reached XP level 25. HP: 177/200 MP: 39/42
 62075 | Vaults:5 | Identified the +0 pair of gloves of Light {+Blink +Inv}
                  | (You found it on level 5 of the Vaults)
 62127 | Vaults:5 | 62127 ||| CASTING Airstrike
 62128 | Vaults:5 | 62128 ||| CASTING Airstrike
 62129 | Vaults:5 | 62129 ||| CASTING Airstrike
 62130 | Vaults:5 | 62130 ||| CASTING Airstrike
 62185 | Vaults:5 | 62185 ||| CASTING Airstrike
 62186 | Vaults:5 | 62186 ||| CASTING Airstrike
 62187 | Vaults:5 | 62187 ||| CASTING Airstrike
 62188 | Vaults:5 | 62188 ||| CASTING Airstrike
 62189 | Vaults:5 | 62189 ||| CASTING Airstrike
 62389 | Vaults:5 | Identified the ring "Ylympe" {rF+ rCorr Int+4}
 62420 | Vaults:5 | 62420 ||| CASTING Airstrike
 62421 | Vaults:5 | 62421 ||| CASTING Airstrike
 62422 | Vaults:5 | 62422 ||| CASTING Airstrike
 62467 | Vaults:5 | 62467 ||| Stepping ~*~*~tactically~*~*~ (cloud).
 62559 | Vaults:5 | 62559 ||| CASTING Airstrike
 63230 | Vaults:5 | Got a silver rune of Zot
 63232 | Vaults:5 | Got a pair of warped gloves
 63292 | Vaults:5 | 63292 ||| CASTING Airstrike
 63293 | Vaults:5 | 63293 ||| CASTING Airstrike
 63294 | Vaults:5 | 63294 ||| CASTING Airstrike
 63394 | Vaults:5 | 63394 ||| UPGRADING to pair of warped gloves.
 63404 | Vaults:5 | Identified the +1 pair of gloves of Liberty {rN+} (You
                  | found it on level 5 of the Vaults)
 63404 | Vaults:5 | 63404 ||| DROPPING +0 pair of gloves of Light {+Blink
                  | +Inv}.
 63405 | Vaults:5 | 63405 ||| UPGRADING to +2 pair of gloves.
 63415 | Vaults:5 | 63415 ||| DROPPING +1 pair of gloves of Liberty {rN+}.
 63416 | Vaults:5 | 63416 ||| DROPPING ring of protection from fire.
 63866 | Crypt:1  | Entered Level 1 of the Crypt
 63867 | Crypt:1  | 63867 ||| Entered C.
 63880 | Crypt:1  | 63880 ||| INVOKING Slouch.
 63882 | Crypt:1  | HP: 37/200 [flayed ghost/flay_damage[a vampire mage] (22)]
 63883 | Crypt:1  | 63883 ||| READING 4 scrolls of teleportation.
 64062 | Crypt:1  | 64062 ||| CASTING Airstrike
 64063 | Crypt:1  | 64063 ||| CASTING Airstrike
 64069 | Crypt:1  | 64069 ||| CASTING Airstrike
 64070 | Crypt:1  | 64070 ||| CASTING Airstrike
 64135 | Crypt:1  | 64135 ||| INVOKING Slouch.
 64562 | Vaults:5 | Learned a level 6 spell: Shadow Creatures
 64792 | Crypt:1  | 64792 ||| CASTING Airstrike
 64942 | Crypt:1  | 64942 ||| CASTING Airstrike
 64943 | Crypt:1  | 64943 ||| CASTING Airstrike
 64997 | Crypt:1  | 64997 ||| CASTING Airstrike
 64998 | Crypt:1  | 64998 ||| CASTING Airstrike
 64999 | Crypt:1  | 64999 ||| CASTING Airstrike
 65000 | Crypt:1  | 65000 ||| CASTING Airstrike
 65001 | Crypt:1  | 65001 ||| CASTING Airstrike
 65003 | Crypt:1  | 65003 ||| CASTING Airstrike
 65004 | Crypt:1  | 65004 ||| CASTING Airstrike
 65005 | Crypt:1  | 65005 ||| CASTING Airstrike
 65006 | Crypt:1  | 65006 ||| CASTING Airstrike
 65007 | Crypt:1  | 65007 ||| CASTING Airstrike
 65007 | Crypt:1  | Noticed Jory
 65019 | Crypt:1  | Killed Jory
 65027 | Crypt:1  | 65027 ||| CASTING Airstrike
 65028 | Crypt:1  | 65028 ||| CASTING Airstrike
 65031 | Crypt:1  | 65031 ||| CASTING Airstrike
 65200 | Crypt:1  | 65200 ||| CASTING Airstrike
 65201 | Crypt:1  | 65201 ||| CASTING Airstrike
 65231 | Crypt:1  | 65231 ||| CASTING Airstrike
 65232 | Crypt:1  | 65232 ||| CASTING Airstrike
 65233 | Crypt:1  | 65233 ||| CASTING Airstrike
 65239 | Crypt:1  | Noticed Khufu
 65265 | Crypt:1  | HP: 42/201 [Khufu/divine providence (10)]
 65266 | Crypt:1  | 65266 ||| READING 3 scrolls of teleportation.
 65268 | Crypt:1  | HP: 18/201 [emperor scorpion[Khufu] (12)]
 65270 | Crypt:1  | 65270 ||| DRINKING 13 potions of curing.
 65270 | Crypt:1  | 65270 ||| (to cure poison)
 65719 | Crypt:1  | 65719 ||| CASTING Shadow Creatures
 65720 | Crypt:1  | 65720 ||| CASTING Shadow Creatures
 65731 | Crypt:1  | Noticed Margery
 65757 | Crypt:1  | Killed Margery
 65898 | Crypt:1  | Noticed Sojobo
 65916 | Crypt:1  | Killed Sojobo
 65934 | Crypt:1  | HP: 46/201 [Khufu (16)]
 65935 | Crypt:1  | 65935 ||| READING 2 scrolls of teleportation.
 65939 | Crypt:1  | Killed Khufu
 65941 | Crypt:1  | HP: 46/201 [poisoned by a tengu reaver (bolt of poison)]
 65947 | Crypt:1  | HP: 48/201 [poisoned by a tengu reaver (bolt of poison)]
 66090 | Crypt:1  | 66090 ||| CASTING Shadow Creatures
 66346 | Crypt:1  | 66346 ||| CASTING Shadow Creatures
 66356 | Crypt:1  | 66356 ||| CASTING Shadow Creatures
 66357 | Crypt:1  | 66357 ||| CASTING Shadow Creatures
 66358 | Crypt:1  | 66358 ||| CASTING Shadow Creatures
 66509 | Crypt:1  | 66509 ||| CASTING Shadow Creatures
 66511 | Crypt:1  | 66511 ||| CASTING Shadow Creatures
 66512 | Crypt:1  | 66512 ||| CASTING Shadow Creatures
 66567 | Crypt:1  | 66567 ||| EATING 43 rations.
 66644 | Crypt:1  | 66644 ||| CASTING Shadow Creatures
 66647 | Crypt:1  | 66647 ||| CASTING Shadow Creatures
 67013 | Crypt:2  | 67013 ||| CASTING Shadow Creatures
 67053 | Crypt:2  | 67053 ||| CASTING Shadow Creatures
 67054 | Crypt:2  | 67054 ||| CASTING Shadow Creatures
 67055 | Crypt:2  | 67055 ||| CASTING Shadow Creatures
 67056 | Crypt:2  | 67056 ||| CASTING Shadow Creatures
 67153 | Crypt:2  | 67153 ||| CASTING Shadow Creatures
 67154 | Crypt:2  | 67154 ||| CASTING Shadow Creatures
 67155 | Crypt:2  | 67155 ||| CASTING Shadow Creatures
 67171 | Crypt:2  | 67171 ||| CASTING Shadow Creatures
 67213 | Crypt:2  | 67213 ||| INVOKING Slouch.
 67291 | Crypt:2  | 67291 ||| Stepping randomly (cloudy).
 67314 | Crypt:2  | Noticed Xtahua
 67314 | Crypt:2  | Noticed Frederick
 67316 | Crypt:2  | 67316 ||| INVOKING Slouch.
 67317 | Crypt:2  | 67317 ||| INVOKING Slouch.
 67321 | Crypt:2  | 67321 ||| INVOKING Slouch.
 67322 | Crypt:2  | Killed Xtahua
 67325 | Crypt:2  | Killed Frederick
 67325 | Crypt:2  | Reached XP level 26. HP: 153/208 MP: 24/43
 67949 | Crypt:2  | 67949 ||| Stepping ~*~*~tactically~*~*~ (cloud).
 68036 | Crypt:2  | 68036 ||| EATING 44 rations.
 68063 | Crypt:2  | 68063 ||| UPGRADING to runed brass ring.
 68065 | Crypt:2  | 68065 ||| DROPPING +4 ring of protection.
 68072 | Crypt:3  | Entered Level 3 of the Crypt
 68112 | Crypt:3  | 68112 ||| CASTING Shadow Creatures
 68139 | Crypt:3  | 68139 ||| CASTING Shadow Creatures
 68140 | Crypt:3  | 68140 ||| CASTING Shadow Creatures
 68141 | Crypt:3  | 68141 ||| CASTING Shadow Creatures
 68143 | Crypt:3  | 68143 ||| CASTING Shadow Creatures
 68292 | Crypt:3  | 68292 ||| CASTING Shadow Creatures
 68338 | Crypt:3  | Found a staircase to the Tomb.
 68346 | Crypt:3  | Identified Fanumeuwn's Collected Works on Conjuration and
                  | Snow
 68439 | Crypt:3  | 68439 ||| CASTING Shadow Creatures
 68440 | Crypt:3  | 68440 ||| CASTING Shadow Creatures
 68487 | Crypt:3  | 68487 ||| CASTING Shadow Creatures
 68564 | Crypt:3  | 68564 ||| CASTING Shadow Creatures
 68565 | Crypt:3  | 68565 ||| CASTING Shadow Creatures
 68566 | Crypt:3  | 68566 ||| CASTING Shadow Creatures
 68567 | Crypt:3  | 68567 ||| CASTING Shadow Creatures
 68576 | Crypt:3  | 68576 ||| CASTING Shadow Creatures
 68690 | Crypt:3  | 68690 ||| CASTING Shadow Creatures
 68691 | Crypt:3  | 68691 ||| CASTING Shadow Creatures
 68856 | Crypt:3  | Found an ancient bone altar of Kikubaaqudgha.
 68856 | Crypt:3  | Noticed an ancient lich
 68861 | Crypt:3  | Killed an ancient lich
 68932 | Crypt:3  | Identified the Collected Works on Dark Magic
 68975 | Crypt:3  | 68975 ||| CASTING Shadow Creatures
 69005 | Crypt:3  | 69005 ||| CASTING Shadow Creatures
 69132 | Crypt:3  | 69132 ||| CASTING Shadow Creatures
 69133 | Crypt:3  | 69133 ||| CASTING Shadow Creatures
 69169 | Crypt:3  | 69169 ||| CASTING Shadow Creatures
 69170 | Crypt:3  | 69170 ||| CASTING Shadow Creatures
 69219 | Crypt:3  | 69219 ||| CASTING Shadow Creatures
 69220 | Crypt:3  | 69220 ||| CASTING Shadow Creatures
 69259 | Crypt:3  | 69259 ||| CASTING Shadow Creatures
 69295 | Crypt:3  | 69295 ||| CASTING Shadow Creatures
 69355 | Crypt:3  | 69355 ||| CASTING Shadow Creatures
 69356 | Crypt:3  | 69356 ||| CASTING Shadow Creatures
 69357 | Crypt:3  | 69357 ||| CASTING Shadow Creatures
 69358 | Crypt:3  | 69358 ||| CASTING Shadow Creatures
 69359 | Crypt:3  | 69359 ||| CASTING Shadow Creatures
 69541 | Crypt:3  | Got a polished cloak
 69763 | Crypt:3  | 69763 ||| CASTING Shadow Creatures
 69769 | Crypt:3  | 69769 ||| CASTING Shadow Creatures
 69813 | Crypt:3  | 69813 ||| UPGRADING to polished cloak.
 69823 | Crypt:3  | Identified the +2 cloak of Responsibility {Harm rF- Int+2}
                  | (You found it on level 3 of the Crypt)
 69823 | Crypt:3  | 69823 ||| UPGRADING to +2 cloak.
 69833 | Crypt:3  | 69833 ||| DROPPING +2 cloak of Responsibility {Harm rF-
                  | Int+2}.
 69834 | Crypt:3  | 69834 ||| READING 3 scrolls of teleportation.
 69837 | Crypt:3  | 69837 ||| READING 2 scrolls of teleportation.
 69905 | Crypt:3  | Identified the Grimoire of Ice and Poison
 70397 | Depths:5 | Killed a juggernaut
 70408 | Depths:5 | Reached skill level 18 in Invocations
 70723 | Elf:1    | Entered Level 1 of the Elven Halls
 70724 | Elf:1    | 70724 ||| Entered E.
 70774 | Elf:1    | 70774 ||| CASTING Shadow Creatures
 70775 | Elf:1    | 70775 ||| CASTING Shadow Creatures
 70852 | Elf:1    | Found Qemomas's Jewellery Emporium.
 71049 | Elf:1    | Bought the ring "Fyuffoer" {rElec rF+ Int+4 Stlth-} for 782
                  | gold pieces
 71049 | Elf:1    | Bought the ring of the Raven {rC+ EV+4 Str+3 Int+3} for
                  | 1064 gold pieces
 71049 | Elf:1    | Bought an uncursed ring of resist corrosion for 340 gold
                  | pieces
 71120 | Elf:1    | 71120 ||| CASTING Shadow Creatures
 71121 | Elf:1    | 71121 ||| CASTING Shadow Creatures
 71182 | Elf:1    | Cast into level 3 of the Abyss (+0 halberd of distortion)
 71189 | Abyss:3  | Got a pair of heavily runed boots
 71354 | Abyss:3  | Found a transporter.
 71661 | Abyss:3  | 71661 ||| INVOKING Slouch.
 71662 | Abyss:3  | 71662 ||| INVOKING Slouch.
 71668 | Elf:1    | Escaped the Abyss
 71672 | Elf:1    | 71672 ||| EATING 45 rations.
 72175 | Elf:1    | 72175 ||| CASTING Shadow Creatures
 72176 | Elf:1    | 72176 ||| CASTING Shadow Creatures
 72177 | Elf:1    | 72177 ||| CASTING Shadow Creatures
 72316 | Elf:1    | Identified Cigotuvi's Reference Book on Shifting Dark Magic
 72496 | Elf:1    | 72496 ||| CASTING Shadow Creatures
 72967 | Elf:1    | 72967 ||| CASTING Shadow Creatures
 73014 | Elf:1    | 73014 ||| UPGRADING to pair of heavily runed boots.
 73024 | Elf:1    | Identified the +0 pair of boots "Uteiq" {Dex+3} (You found
                  | it on level 3 of the Abyss)
 73024 | Elf:1    | 73024 ||| UPGRADING to +2 pair of boots.
 73034 | Elf:1    | 73034 ||| UPGRADING to +1 pair of boots of the Swamp {rF+
                  | SInv Stlth+}.
 73044 | Elf:1    | 73044 ||| DROPPING +0 pair of boots "Uteiq" {Dex+3}.
 73045 | Elf:1    | 73045 ||| DROPPING ring of ice.
 73046 | Elf:1    | 73046 ||| UPGRADING to large wooden ring.
 73048 | Elf:1    | 73048 ||| REMOVING ring of wizardry.
 73049 | Elf:1    | 73049 ||| DROPPING ring of wizardry.
 73050 | Elf:1    | 73050 ||| UPGRADING to ring "Ylympe" {rF+ rCorr Int+4}.
 73051 | Elf:1    | 73051 ||| UPGRADING to ring "Fyuffoer" {rElec rF+ Int+4
                  | Stlth-}.
 73053 | Elf:1    | 73053 ||| UPGRADING to +4 ring of protection.
 73055 | Elf:1    | 73055 ||| UPGRADING to ring of the Raven {rC+ EV+4 Str+3
                  | Int+3}.
 73057 | Elf:1    | 73057 ||| DROPPING ring of protection from fire.
 73058 | Elf:1    | 73058 ||| DROPPING +4 ring of protection.
 73061 | Elf:2    | Found Ofaes's Magic Scroll Emporium.
 73156 | Elf:2    | Bought a scroll of enchant armour for 112 gold pieces
 73156 | Elf:2    | Bought a scroll of teleportation for 45 gold pieces
 73156 | Elf:2    | Bought a scroll of teleportation for 45 gold pieces
 73156 | Elf:2    | Bought a scroll of acquirement for 780 gold pieces
 73156 | Elf:2    | 73156 ||| READING scroll of acquirement.
 73156 | Elf:2    | 73156 ||| ACQUIRING ring of Hen Its {rPois rC+}
 73156 | Elf:2    | Acquired the ring of Hen Its {rPois rC+}
 73158 | Elf:2    | 73158 ||| DROPPING ring of ice.
 73358 | Elf:2    | 73358 ||| READING 7 scrolls of teleportation.
 73358 | Elf:2    | Identified the ring "Tephou Doufo" {rF+ rC+ Dex+2 SInv}
 73591 | Elf:2    | 73591 ||| CASTING Shadow Creatures
 73592 | Elf:2    | 73592 ||| CASTING Shadow Creatures
 73593 | Elf:2    | 73593 ||| CASTING Shadow Creatures
 73913 | Elf:2    | 73913 ||| CASTING Shadow Creatures
 73974 | Elf:2    | Found a runed translucent gate.
 73974 | Elf:2    | Found a runed translucent gate.
 73974 | Elf:2    | Found a runed translucent gate.
 74201 | Elf:3    | Entered Level 3 of the Elven Halls
 74301 | Elf:3    | 74301 ||| CASTING Shadow Creatures
 74302 | Elf:3    | 74302 ||| CASTING Shadow Creatures
 74303 | Elf:3    | 74303 ||| CASTING Shadow Creatures
 74304 | Elf:3    | 74304 ||| CASTING Shadow Creatures
 74537 | Elf:3    | 74537 ||| CASTING Shadow Creatures
 74621 | Elf:3    | 74621 ||| CASTING Shadow Creatures
 74626 | Elf:3    | Reached XP level 27. HP: 216/216 MP: 38/44
 74633 | Elf:3    | 74633 ||| INVOKING Slouch.
 74634 | Elf:3    | 74634 ||| INVOKING Slouch.
 74635 | Elf:3    | 74635 ||| INVOKING Slouch.
 74636 | Elf:3    | 74636 ||| INVOKING Slouch.
 74637 | Elf:3    | 74637 ||| INVOKING Slouch.
 74638 | Elf:3    | 74638 ||| INVOKING Slouch.
 74639 | Elf:3    | 74639 ||| INVOKING Slouch.
 74640 | Elf:3    | 74640 ||| INVOKING Slouch.
 74641 | Elf:3    | 74641 ||| INVOKING Slouch.
 74642 | Elf:3    | 74642 ||| INVOKING Slouch.
 74642 | Elf:3    | Lost mutation: Your spells are a little harder to cast, but
                  | a little more powerful. [a neqoxec]
 74643 | Elf:3    | 74643 ||| INVOKING Slouch.
 74644 | Elf:3    | 74644 ||| INVOKING Slouch.
 74645 | Elf:3    | 74645 ||| INVOKING Slouch.
 74654 | Elf:3    | Reached skill level 18 in Fighting
 74654 | Elf:3    | Reached skill level 18 in Armour
 74654 | Elf:3    | Reached skill level 18 in Shields
 74899 | Elf:3    | Identified Sif Muna's Handbook of Cold and Heat
 75423 | Elf:3    | Found Edapaoz's Armour Boutique.
 75603 | Elf:3    | Found the +10 Black Knight's horse barding {ponderous,
                  | rPois rN+}
 75606 | Elf:3    | Identified the Incunabulum of Snow and Clay
 75628 | Elf:3    | 75628 ||| UPGRADING to twisted pearl ring.
 75630 | Elf:3    | 75630 ||| UPGRADING to ring of Hen Its {rPois rC+}.
 75632 | Elf:3    | 75632 ||| UPGRADING to ring "Tephou Doufo" {rF+ rC+ Dex+2
                  | SInv}.
 75634 | Elf:3    | 75634 ||| DROPPING ring of protection from cold.
 75635 | Elf:3    | 75635 ||| UPGRADING to ring of the Raven {rC+ EV+4 Str+3
                  | Int+3}.
 75637 | Elf:3    | 75637 ||| READING 6 scrolls of teleportation.
 75847 | Elf:3    | Learned a level 8 spell: Ignition
 75942 | Elf:3    | 75942 ||| READING 5 scrolls of teleportation.
 75946 | Elf:3    | 75946 ||| READING 4 scrolls of teleportation.
 75950 | Elf:3    | 75950 ||| READING 3 scrolls of teleportation.
 76078 | Orc:2    | 76078 ||| EATING 51 rations.
 76281 | Depths:2 | Voluntarily entered the Abyss.
 76321 | Abyss:1  | 76321 ||| Stepping ~*~*~tactically~*~*~ (stealth).
 76324 | Abyss:1  | 76324 ||| Stepping ~*~*~tactically~*~*~ (stealth).
 76328 | Abyss:1  | 76328 ||| Stepping ~*~*~tactically~*~*~ (stealth).
 76330 | Abyss:1  | 76330 ||| Stepping ~*~*~tactically~*~*~ (stealth).
 76334 | Abyss:1  | 76334 ||| Stepping ~*~*~tactically~*~*~ (stealth).
 76336 | Abyss:1  | 76336 ||| Stepping ~*~*~tactically~*~*~ (stealth).
 76337 | Abyss:1  | 76337 ||| Stepping ~*~*~tactically~*~*~ (stealth).
 76343 | Abyss:1  | 76343 ||| Stepping ~*~*~tactically~*~*~ (stealth).
 76344 | Abyss:1  | 76344 ||| Stepping ~*~*~tactically~*~*~ (stealth).
 76351 | Abyss:1  | 76351 ||| Stepping ~*~*~tactically~*~*~ (hiding).
 76371 | Abyss:1  | 76371 ||| Stepping ~*~*~tactically~*~*~ (stealth).
 76384 | Abyss:1  | 76384 ||| INVOKING Slouch.
 76502 | Abyss:2  | 76502 ||| Stepping ~*~*~tactically~*~*~ (hiding).
 76504 | Abyss:2  | 76504 ||| Stepping ~*~*~tactically~*~*~ (hiding).
 76542 | Abyss:2  | 76542 ||| INVOKING Slouch.
 76543 | Abyss:2  | 76543 ||| INVOKING Slouch.
 76558 | Abyss:2  | 76558 ||| Stepping ~*~*~tactically~*~*~ (stealth).
 76560 | Abyss:2  | 76560 ||| Stepping ~*~*~tactically~*~*~ (stealth).
 76562 | Abyss:2  | 76562 ||| Stepping ~*~*~tactically~*~*~ (stealth).
 76565 | Abyss:2  | 76565 ||| Stepping ~*~*~tactically~*~*~ (stealth).
 76605 | Abyss:2  | 76605 ||| Stepping ~*~*~tactically~*~*~ (stealth).
 76607 | Abyss:2  | 76607 ||| Stepping ~*~*~tactically~*~*~ (stealth).
 76616 | Abyss:2  | 76616 ||| Stepping ~*~*~tactically~*~*~ (stealth).
 76619 | Abyss:2  | 76619 ||| Stepping ~*~*~tactically~*~*~ (stealth).
 76622 | Abyss:2  | 76622 ||| Stepping ~*~*~tactically~*~*~ (stealth).
 76668 | Abyss:2  | 76668 ||| Stepping ~*~*~tactically~*~*~ (stealth).
 76670 | Abyss:2  | 76670 ||| Stepping ~*~*~tactically~*~*~ (stealth).
 76671 | Abyss:2  | 76671 ||| Stepping ~*~*~tactically~*~*~ (stealth).
 76683 | Abyss:2  | 76683 ||| Stepping ~*~*~tactically~*~*~ (stealth).
 76689 | Abyss:2  | 76689 ||| Stepping ~*~*~tactically~*~*~ (stealth).
 76880 | Abyss:2  | Paralysed by accursed screaming for 1 turns
 76967 | Abyss:2  | 76967 ||| Stepping ~*~*~tactically~*~*~ (stealth).
 76980 | Abyss:2  | 76980 ||| Stepping ~*~*~tactically~*~*~ (stealth).
 76982 | Abyss:2  | 76982 ||| Stepping ~*~*~tactically~*~*~ (hiding).
 77008 | Abyss:2  | 77008 ||| Stepping ~*~*~tactically~*~*~ (stealth).
 77035 | Depths:2 | Escaped the Abyss
 77105 | Depths:2 | Voluntarily entered the Abyss.
 77106 | Abyss:1  | Found a corrupted altar of Lugonu.
 77109 | Abyss:1  | Found an ornate altar of the Wu Jian Council.
 77116 | Abyss:1  | Found a corrupted altar of Lugonu.
 77237 | Abyss:2  | Found a corrupted altar of Lugonu.
 77259 | Abyss:2  | 77259 ||| Stepping ~*~*~tactically~*~*~ (stealth).
 77264 | Abyss:2  | 77264 ||| Stepping ~*~*~tactically~*~*~ (stealth).
 77272 | Abyss:2  | 77272 ||| Stepping ~*~*~tactically~*~*~ (stealth).
 77276 | Abyss:2  | 77276 ||| Stepping ~*~*~tactically~*~*~ (stealth).
 77318 | Abyss:2  | 77318 ||| Stepping ~*~*~tactically~*~*~ (stealth).
 77376 | Abyss:2  | 77376 ||| Stepping ~*~*~tactically~*~*~ (stealth).
 77381 | Abyss:2  | 77381 ||| Stepping ~*~*~tactically~*~*~ (stealth).
 77386 | Abyss:2  | 77386 ||| Stepping ~*~*~tactically~*~*~ (stealth).
 77412 | Abyss:2  | 77412 ||| Stepping ~*~*~tactically~*~*~ (stealth).
 77413 | Abyss:2  | 77413 ||| Stepping ~*~*~tactically~*~*~ (stealth).
 77415 | Abyss:2  | 77415 ||| Stepping ~*~*~tactically~*~*~ (stealth).
 77605 | Abyss:2  | 77605 ||| Stepping ~*~*~tactically~*~*~ (hiding).
 77633 | Abyss:2  | 77633 ||| Stepping ~*~*~tactically~*~*~ (stealth).
 77634 | Abyss:2  | 77634 ||| Stepping ~*~*~tactically~*~*~ (stealth).
 77636 | Abyss:2  | 77636 ||| Stepping ~*~*~tactically~*~*~ (stealth).
 77639 | Abyss:2  | 77639 ||| Stepping ~*~*~tactically~*~*~ (stealth).
 77645 | Abyss:2  | 77645 ||| Stepping ~*~*~tactically~*~*~ (hiding).
 77646 | Abyss:2  | 77646 ||| Stepping ~*~*~tactically~*~*~ (hiding).
 77657 | Abyss:2  | 77657 ||| Stepping ~*~*~tactically~*~*~ (stealth).
 77696 | Abyss:2  | 77696 ||| Stepping ~*~*~tactically~*~*~ (stealth).
 77697 | Abyss:2  | 77697 ||| Stepping ~*~*~tactically~*~*~ (stealth).
 77698 | Abyss:2  | 77698 ||| Stepping ~*~*~tactically~*~*~ (stealth).
 77722 | Abyss:2  | 77722 ||| Stepping ~*~*~tactically~*~*~ (stealth).
 77724 | Abyss:2  | 77724 ||| Stepping ~*~*~tactically~*~*~ (stealth).
 77725 | Abyss:2  | 77725 ||| Stepping ~*~*~tactically~*~*~ (stealth).
 77731 | Abyss:2  | 77731 ||| Stepping ~*~*~tactically~*~*~ (stealth).
 77742 | Abyss:2  | 77742 ||| Stepping ~*~*~tactically~*~*~ (stealth).
 77745 | Abyss:2  | 77745 ||| Stepping ~*~*~tactically~*~*~ (stealth).
 77746 | Abyss:2  | 77746 ||| Stepping ~*~*~tactically~*~*~ (stealth).
 77748 | Abyss:2  | 77748 ||| Stepping ~*~*~tactically~*~*~ (stealth).
 77750 | Abyss:2  | 77750 ||| Stepping ~*~*~tactically~*~*~ (stealth).
 77782 | Abyss:2  | 77782 ||| Stepping ~*~*~tactically~*~*~ (stealth).
 77789 | Abyss:2  | 77789 ||| Stepping ~*~*~tactically~*~*~ (stealth).
 77810 | Abyss:2  | 77810 ||| Stepping ~*~*~tactically~*~*~ (hiding).
 77827 | Abyss:2  | 77827 ||| Stepping ~*~*~tactically~*~*~ (stealth).
 77832 | Abyss:2  | 77832 ||| Stepping ~*~*~tactically~*~*~ (stealth).
 77836 | Abyss:2  | 77836 ||| Stepping ~*~*~tactically~*~*~ (stealth).
 77839 | Abyss:2  | 77839 ||| Stepping ~*~*~tactically~*~*~ (stealth).
 77840 | Abyss:2  | 77840 ||| Stepping ~*~*~tactically~*~*~ (stealth).
 77842 | Abyss:2  | 77842 ||| Stepping ~*~*~tactically~*~*~ (stealth).
 77847 | Abyss:2  | 77847 ||| Stepping ~*~*~tactically~*~*~ (stealth).
 77849 | Abyss:2  | 77849 ||| Stepping ~*~*~tactically~*~*~ (stealth).
 77850 | Abyss:2  | 77850 ||| Stepping ~*~*~tactically~*~*~ (stealth).
 77852 | Abyss:2  | 77852 ||| Stepping ~*~*~tactically~*~*~ (stealth).
 77853 | Abyss:2  | 77853 ||| Stepping ~*~*~tactically~*~*~ (stealth).
 77854 | Abyss:2  | 77854 ||| Stepping ~*~*~tactically~*~*~ (stealth).
 77874 | Abyss:2  | 77874 ||| Stepping ~*~*~tactically~*~*~ (stealth).
 77885 | Abyss:2  | 77885 ||| Stepping ~*~*~tactically~*~*~ (stealth).
 77889 | Abyss:2  | 77889 ||| Stepping ~*~*~tactically~*~*~ (stealth).
 77891 | Abyss:2  | 77891 ||| Stepping ~*~*~tactically~*~*~ (stealth).
 77894 | Abyss:2  | 77894 ||| Stepping ~*~*~tactically~*~*~ (stealth).
 77896 | Abyss:2  | 77896 ||| Stepping ~*~*~tactically~*~*~ (stealth).
 77906 | Abyss:2  | 77906 ||| Stepping ~*~*~tactically~*~*~ (stealth).
 77933 | Abyss:2  | 77933 ||| Stepping ~*~*~tactically~*~*~ (hiding).
 77936 | Abyss:2  | 77936 ||| Stepping ~*~*~tactically~*~*~ (hiding).
 77959 | Abyss:2  | Got a glimmering great sword
 77983 | Abyss:2  | 77983 ||| DROPPING glimmering great sword.
 78040 | Abyss:2  | 78040 ||| Stepping ~*~*~tactically~*~*~ (hiding).
 78067 | Abyss:2  | 78067 ||| Stepping ~*~*~tactically~*~*~ (stealth).
 78070 | Abyss:2  | 78070 ||| Stepping ~*~*~tactically~*~*~ (stealth).
 78072 | Abyss:2  | 78072 ||| Stepping ~*~*~tactically~*~*~ (stealth).
 78075 | Abyss:2  | 78075 ||| Stepping ~*~*~tactically~*~*~ (stealth).
 78076 | Abyss:2  | 78076 ||| Stepping ~*~*~tactically~*~*~ (stealth).
 78079 | Abyss:2  | 78079 ||| Stepping ~*~*~tactically~*~*~ (stealth).
 78082 | Abyss:2  | 78082 ||| Stepping ~*~*~tactically~*~*~ (stealth).
 78084 | Abyss:2  | 78084 ||| Stepping ~*~*~tactically~*~*~ (stealth).
 78085 | Abyss:2  | 78085 ||| Stepping ~*~*~tactically~*~*~ (stealth).
 78087 | Abyss:2  | 78087 ||| Stepping ~*~*~tactically~*~*~ (stealth).
 78090 | Abyss:2  | 78090 ||| Stepping ~*~*~tactically~*~*~ (stealth).
 78099 | Abyss:2  | Gained mutation: Armour fits poorly on your strangely
                  | shaped body. [a neqoxec]
 78115 | Abyss:2  | 78115 ||| Stepping ~*~*~tactically~*~*~ (stealth).
 78116 | Abyss:2  | 78116 ||| Stepping ~*~*~tactically~*~*~ (stealth).
 78117 | Abyss:2  | 78117 ||| Stepping ~*~*~tactically~*~*~ (stealth).
 78122 | Abyss:2  | 78122 ||| DRINKING 9 potions of mutation.
 78122 | Abyss:2  | Lost mutation: Armour fits poorly on your strangely shaped
                  | body. [potion of mutation]
 78122 | Abyss:2  | Lost mutation: You have a pair of small horns on your head.
                  | [potion of mutation]
 78122 | Abyss:2  | Lost mutation: You are partially covered in large bone
                  | plates. (SH +4) [potion of mutation]
 78122 | Abyss:2  | Lost mutation: You are partially covered in molten scales.
                  | (AC +2) [potion of mutation]
 78122 | Abyss:2  | Gained mutation: You are partially covered in icy blue
                  | scales. (AC +2) [potion of mutation]
 78122 | Abyss:2  | Gained mutation: You are frail. (-10% HP) [potion of
                  | mutation]
 78122 | Abyss:2  | Gained mutation: You are agile. (Dex +2) [potion of
                  | mutation]
 78122 | Abyss:2  | Gained mutation: You are partially covered in molten
                  | scales. (AC +2) [potion of mutation]
 78123 | Abyss:2  | 78123 ||| DRINKING 8 potions of mutation.
 78123 | Abyss:2  | Lost mutation: You are frail. (-10% HP) [potion of
                  | mutation]
 78123 | Abyss:2  | Lost mutation: You are agile. (Dex +2) [potion of mutation]
 78123 | Abyss:2  | Gained mutation: You have an increased reservoir of magic.
                  | (+10% MP) [potion of mutation]
 78123 | Abyss:2  | Gained mutation: Your flesh is cold resistant. (rC+)
                  | [potion of mutation]
 78123 | Abyss:2  | Gained mutation: You are partially covered in slimy green
                  | scales. (AC +2) [potion of mutation]
 78145 | Abyss:2  | 78145 ||| Stepping ~*~*~tactically~*~*~ (stealth).
 78151 | Abyss:2  | 78151 ||| Stepping ~*~*~tactically~*~*~ (stealth).
 78199 | Abyss:2  | 78199 ||| Stepping ~*~*~tactically~*~*~ (stealth).
 78207 | Abyss:2  | Gained mutation: Your body sometimes deteriorates upon
                  | taking damage. [a neqoxec]
 78208 | Abyss:2  | Lost mutation: Your body sometimes deteriorates upon taking
                  | damage. [a neqoxec]
 78220 | Abyss:2  | 78220 ||| Stepping ~*~*~tactically~*~*~ (stealth).
 78226 | Abyss:2  | 78226 ||| Stepping ~*~*~tactically~*~*~ (stealth).
 78230 | Abyss:2  | 78230 ||| Stepping ~*~*~tactically~*~*~ (hiding).
 78242 | Abyss:2  | 78242 ||| Stepping randomly (cloudy).
 78280 | Abyss:2  | 78280 ||| Stepping ~*~*~tactically~*~*~ (stealth).
 78282 | Abyss:2  | 78282 ||| Stepping ~*~*~tactically~*~*~ (stealth).
 78285 | Abyss:2  | 78285 ||| Stepping ~*~*~tactically~*~*~ (stealth).
 78301 | Abyss:2  | 78301 ||| Stepping ~*~*~tactically~*~*~ (stealth).
 78315 | Abyss:2  | 78315 ||| Stepping ~*~*~tactically~*~*~ (stealth).
 78319 | Abyss:2  | 78319 ||| Stepping ~*~*~tactically~*~*~ (stealth).
 78320 | Abyss:2  | 78320 ||| Stepping ~*~*~tactically~*~*~ (stealth).
 78324 | Abyss:2  | 78324 ||| Stepping ~*~*~tactically~*~*~ (stealth).
 78384 | Abyss:2  | 78384 ||| Stepping ~*~*~tactically~*~*~ (stealth).
 78446 | Abyss:3  | 78446 ||| Stepping ~*~*~tactically~*~*~ (stealth).
 78447 | Abyss:3  | 78447 ||| Stepping ~*~*~tactically~*~*~ (stealth).
 78448 | Abyss:3  | 78448 ||| Stepping ~*~*~tactically~*~*~ (stealth).
 78449 | Abyss:3  | 78449 ||| Stepping ~*~*~tactically~*~*~ (stealth).
 78450 | Abyss:3  | 78450 ||| Stepping ~*~*~tactically~*~*~ (stealth).
 78451 | Abyss:3  | 78451 ||| Stepping ~*~*~tactically~*~*~ (stealth).
 78530 | Abyss:3  | 78530 ||| Stepping ~*~*~tactically~*~*~ (stealth).
 78535 | Abyss:3  | 78535 ||| Stepping ~*~*~tactically~*~*~ (stealth).
 78536 | Abyss:3  | 78536 ||| Stepping ~*~*~tactically~*~*~ (stealth).
 78538 | Abyss:3  | 78538 ||| Stepping ~*~*~tactically~*~*~ (stealth).
 78566 | Abyss:3  | 78566 ||| Stepping ~*~*~tactically~*~*~ (stealth).
 78570 | Abyss:3  | 78570 ||| Stepping ~*~*~tactically~*~*~ (stealth).
 78589 | Abyss:3  | 78589 ||| EATING 53 rations.
 78591 | Abyss:3  | 78591 ||| Stepping ~*~*~tactically~*~*~ (stealth).
 78592 | Abyss:3  | 78592 ||| Stepping ~*~*~tactically~*~*~ (stealth).
 78593 | Abyss:3  | 78593 ||| Stepping ~*~*~tactically~*~*~ (stealth).
 78594 | Abyss:3  | 78594 ||| Stepping ~*~*~tactically~*~*~ (stealth).
 78595 | Abyss:3  | 78595 ||| Stepping ~*~*~tactically~*~*~ (stealth).
 78599 | Abyss:3  | 78599 ||| Stepping ~*~*~tactically~*~*~ (stealth).
 78627 | Abyss:3  | 78627 ||| Stepping ~*~*~tactically~*~*~ (stealth).
 78655 | Abyss:3  | 78655 ||| Stepping ~*~*~tactically~*~*~ (stealth).
 78662 | Abyss:3  | 78662 ||| Stepping ~*~*~tactically~*~*~ (stealth).
 78664 | Abyss:3  | 78664 ||| Stepping ~*~*~tactically~*~*~ (stealth).
 78671 | Abyss:3  | 78671 ||| Stepping ~*~*~tactically~*~*~ (stealth).
 78678 | Abyss:3  | 78678 ||| Stepping ~*~*~tactically~*~*~ (stealth).
 78680 | Abyss:3  | 78680 ||| Stepping ~*~*~tactically~*~*~ (stealth).
 78695 | Abyss:3  | 78695 ||| Stepping ~*~*~tactically~*~*~ (stealth).
 78699 | Abyss:3  | 78699 ||| Stepping ~*~*~tactically~*~*~ (stealth).
 78700 | Abyss:3  | 78700 ||| Stepping ~*~*~tactically~*~*~ (stealth).
 78701 | Abyss:3  | 78701 ||| Stepping ~*~*~tactically~*~*~ (stealth).
 78703 | Abyss:3  | 78703 ||| Stepping ~*~*~tactically~*~*~ (stealth).
 78731 | Abyss:3  | 78731 ||| Stepping ~*~*~tactically~*~*~ (stealth).
 78745 | Abyss:3  | 78745 ||| Stepping ~*~*~tactically~*~*~ (stealth).
 78746 | Abyss:3  | 78746 ||| Stepping ~*~*~tactically~*~*~ (stealth).
 78749 | Abyss:3  | 78749 ||| Stepping ~*~*~tactically~*~*~ (stealth).
 78760 | Abyss:3  | 78760 ||| Stepping ~*~*~tactically~*~*~ (stealth).
 78762 | Abyss:3  | 78762 ||| Stepping ~*~*~tactically~*~*~ (stealth).
 78788 | Abyss:3  | 78788 ||| Stepping ~*~*~tactically~*~*~ (stealth).
 78793 | Abyss:3  | Reached skill level 15 in Conjurations
 78793 | Abyss:3  | Reached skill level 15 in Hexes
 78793 | Abyss:3  | Reached skill level 15 in Charms
 78793 | Abyss:3  | Reached skill level 15 in Summonings
 78793 | Abyss:3  | Reached skill level 15 in Necromancy
 78793 | Abyss:3  | Reached skill level 15 in Translocations
 78793 | Abyss:3  | Reached skill level 15 in Transmutations
 78793 | Abyss:3  | Reached skill level 15 in Fire Magic
 78793 | Abyss:3  | Reached skill level 15 in Ice Magic
 78793 | Abyss:3  | Reached skill level 15 in Air Magic
 78793 | Abyss:3  | Reached skill level 15 in Earth Magic
 78793 | Abyss:3  | Reached skill level 15 in Poison Magic
 78827 | Abyss:3  | 78827 ||| Stepping ~*~*~tactically~*~*~ (stealth).
 78878 | Abyss:3  | 78878 ||| Stepping ~*~*~tactically~*~*~ (hiding).
 78919 | Abyss:3  | 78919 ||| Stepping ~*~*~tactically~*~*~ (stealth).
 78920 | Abyss:3  | 78920 ||| Stepping ~*~*~tactically~*~*~ (stealth).
 78933 | Abyss:3  | Found a glowing golden altar of the Shining One.
 79041 | Abyss:3  | Noticed a juggernaut
 79049 | Abyss:3  | Killed a juggernaut
 79065 | Abyss:3  | Got an abyssal rune of Zot
 79070 | Abyss:3  | Found a glowing golden altar of the Shining One.
 79083 | Abyss:3  | 79083 ||| Stepping ~*~*~tactically~*~*~ (stealth).
 79099 | Abyss:3  | 79099 ||| Stepping ~*~*~tactically~*~*~ (stealth).
 79101 | Abyss:3  | 79101 ||| Stepping ~*~*~tactically~*~*~ (stealth).
 79102 | Abyss:3  | 79102 ||| Stepping ~*~*~tactically~*~*~ (hiding).
 79104 | Abyss:3  | 79104 ||| INVOKING Slouch.
 79105 | Abyss:3  | 79105 ||| INVOKING Slouch.
 79106 | Abyss:3  | 79106 ||| INVOKING Slouch.
 79107 | Abyss:3  | 79107 ||| INVOKING Slouch.
 79108 | Abyss:3  | 79108 ||| INVOKING Slouch.
 79113 | Abyss:3  | 79113 ||| Stepping ~*~*~tactically~*~*~ (hiding).
 79169 | Depths:2 | Escaped the Abyss
 80098 | Slime:1  | Entered Level 1 of the Pits of Slime
 80099 | Slime:1  | 80099 ||| Entered M.
 80209 | Lair:6   | 80209 ||| UPGRADING to +2 pair of boots.
 80219 | Lair:6   | 80219 ||| UPGRADING to ring "Ylympe" {rF+ rCorr Int+4}.
 80221 | Lair:6   | 80221 ||| UPGRADING to ring of the Raven {rC+ EV+4 Str+3
                  | Int+3}.
 80246 | Slime:2  | 80246 ||| READING 2 scrolls of teleportation.
 80247 | Slime:2  | 80247 ||| Stepping randomly (stuck).
 80254 | Slime:2  | Reached skill level 18 in Axes
 80440 | Slime:3  | 80440 ||| STAIRDANCE
 80446 | Slime:3  | 80446 ||| STAIRDANCE
 80465 | Slime:2  | Reached skill level 18 in Maces & Flails
 80469 | Slime:2  | 80469 ||| READING scroll of teleportation.
 80470 | Slime:2  | 80470 ||| Stepping randomly (stuck).
 80482 | Slime:2  | 80482 ||| Stepping randomly (stuck).
 80483 | Slime:2  | 80483 ||| Stepping randomly (stuck).
 80484 | Slime:2  | 80484 ||| Stepping randomly (stuck).
 80484 | Slime:2  | HP: 45/218 [acid (14)]
 80485 | Slime:2  | 80485 ||| Stepping randomly (stuck).
 80486 | Slime:2  | 80486 ||| Stepping randomly (stuck).
 81080 | Slime:4  | 81080 ||| INVOKING Slouch.
 81094 | Slime:4  | Reached skill level 19 in Invocations
 81190 | Slime:5  | Entered Level 5 of the Pits of Slime
 81429 | Slime:5  | Noticed the Royal Jelly
 81435 | Slime:5  | 81435 ||| INVOKING Slouch.
 81441 | Slime:5  | 81441 ||| DRINKING 8 potions of cancellation.
 81453 | Slime:5  | HP: 31/218 [the Royal Jelly (24)]
 81454 | Slime:5  | 81454 ||| DRINKING 2 potions of heal wounds.
 81455 | Slime:5  | 81455 ||| DRINKING potion of heal wounds.
 81457 | Slime:5  | HP: 15/219 [acid[the Royal Jelly] (4)]
 81458 | Slime:5  | Killed the Royal Jelly
 81458 | Slime:5  | Slain by a death ooze

Levels and vault maps discovered:
D:1:      nzn_arrival_crosshair, layout_basic
D:2:      layout_basic, vehumet_crystals, first_ration, kennysheep_slug_shrine
D:3:      minmay_wonky_spiral, layout_basic, lemuel_coloured_pillars_altar,
          minivault_19, minmay_crystal_room, minmay_fractal_squares_diagonal_5
D:4:      layout_basic, kennysheep_mini_moat
D:5:      layout_basic, minmay_temple_entry_overgrown, uniq_grinder
D:6:      layout_loops_ring, nicolae_zen_rock_garden, uniq_crazy_yiuf_cottage,
          uniq_edmund
D:7:      minmay_the_grid_octo_triangle [minmay_the_grid_octo_checkerflower,
          minmay_the_grid_octo_prize_star, minmay_the_grid_octo_77],
          layout_rooms, fedhas_altar_decomposition,
          nicolae_ossuary_entry_false_entrances, serial_shops, shop,
          grunt_ogre_cave, uniq_pikel, uniq_menkaure
D:8:      layout_rooms, minitemple, special_room [special_room_orc],
          hangedman_decor_clover_reticule, minmay_guarded_unrand_finisher
D:9:      layout_roguey, kennysheep_mini, erik_lair_orcish_takeover
D:10:     kennysheep_blocky_room, layout_long_grid, uniq_sonja, uniq_harold
D:11:     layout_loops_ring, minmay_orc_entry_guard_dogs, grunt_ministairs_12,
          grunt_decor_arrowhead, uniq_fannar
D:12:     layout_stronghold, serial_rivers, chequers_serial_rivers_room_a,
          chequers_serial_rivers_micro_a, chequers_serial_rivers_room_a,
          chequers_serial_rivers_micro_a, gammafunk_ghost_wrathful_warriors
D:13:     layout_irregular_city, ximxim_vaults_locker_room
D:14:     layout_loops_ring, hangedman_decor_riveting
D:15:     hangedman_depths_entry_try_elsewhere_first, layout_long_grid,
          portal_ice_cave_demonic_guard, grunt_decor_fettered, serial_shops,
          nicolae_shop_temple_entry_statues_fountains
Lair:1:   layout_chaotic_city, beast_lair_carwin_3, lemuel_fruit_fields,
          grunt_megastairs_3
Lair:2:   layout_cave_pods, minmay_shoals_entry_beasts, spider_nest_entry_rubble
Lair:3:   layout_regular_city, minivault_11, roderic_batcave
Lair:4:   layout_cave_pods, serial_rivers, chequers_serial_rivers_large_a,
          chequers_serial_rivers_micro_e, chequers_serial_rivers_micro_b,
          chequers_serial_rivers_micro_b, chequers_serial_rivers_micro_b,
          chequers_serial_rivers_micro_c
Lair:5:   layout_gridlike, columned_hall_lemuel, serial_bayou_pond_d
Lair:6:   hangedman_lair_tendril_chambers, layout_regular_city, slime_altar_1,
          st_stairs_4
Shoals:1: layout_shoals, serial_shops, shop
Shoals:2: layout_shoals, serial_shops,
          nicolae_shop_temple_entry_statues_fountains, gammafunk_ghost_split
Shoals:3: layout_shoals, serial_shops, shop_statue, uniq_polyphemus, uniq_ilsuiw
Shoals:4: shoals_end_simple, layout_shoals
Spider:1: layout_spider_delve, uniq_kirke
Spider:2: layout_spider_delve, gammafunk_ghost_tricky_traps, uniq_arachne
Spider:3: layout_spider_delve, drop_trap
Spider:4: grunt_spider_rune_parallel, guppyfry_spider_mini_1, uniq_louise
Slime:1:  layout_caves
Slime:2:  layout_caves, cheibrodos_slime_lost_civilization_7
Slime:3:  layout_caves
Slime:4:  layout_caves
Slime:5
Orc:1:    layout_caves, nicolae_volcano_entry_vermiform
Orc:2:    st_orc_pillars, layout_caves, uniq_saint_roka
Elf:1:    minmay_elf_arrival_summoners, layout_geoelf_diagonals, serial_shops,
          shop, minivault_28
Elf:2:    layout_geoelf_diagonals, serial_shops, shop
Elf:3:    minmay_elf_hall_spiked, layout_onion_city, serial_shops, shop,
          grunt_ministairs_1
Vaults:1: v_misc_33, ontoclasm_vaults_misaligned, v_pattern_5,
          nicolae_vaults_network_square, v_misc_31, vaults_dpeg_spiral,
          vaults_mumra_hexcomb, vaults_room_hangedman_quadrants,
          layout_vaults_omnigrid, uniq_nikola
Vaults:2: v_rooms_4, grunt_vaults_diagonal, v_misc_3, v_misc_12,
          minmay_crypt_entry_simple_walls, nicolae_vaults_alarming, v_misc_10,
          st_spiral_rooms, v_misc_15, nicolae_vaults_little_squares_6,
          dpeg_vaults_monster_box, v_misc_17, layout_vaults_omnibox, uniq_mennas
Vaults:3: hangedman_vaults_nodes, ontoclasm_vaults_eye,
          nicolae_vaults_stairing_the_circle, v_misc_9,
          vaults_dpeg_encased_lava, v_misc_19, ontoclasm_vaults_ring_large,
          v_pattern_4, nicolae_vaults_diagonal_hallway_7,
          hangedman_vaults_nails, vaults_dpeg_cross, nicolae_vaults_theta,
          layout_vaults_ring
Vaults:4: grunt_vaults_bifocal, nicolae_vaults_statue_guard,
          nicolae_vaults_hallways_thing, v_misc_33, vaults_room_hallway,
          nicolae_vaults_theta, nicolae_vaults_mini_display_case, v_misc_2,
          vaults_mumra_hex, hangedman_vaults_trim, vaults_room_semicircle,
          vaults_room_door_ring, vaults_room_pool, layout_vaults_omnicross
Vaults:5
Crypt:1:  layout_catacombs, grunt_ministairs_14, serial_sigils_hangedman_shear,
          glass_columns_a, evilmike_ambush [evilmike_ambush_outer_pillars,
          evilmike_ambush_inner_basic], grunt_crypt_arrival_split, uniq_sojobo,
          uniq_khufu, uniq_margery, uniq_jory
Crypt:2:  layout_basic, uniq_xtahua, uniq_frederick
Crypt:3:  cryptofortress_bobbens
Depths:1: layout_cave_shapes, kennysheep_another_room, hell_entry,
          minmay_misc_feat_square, wheals_unrand_guarded_autumn_katana,
          serial_bayou_shore_b
Depths:2: evilmike_inaccessible_box, layout_cross,
          grunt_hell_entry_demonic_statue, serial_shops,
          nicolae_shop_temple_entry_statues_fountains, grunt_decor_cap,
          hangedman_abyss_entry_splay, kennysheep_decorative_pillar,
          dk_noncrumbling_4, grunt_ministairs_2
Depths:3: pf_snail_temple, layout_gridlike, hangedman_decor_peaks_small,
          rand_demon_pan_entry_4, grunt_hell_entry_dis_mu, serial_bayou_shore_b,
          serial_bayou_shore_a, minmay_staircase_bubble
Depths:4: constructs_gauntlet_mu_hangedman, layout_small_grid, enter_ziggurat_d,
          minmay_stone_trees_small, abyss_entry, hell_entry,
          chequers_serial_rivers_micro_e, infiniplex_staircase_zigzag_1
Depths:5: grunt_zot_entry_bicorn, layout_cave_shapes, pf_coc_iceberg,
          kennysheep_treasure_room

Skill      XL: |  1  2  3  4  5  6  7  8  9 10 11 12 13 14 15 16 17 18 19 20 21 22 23 24 25 26 27 |
---------------+----------------------------------------------------------------------------------+-----
Invocations    | 1 2 3 4 5 6 7 8 9 10 11 12 13 14 15 16 17 18 19 | 19.1
Short Blades   | 1 2 3 4 5 6 7 8 9 10 11 12 13 14 15 16 17 | 17.7
Long Blades    | 1 2 3 4 5 6 7 8 9 10 11 12 13 14 15 16 17 | 17.7
Maces & Flails | 1 2 3 4 5 6 7 8 9 10 11 12 13 14 15 16 17 18 | 18.3
Polearms       | 1 2 3 4 5 6 7 8 9 10 11 12 13 14 15 16 17 | 17.7
Staves         | 1 2 3 4 5 6 7 8 9 10 11 12 13 14 15 16 17 | 17.7
Slings         | 1 2 3 4 5 6 7 8 9 10 11 12 13 14 15 16 17 | 17.7
Bows           | 1 2 3 4 5 6 7 8 9 10 11 12 13 14 15 16 17 | 17.7
Crossbows      | 1 2 3 4 5 6 7 8 9 10 11 12 13 14 15 16 17 | 17.7
Throwing       | 1 2 3 4 5 6 7 8 9 10 11 12 13 14 15 16 17 | 17.7
Dodging        | 1 2 3 4 5 6 7 8 9 10 11 12 13 14 15 16 17 | 17.7
Stealth        | 1 2 3 4 5 6 7 8 9 10 11 12 13 14 15 16 17 | 17.7
Unarmed Combat | 1 2 3 4 5 6 7 8 9 10 11 12 13 14 15 16 17 | 17.7
Spellcasting   | 1 2 3 4 5 6 7 8 9 10 11 12 13 14 15 16 17 | 17.7
Evocations     | 1 2 3 4 5 6 7 8 9 10 11 12 13 14 15 16 17 | 17.7
Conjurations   | 1 2 3 4 5 6 7 8 9 10 11 12 13 14 15 | 15.3
Hexes          | 1 2 3 4 5 6 7 8 9 10 11 12 13 14 15 | 15.3
Charms         | 1 2 3 4 5 6 7 8 9 10 11 12 13 14 15 | 15.3
Summonings     | 1 2 3 4 5 6 7 8 9 10 11 12 13 14 15 | 15.3
Necromancy     | 1 2 3 4 5 6 7 8 9 10 11 12 13 14 15 | 15.3
Translocations | 1 2 3 4 5 6 7 8 9 10 11 12 13 14 15 | 15.3
Transmutations | 1 2 3 4 5 6 7 8 9 10 11 12 13 14 15 | 15.3
Fire Magic     | 1 2 3 4 5 6 7 8 9 10 11 12 13 14 15 | 15.3
Ice Magic      | 1 2 3 4 5 6 7 8 9 10 11 12 13 14 15 | 15.3
Air Magic      | 1 2 3 4 5 6 7 8 9 10 11 12 13 14 15 | 15.3
Earth Magic    | 1 2 3 4 5 6 7 8 9 10 11 12 13 14 15 | 15.3
Poison Magic   | 1 2 3 4 5 6 7 8 9 10 11 12 13 14 15 | 15.3
Axes           | 5 6 7 8 9 10 11 12 13 14 15 16 17 18 | 18.2
Fighting       | 7 8 9 10 11 12 13 14 15 16 17 18 | 18.6
Armour         | 7 8 9 10 11 12 13 14 15 16 17 18 | 18.6
Shields        | 7 8 9 10 11 12 13 14 15 16 17 18 | 18.6

Action                   |  1- 3 |  4- 6 |  7- 9 | 10-12 | 13-15 | 16-18 | 19-21 | 22-24 | 25-27 || total
-------------------------+-------+-------+-------+-------+-------+-------+-------+-------+-------++-------
Melee: War axe           |    60 |   148 |   186 |   519 |   240 |       |       |       |       ||  1153
       Bite              |     6 |    12 |    35 |   110 |   179 |   130 |   233 |   214 |   344 ||  1263
       Headbutt          |       |       |    43 |   203 |   326 |   225 |   420 |   358 |   460 ||  2035
       Morningstar       |       |       |       |    11 |    25 |       |       |       |       ||    36
       Broad axe         |       |       |       |       |   541 |   686 |  1176 |   986 |  1649 ||  5038
Throw: Javelin           |       |       |       |       |    16 |    12 |     7 |       |       ||    35
 Cast: Poisonous Vapours |       |       |       |       |   203 |       |       |       |       ||   203
       Airstrike         |       |       |       |       |    10 |   168 |   119 |    85 |    40 ||   422
       Shadow Creatures  |       |       |       |       |       |       |       |       |    70 ||    70
       Ignition          |       |       |       |       |       |       |       |       |     8 ||     8
Invok: Slouch            |       |       |       |     4 |     8 |    15 |    18 |    13 |    21 ||    79
       Step From Time    |       |       |       |       |       |       |       |     5 |       ||     5
  Use: Scroll            |     3 |     7 |     7 |     8 |    11 |     6 |     8 |    11 |    15 ||    76
       Potion            |     2 |     3 |     7 |       |     1 |     2 |     3 |    26 |     6 ||    50
 Stab: Distracted        |       |       |       |       |       |     2 |     2 |     4 |    27 ||    35
       Held in net/web   |       |       |       |       |       |     1 |     1 |       |       ||     2
       Sleeping          |       |       |       |       |       |     2 |     2 |     3 |     7 ||    14
       Petrified         |       |       |       |       |       |       |     1 |       |       ||     1
  Eat: Chunk             |       |     5 |     3 |     8 |    16 |     8 |    13 |     5 |     7 ||    65
       Ration            |       |       |       |     2 |     2 |     3 |     4 |     6 |     9 ||    26
Armor: Scale mail        |    17 |    28 |       |       |       |       |       |       |       ||    45
       Chain mail        |       |    11 |    52 |    38 |       |       |       |       |       ||   101
       Plate armour      |       |       |       |   154 |   217 |   250 |   377 |   330 |   301 ||  1629
Dodge: Dodged            |     5 |    29 |    42 |   173 |   300 |   311 |   545 |   448 |   542 ||  2395
Block: Kite shield       |    20 |    98 |   131 |   488 |   815 |   600 |       |       |       ||  2152
       Reflection        |       |       |       |       |     9 |    50 |   144 |    75 |    88 ||   366
       Tower shield      |       |       |       |       |       |   415 |  1838 |  1422 |  1970 ||  5645

Table legend:
 A = Non-vault XP
 B = Vault XP
 C = Vault XP percentage of total XP
 D = Non-vault monster count
 E = Vault monster count
 F = Vault count percentage of total count
                 A         B        C        D         E       F
            +---------+---------+-------+---------+---------+-------
      Total |  805703 |  674421 |  45.6 |    1701 |     899 |  34.6
            +---------+---------+-------+---------+---------+-------
        D:1 |      28 |       0 |   0.0 |      16 |       0 |   0.0
        D:2 |      68 |       4 |   5.6 |      15 |       1 |   6.2
        D:3 |     259 |      30 |  10.4 |      22 |       7 |  24.1
        D:4 |     172 |       0 |   0.0 |      14 |       0 |   0.0
        D:5 |      47 |     258 |  84.6 |       3 |       1 |  25.0
        D:6 |     641 |     162 |  20.2 |      23 |       1 |   4.2
        D:7 |     881 |    3877 |  81.5 |      17 |      25 |  59.5
        D:8 |     452 |    1643 |  78.4 |       7 |      32 |  82.1
        D:9 |    3796 |     585 |  13.4 |      50 |       7 |  12.3
       D:10 |     641 |    3368 |  84.0 |       8 |       9 |  52.9
       D:11 |    4518 |    2225 |  33.0 |      36 |       7 |  16.3
       D:12 |    4597 |       0 |   0.0 |      35 |       0 |   0.0
       D:13 |    3629 |    4498 |  55.3 |      24 |      15 |  38.5
       D:14 |    2684 |       0 |   0.0 |      17 |       0 |   0.0
       D:15 |   34413 |    3706 |   9.7 |      53 |       6 |  10.2
     Lair:1 |    2508 |     922 |  26.9 |      10 |       4 |  28.6
     Lair:2 |    3827 |     973 |  20.3 |      16 |       3 |  15.8
     Lair:3 |    3365 |      63 |   1.8 |      15 |       9 |  37.5
     Lair:4 |    3476 |       0 |   0.0 |      11 |       0 |   0.0
     Lair:5 |    3835 |    1273 |  24.9 |      14 |       6 |  30.0
     Lair:6 |   13961 |    9500 |  40.5 |      53 |      32 |  37.6
   Shoals:1 |   12123 |       0 |   0.0 |      25 |       0 |   0.0
   Shoals:2 |   19268 |       0 |   0.0 |      43 |       0 |   0.0
   Shoals:3 |   12742 |    9532 |  42.8 |      31 |       9 |  22.5
   Shoals:4 |   22262 |   22302 |  50.0 |      45 |      36 |  44.4
   Spider:1 |   18474 |    3134 |  14.5 |      42 |       6 |  12.5
   Spider:2 |   30425 |    3706 |  10.9 |      81 |       1 |   1.2
   Spider:3 |   10538 |       0 |   0.0 |      32 |       0 |   0.0
   Spider:4 |   17905 |   27623 |  60.7 |      42 |      57 |  57.6
    Slime:1 |    5430 |       0 |   0.0 |       9 |       0 |   0.0
    Slime:2 |   14439 |    4567 |  24.0 |      16 |       3 |  15.8
    Slime:3 |    5796 |       0 |   0.0 |      12 |       0 |   0.0
    Slime:4 |    7773 |       0 |   0.0 |      11 |       0 |   0.0
    Slime:5 |    9612 |   24773 |  72.0 |      10 |       7 |  41.2
      Orc:1 |    1360 |       0 |   0.0 |      19 |       0 |   0.0
      Orc:2 |    5741 |   16414 |  74.1 |      35 |      72 |  67.3
      Elf:1 |   11710 |   10447 |  47.1 |      21 |      18 |  46.2
      Elf:2 |   15708 |     913 |   5.5 |      28 |       1 |   3.4
      Elf:3 |    8922 |   44609 |  83.3 |      16 |      31 |  66.0
   Vaults:1 |   21277 |   18086 |  45.9 |      37 |      26 |  41.3
   Vaults:2 |   27979 |   41817 |  59.9 |      49 |      47 |  49.0
   Vaults:3 |   27657 |   18259 |  39.8 |      43 |      30 |  41.1
   Vaults:4 |   20257 |   38167 |  65.3 |      22 |      46 |  67.6
   Vaults:5 |   19067 |  109579 |  85.2 |      32 |      77 |  70.6
    Crypt:1 |   31448 |   52551 |  62.6 |      50 |      38 |  43.2
    Crypt:2 |   33963 |    9900 |  22.6 |      42 |       2 |   4.5
    Crypt:3 |       0 |   61295 | 100.0 |       0 |      89 | 100.0
   Depths:1 |   25841 |    8946 |  25.7 |      31 |       5 |  13.9
   Depths:2 |   38691 |   10201 |  20.9 |      54 |      31 |  36.5
   Depths:3 |   29869 |   54954 |  64.8 |      42 |      56 |  57.1
   Depths:4 |   34404 |    2603 |   7.0 |      38 |       7 |  15.6
   Depths:5 |   66078 |   29660 |  31.0 |      46 |      17 |  27.0
    Abyss:1 |    5345 |       0 |   0.0 |       6 |       0 |   0.0
    Abyss:2 |   47800 |    1762 |   3.6 |     120 |       3 |   2.4
    Abyss:3 |   58001 |   15373 |  21.0 |     112 |       8 |   6.7
    Ossuary |       0 |     161 | 100.0 |       0 |      11 | 100.0
            +---------+---------+-------+---------+---------+-------
